Workbook

Sheet DATA INPUT
T1: OFFICIAL RESULTS | AB1: BETFAIR LAY | AD1: RACING ODDS COMPARISON | AK1: SPORTS BEST ODDS AND LINE - EMAIL | AS1: Win
A2: DATE | B2: ANALYST | C2: TIME SENT | D2: EVENT DAY | E2: STATE | F2: LOCATION | G2: SPORT | H2: EVENT | I2: RACE | J2: NO. | K2: SELECTION | L2: UNITS INVESTED | M2: RATED PRICE | N2: BFSP | O2: BET TYPE | Q2: BET TYPE | R2: ODDS | S2: RESULT | T2: UNITS COLLECTED | U2: P/L | V2: CUMULATIVE P/L | W2: CUMULATIVE UNITS INVESTED | X2: POT% | Y2: ROI% | Z2: PROFIT ($100 UNIT) | AA2: BET WIN LOSE | AB2: PRICE | AC2: COMMISION | AD2: EMAIL ODDS | AE2: AVAILABLE ODDS | AF2: BEST FIXED EMAIL SENT | AG2: BEST FIXED CLOSING | AH2: BETFAIR SP | AI2: BOB/BTSP | AJ2: BEST TOTE | AK2: AGENCY | AL2: EMAIL BEST LINE / TOTAL | AM2: EMAIL BEST ODDS | AN2: RESULT | AO2: CLOSING LINE | AP2: CLOSING PINNACLE | AQ2: CLOSING BETFAIR | AR2: BET ADVICE | AS2: EMAIL | AT2: BTSP | AU2: TOP FLUC | AV2: BFSP Converted P&L Less Commission | AW2: BFSP Price Less Commission | AX2: Map | AY2: Resuming | AZ2: Rated Price is higher than BFSP | BA2: PRICE DEDUCTION | BB2: BFSP Profit Before commission | BC2: Race profit before commission | BD2: Race profit after commission | BE2: BFSP Converted P&L Less Commission | BF2: Races | BG2: Wins | BH2: Strike Rate
A3: 46267 | C3: 11.09 | D3: Wed | E3: NSW | H3: Warwick Farm | I3: 2 | J3: 2 | K3: Albert Palais | L3: 0.5 | M3: 11.5 | N3: 11.5 | O3: BFSP | Q3: Win | R3: 10.66 | S3: un | T3: =IF(($AA3="W"),ROUND(($L3*$R3),2),"0.00") -> 0.00 | U3: =BE3 -> -0.5 | V3: =U3 -> -0.5 | W3: =L3 -> 0.5 | X3: =SUM(V3/W3) -> -1 | Y3: =V3/100 -> -0.005 | Z3: =V3*100 -> -50 | AA3: L | AT3: 2.05 | AU3: 2.05 | AV3: =((N3*(L3))-(L3)) -> 5.25 | AW3: =0.92*(N3-1)+1 -> 10.66 | AZ3: =IF(N3>=M3,"Yes","No") -> Yes | BB3: =IF(AA3="W", L3*(N3-1), -L3 ) -> -0.5 | BC3: =SUMIFS( $BB:$BB, $A:$A,$A3, $H:$H,$H3, $I:$I,$I3 ) -> -1.5 | BD3: =IF(BC3>0, BC3*0.92, BC3) -> -1.5 | BE3: =IF( BC3>0, IF( AA3="W", BB3 - (BC3 - BD3), BB3 ), BB3 ) -> -0.5 | BF3: {=SUMPRODUCT((1/COUNTIFS($A$3:$A3,$A$3:$A3,$H$3:$H3,$H$3:$H3,$I$3:$I3,$I$3:$I3)))} -> 1 | BG3: 0 | BH3: =BG3/BF3 -> 0
A4: 46267 | C4: 11.09 | D4: Wed | E4: NSW | H4: Warwick Farm | I4: 2 | J4: 10 | K4: Wonka | L4: 0.5 | M4: 13 | N4: 13 | O4: BFSP | Q4: Win | R4: 12.04 | S4: 3 | T4: =IF(($AA4="W"),ROUND(($L4*$R4),2),"0.00") -> 0.00 | U4: =BE4 -> -0.5 | V4: =V3+U4 -> -1 | W4: =W3+L4 -> 1 | X4: =SUM(V4/W4) -> -1 | Y4: =V4/100 -> -0.01 | Z4: =V4*100 -> -100 | AA4: L | AT4: 6.1 | AU4: 5.5 | AV4: =((N4*(L4))-(L4)) -> 6 | AW4: =0.92*(N4-1)+1 -> 12.04 | AZ4: =IF(N4>=M4,"Yes","No") -> Yes | BB4: =IF(AA4="W", L4*(N4-1), -L4 ) -> -0.5 | BC4: =SUMIFS( $BB:$BB, $A:$A,$A4, $H:$H,$H4, $I:$I,$I4 ) -> -1.5 | BD4: =IF(BC4>0, BC4*0.92, BC4) -> -1.5 | BE4: =IF( BC4>0, IF( AA4="W", BB4 - (BC4 - BD4), BB4 ), BB4 ) -> -0.5 | BF4: {=SUMPRODUCT((1/COUNTIFS($A$3:$A4,$A$3:$A4,$H$3:$H4,$H$3:$H4,$I$3:$I4,$I$3:$I4)))} -> 1 | BG4: 0 | BH4: =BG4/BF4 -> 0
A5: 46267 | C5: 11.09 | D5: Wed | E5: NSW | H5: Warwick Farm | I5: 2 | J5: 16 | K5: Your Colour | L5: 0.5 | M5: 24 | N5: 30.6 | O5: BFSP | Q5: Win | R5: 28.232 | S5: un | T5: =IF(($AA5="W"),ROUND(($L5*$R5),2),"0.00") -> 0.00 | U5: =BE5 -> -0.5 | V5: =V4+U5 -> -1.5 | W5: =W4+L5 -> 1.5 | X5: =SUM(V5/W5) -> -1 | Y5: =V5/100 -> -0.015 | Z5: =V5*100 -> -150 | AA5: L | AT5: 15.4 | AU5: 11 | AV5: =((N5*(L5))-(L5)) -> 14.8 | AW5: =0.92*(N5-1)+1 -> 28.232 | AZ5: =IF(N5>=M5,"Yes","No") -> Yes | BB5: =IF(AA5="W", L5*(N5-1), -L5 ) -> -0.5 | BC5: =SUMIFS( $BB:$BB, $A:$A,$A5, $H:$H,$H5, $I:$I,$I5 ) -> -1.5 | BD5: =IF(BC5>0, BC5*0.92, BC5) -> -1.5 | BE5: =IF( BC5>0, IF( AA5="W", BB5 - (BC5 - BD5), BB5 ), BB5 ) -> -0.5 | BF5: {=SUMPRODUCT((1/COUNTIFS($A$3:$A5,$A$3:$A5,$H$3:$H5,$H$3:$H5,$I$3:$I5,$I$3:$I5)))} -> 1 | BG5: 0 | BH5: =BG5/BF5 -> 0
A6: 46267 | C6: 11.09 | D6: Wed | E6: NSW | H6: Warwick Farm | I6: 3 | J6: 6 | K6: Sunburnt Country | L6: 0.5 | M6: 19.5 | N6: 39 | O6: BFSP | Q6: Win | R6: 35.96 | S6: un | T6: =IF(($AA6="W"),ROUND(($L6*$R6),2),"0.00") -> 0.00 | U6: =BE6 -> -0.5 | V6: =V5+U6 -> -2 | W6: =W5+L6 -> 2 | X6: =SUM(V6/W6) -> -1 | Y6: =V6/100 -> -0.02 | Z6: =V6*100 -> -200 | AA6: L | AT6: 34.8 | AU6: 26 | AV6: =((N6*(L6))-(L6)) -> 19 | AW6: =0.92*(N6-1)+1 -> 35.96 | AZ6: =IF(N6>=M6,"Yes","No") -> Yes | BB6: =IF(AA6="W", L6*(N6-1), -L6 ) -> -0.5 | BC6: =SUMIFS( $BB:$BB, $A:$A,$A6, $H:$H,$H6, $I:$I,$I6 ) -> -1 | BD6: =IF(BC6>0, BC6*0.92, BC6) -> -1 | BE6: =IF( BC6>0, IF( AA6="W", BB6 - (BC6 - BD6), BB6 ), BB6 ) -> -0.5 | BF6: {=SUMPRODUCT((1/COUNTIFS($A$3:$A6,$A$3:$A6,$H$3:$H6,$H$3:$H6,$I$3:$I6,$I$3:$I6)))} -> 2 | BG6: 0 | BH6: =BG6/BF6 -> 0
A7: 46267 | C7: 11.09 | D7: Wed | E7: NSW | H7: Warwick Farm | I7: 3 | J7: 7 | K7: Proxima Centauri | L7: 0.5 | M7: 9.2 | N7: 9.95 | O7: BFSP | Q7: Win | R7: 9.234 | S7: un | T7: =IF(($AA7="W"),ROUND(($L7*$R7),2),"0.00") -> 0.00 | U7: =BE7 -> -0.5 | V7: =V6+U7 -> -2.5 | W7: =W6+L7 -> 2.5 | X7: =SUM(V7/W7) -> -1 | Y7: =V7/100 -> -0.025 | Z7: =V7*100 -> -250 | AA7: L | AT7: 9.9 | AU7: 8.5 | AV7: =((N7*(L7))-(L7)) -> 4.475 | AW7: =0.92*(N7-1)+1 -> 9.234 | AZ7: =IF(N7>=M7,"Yes","No") -> Yes | BB7: =IF(AA7="W", L7*(N7-1), -L7 ) -> -0.5 | BC7: =SUMIFS( $BB:$BB, $A:$A,$A7, $H:$H,$H7, $I:$I,$I7 ) -> -1 | BD7: =IF(BC7>0, BC7*0.92, BC7) -> -1 | BE7: =IF( BC7>0, IF( AA7="W", BB7 - (BC7 - BD7), BB7 ), BB7 ) -> -0.5 | BF7: {=SUMPRODUCT((1/COUNTIFS($A$3:$A7,$A$3:$A7,$H$3:$H7,$H$3:$H7,$I$3:$I7,$I$3:$I7)))} -> 2 | BG7: 0 | BH7: =BG7/BF7 -> 0
A8: 46267 | C8: 11.09 | D8: Wed | E8: NSW | H8: Warwick Farm | I8: 4 | J8: 9 | K8: Motoscafo | L8: 0.5 | M8: 10.5 | N8: 11 | O8: BFSP | Q8: Win | R8: 10.2 | S8: un | T8: =IF(($AA8="W"),ROUND(($L8*$R8),2),"0.00") -> 0.00 | U8: =BE8 -> -0.5 | V8: =V7+U8 -> -3 | W8: =W7+L8 -> 3 | X8: =SUM(V8/W8) -> -1 | Y8: =V8/100 -> -0.03 | Z8: =V8*100 -> -300 | AA8: L | AT8: 11.3 | AU8: 11 | AV8: =((N8*(L8))-(L8)) -> 5 | AW8: =0.92*(N8-1)+1 -> 10.2 | AZ8: =IF(N8>=M8,"Yes","No") -> Yes | BB8: =IF(AA8="W", L8*(N8-1), -L8 ) -> -0.5 | BC8: =SUMIFS( $BB:$BB, $A:$A,$A8, $H:$H,$H8, $I:$I,$I8 ) -> -1 | BD8: =IF(BC8>0, BC8*0.92, BC8) -> -1 | BE8: =IF( BC8>0, IF( AA8="W", BB8 - (BC8 - BD8), BB8 ), BB8 ) -> -0.5 | BF8: {=SUMPRODUCT((1/COUNTIFS($A$3:$A8,$A$3:$A8,$H$3:$H8,$H$3:$H8,$I$3:$I8,$I$3:$I8)))} -> 3 | BG8: 0 | BH8: =BG8/BF8 -> 0
A9: 46267 | C9: 11.09 | D9: Wed | E9: NSW | H9: Warwick Farm | I9: 4 | J9: 11 | K9: Savoonga | L9: 0.5 | M9: 9.4 | N9: 9.4 | O9: BFSP | Q9: Win | R9: 8.728 | S9: un | T9: =IF(($AA9="W"),ROUND(($L9*$R9),2),"0.00") -> 0.00 | U9: =BE9 -> -0.5 | V9: =V8+U9 -> -3.5 | W9: =W8+L9 -> 3.5 | X9: =SUM(V9/W9) -> -1 | Y9: =V9/100 -> -0.035 | Z9: =V9*100 -> -350 | AA9: L | AT9: 8.5 | AU9: 7.5 | AV9: =((N9*(L9))-(L9)) -> 4.2 | AW9: =0.92*(N9-1)+1 -> 8.728 | AZ9: =IF(N9>=M9,"Yes","No") -> Yes | BB9: =IF(AA9="W", L9*(N9-1), -L9 ) -> -0.5 | BC9: =SUMIFS( $BB:$BB, $A:$A,$A9, $H:$H,$H9, $I:$I,$I9 ) -> -1 | BD9: =IF(BC9>0, BC9*0.92, BC9) -> -1 | BE9: =IF( BC9>0, IF( AA9="W", BB9 - (BC9 - BD9), BB9 ), BB9 ) -> -0.5 | BF9: {=SUMPRODUCT((1/COUNTIFS($A$3:$A9,$A$3:$A9,$H$3:$H9,$H$3:$H9,$I$3:$I9,$I$3:$I9)))} -> 3 | BG9: 0 | BH9: =BG9/BF9 -> 0
A10: 46267 | C10: 11.09 | D10: Wed | E10: NSW | H10: Warwick Farm | I10: 5 | J10: 1 | K10: Hellbent On You | L10: 0.5 | M10: 30 | N10: 50.81 | O10: BFSP | Q10: Win | R10: 46.8252 | S10: un | T10: =IF(($AA10="W"),ROUND(($L10*$R10),2),"0.00") -> 0.00 | U10: =BE10 -> -0.5 | V10: =V9+U10 -> -4 | W10: =W9+L10 -> 4 | X10: =SUM(V10/W10) -> -1 | Y10: =V10/100 -> -0.04 | Z10: =V10*100 -> -400 | AA10: L | AT10: 50.5 | AU10: 31 | AV10: =((N10*(L10))-(L10)) -> 24.905 | AW10: =0.92*(N10-1)+1 -> 46.8252 | AZ10: =IF(N10>=M10,"Yes","No") -> Yes | BB10: =IF(AA10="W", L10*(N10-1), -L10 ) -> -0.5 | BC10: =SUMIFS( $BB:$BB, $A:$A,$A10, $H:$H,$H10, $I:$I,$I10 ) -> -1.5 | BD10: =IF(BC10>0, BC10*0.92, BC10) -> -1.5 | BE10: =IF( BC10>0, IF( AA10="W", BB10 - (BC10 - BD10), BB10 ), BB10 ) -> -0.5 | BF10: {=SUMPRODUCT((1/COUNTIFS($A$3:$A10,$A$3:$A10,$H$3:$H10,$H$3:$H10,$I$3:$I10,$I$3:$I10)))} -> 4 | BG10: 0 | BH10: =BG10/BF10 -> 0
A11: 46267 | C11: 11.09 | D11: Wed | E11: NSW | H11: Warwick Farm | I11: 5 | J11: 2 | K11: Burn The Sky | L11: 0.5 | M11: 26 | N11: 26 | O11: BFSP | Q11: Win | R11: 24 | S11: un | T11: =IF(($AA11="W"),ROUND(($L11*$R11),2),"0.00") -> 0.00 | U11: =BE11 -> -0.5 | V11: =V10+U11 -> -4.5 | W11: =W10+L11 -> 4.5 | X11: =SUM(V11/W11) -> -1 | Y11: =V11/100 -> -0.045 | Z11: =V11*100 -> -450 | AA11: L | AT11: 36.7 | AU11: 31 | AV11: =((N11*(L11))-(L11)) -> 12.5 | AW11: =0.92*(N11-1)+1 -> 24 | AZ11: =IF(N11>=M11,"Yes","No") -> Yes | BB11: =IF(AA11="W", L11*(N11-1), -L11 ) -> -0.5 | BC11: =SUMIFS( $BB:$BB, $A:$A,$A11, $H:$H,$H11, $I:$I,$I11 ) -> -1.5 | BD11: =IF(BC11>0, BC11*0.92, BC11) -> -1.5 | BE11: =IF( BC11>0, IF( AA11="W", BB11 - (BC11 - BD11), BB11 ), BB11 ) -> -0.5 | BF11: {=SUMPRODUCT((1/COUNTIFS($A$3:$A11,$A$3:$A11,$H$3:$H11,$H$3:$H11,$I$3:$I11,$I$3:$I11)))} -> 4 | BG11: 0 | BH11: =BG11/BF11 -> 0
A12: 46267 | C12: 11.09 | D12: Wed | E12: NSW | H12: Warwick Farm | I12: 5 | J12: 12 | K12: Thrill Hunter | L12: 0.5 | M12: 14.5 | N12: 27 | O12: BFSP | Q12: Win | R12: 24.92 | S12: un | T12: =IF(($AA12="W"),ROUND(($L12*$R12),2),"0.00") -> 0.00 | U12: =BE12 -> -0.5 | V12: =V11+U12 -> -5 | W12: =W11+L12 -> 5 | X12: =SUM(V12/W12) -> -1 | Y12: =V12/100 -> -0.05 | Z12: =V12*100 -> -500 | AA12: L | AT12: 20.7 | AU12: 18 | AV12: =((N12*(L12))-(L12)) -> 13 | AW12: =0.92*(N12-1)+1 -> 24.92 | AZ12: =IF(N12>=M12,"Yes","No") -> Yes | BB12: =IF(AA12="W", L12*(N12-1), -L12 ) -> -0.5 | BC12: =SUMIFS( $BB:$BB, $A:$A,$A12, $H:$H,$H12, $I:$I,$I12 ) -> -1.5 | BD12: =IF(BC12>0, BC12*0.92, BC12) -> -1.5 | BE12: =IF( BC12>0, IF( AA12="W", BB12 - (BC12 - BD12), BB12 ), BB12 ) -> -0.5 | BF12: {=SUMPRODUCT((1/COUNTIFS($A$3:$A12,$A$3:$A12,$H$3:$H12,$H$3:$H12,$I$3:$I12,$I$3:$I12)))} -> 4 | BG12: 0 | BH12: =BG12/BF12 -> 0
A13: 46267 | C13: 11.09 | D13: Wed | E13: NSW | H13: Warwick Farm | I13: 6 | J13: 3 | K13: Cavalry | L13: 0.5 | M13: 6 | N13: 6.4 | O13: BFSP | Q13: Win | R13: 5.968 | S13: un | T13: =IF(($AA13="W"),ROUND(($L13*$R13),2),"0.00") -> 0.00 | U13: =BE13 -> -0.5 | V13: =V12+U13 -> -5.5 | W13: =W12+L13 -> 5.5 | X13: =SUM(V13/W13) -> -1 | Y13: =V13/100 -> -0.055 | Z13: =V13*100 -> -550 | AA13: L | AT13: 6.6 | AU13: 6 | AV13: =((N13*(L13))-(L13)) -> 2.7 | AW13: =0.92*(N13-1)+1 -> 5.968 | AZ13: =IF(N13>=M13,"Yes","No") -> Yes | BB13: =IF(AA13="W", L13*(N13-1), -L13 ) -> -0.5 | BC13: =SUMIFS( $BB:$BB, $A:$A,$A13, $H:$H,$H13, $I:$I,$I13 ) -> -2 | BD13: =IF(BC13>0, BC13*0.92, BC13) -> -2 | BE13: =IF( BC13>0, IF( AA13="W", BB13 - (BC13 - BD13), BB13 ), BB13 ) -> -0.5 | BF13: {=SUMPRODUCT((1/COUNTIFS($A$3:$A13,$A$3:$A13,$H$3:$H13,$H$3:$H13,$I$3:$I13,$I$3:$I13)))} -> 5 | BG13: 0 | BH13: =BG13/BF13 -> 0
A14: 46267 | C14: 11.09 | D14: Wed | E14: NSW | H14: Warwick Farm | I14: 6 | J14: 4 | K14: Clancy | L14: 0.5 | M14: 9 | N14: 10.5 | O14: BFSP | Q14: Win | R14: 9.74 | S14: un | T14: =IF(($AA14="W"),ROUND(($L14*$R14),2),"0.00") -> 0.00 | U14: =BE14 -> -0.5 | V14: =V13+U14 -> -6 | W14: =W13+L14 -> 6 | X14: =SUM(V14/W14) -> -1 | Y14: =V14/100 -> -0.06 | Z14: =V14*100 -> -600 | AA14: L | AT14: 12.2 | AU14: 9.5 | AV14: =((N14*(L14))-(L14)) -> 4.75 | AW14: =0.92*(N14-1)+1 -> 9.74 | AZ14: =IF(N14>=M14,"Yes","No") -> Yes | BB14: =IF(AA14="W", L14*(N14-1), -L14 ) -> -0.5 | BC14: =SUMIFS( $BB:$BB, $A:$A,$A14, $H:$H,$H14, $I:$I,$I14 ) -> -2 | BD14: =IF(BC14>0, BC14*0.92, BC14) -> -2 | BE14: =IF( BC14>0, IF( AA14="W", BB14 - (BC14 - BD14), BB14 ), BB14 ) -> -0.5 | BF14: {=SUMPRODUCT((1/COUNTIFS($A$3:$A14,$A$3:$A14,$H$3:$H14,$H$3:$H14,$I$3:$I14,$I$3:$I14)))} -> 5 | BG14: 0 | BH14: =BG14/BF14 -> 0
A15: 46267 | C15: 11.09 | D15: Wed | E15: NSW | H15: Warwick Farm | I15: 6 | J15: 10 | K15: Waerea | L15: 0.5 | M15: 10 | N15: 12.61 | O15: BFSP | Q15: Win | R15: 11.6812 | S15: un | T15: =IF(($AA15="W"),ROUND(($L15*$R15),2),"0.00") -> 0.00 | U15: =BE15 -> -0.5 | V15: =V14+U15 -> -6.5 | W15: =W14+L15 -> 6.5 | X15: =SUM(V15/W15) -> -1 | Y15: =V15/100 -> -0.065 | Z15: =V15*100 -> -650 | AA15: L | AT15: 13.9 | AU15: 11 | AV15: =((N15*(L15))-(L15)) -> 5.805 | AW15: =0.92*(N15-1)+1 -> 11.6812 | AZ15: =IF(N15>=M15,"Yes","No") -> Yes | BB15: =IF(AA15="W", L15*(N15-1), -L15 ) -> -0.5 | BC15: =SUMIFS( $BB:$BB, $A:$A,$A15, $H:$H,$H15, $I:$I,$I15 ) -> -2 | BD15: =IF(BC15>0, BC15*0.92, BC15) -> -2 | BE15: =IF( BC15>0, IF( AA15="W", BB15 - (BC15 - BD15), BB15 ), BB15 ) -> -0.5 | BF15: {=SUMPRODUCT((1/COUNTIFS($A$3:$A15,$A$3:$A15,$H$3:$H15,$H$3:$H15,$I$3:$I15,$I$3:$I15)))} -> 5 | BG15: 0 | BH15: =BG15/BF15 -> 0
A16: 46267 | C16: 11.09 | D16: Wed | E16: NSW | H16: Warwick Farm | I16: 6 | J16: 13 | K16: Anthropoid | L16: 0.5 | M16: 9.6 | N16: 10.5 | O16: BFSP | Q16: Win | R16: 9.74 | S16: 3 | T16: =IF(($AA16="W"),ROUND(($L16*$R16),2),"0.00") -> 0.00 | U16: =BE16 -> -0.5 | V16: =V15+U16 -> -7 | W16: =W15+L16 -> 7 | X16: =SUM(V16/W16) -> -1 | Y16: =V16/100 -> -0.07 | Z16: =V16*100 -> -700 | AA16: L | AT16: 10 | AU16: 8.5 | AV16: =((N16*(L16))-(L16)) -> 4.75 | AW16: =0.92*(N16-1)+1 -> 9.74 | AZ16: =IF(N16>=M16,"Yes","No") -> Yes | BB16: =IF(AA16="W", L16*(N16-1), -L16 ) -> -0.5 | BC16: =SUMIFS( $BB:$BB, $A:$A,$A16, $H:$H,$H16, $I:$I,$I16 ) -> -2 | BD16: =IF(BC16>0, BC16*0.92, BC16) -> -2 | BE16: =IF( BC16>0, IF( AA16="W", BB16 - (BC16 - BD16), BB16 ), BB16 ) -> -0.5 | BF16: {=SUMPRODUCT((1/COUNTIFS($A$3:$A16,$A$3:$A16,$H$3:$H16,$H$3:$H16,$I$3:$I16,$I$3:$I16)))} -> 5 | BG16: 0 | BH16: =BG16/BF16 -> 0
A17: 46270 | C17: 11.18 | D17: Sat | E17: QLD | H17: Eagle Farm | I17: 1 | J17: 2 | K17: Mercian | L17: 0.5 | M17: 30 | N17: 46 | O17: BFSP | Q17: Win | R17: 42.4 | S17: un | T17: =IF(($AA17="W"),ROUND(($L17*$R17),2),"0.00") -> 0.00 | U17: =BE17 -> -0.5 | V17: =V16+U17 -> -7.5 | W17: =W16+L17 -> 7.5 | X17: =SUM(V17/W17) -> -1 | Y17: =V17/100 -> -0.075 | Z17: =V17*100 -> -750 | AA17: L | AT17: 31 | AU17: 31 | AV17: =((N17*(L17))-(L17)) -> 22.5 | AW17: =0.92*(N17-1)+1 -> 42.4 | AZ17: =IF(N17>=M17,"Yes","No") -> Yes | BB17: =IF(AA17="W", L17*(N17-1), -L17 ) -> -0.5 | BC17: =SUMIFS( $BB:$BB, $A:$A,$A17, $H:$H,$H17, $I:$I,$I17 ) -> -0.5 | BD17: =IF(BC17>0, BC17*0.92, BC17) -> -0.5 | BE17: =IF( BC17>0, IF( AA17="W", BB17 - (BC17 - BD17), BB17 ), BB17 ) -> -0.5 | BF17: {=SUMPRODUCT((1/COUNTIFS($A$3:$A17,$A$3:$A17,$H$3:$H17,$H$3:$H17,$I$3:$I17,$I$3:$I17)))} -> 6 | BG17: 0 | BH17: =BG17/BF17 -> 0
A18: 46270 | C18: 11.18 | D18: Sat | E18: QLD | H18: Eagle Farm | I18: 2 | J18: 6 | K18: Blakemore Avenue | L18: 0.5 | M18: 15 | N18: 16 | O18: BFSP | Q18: Win | R18: 14.8 | S18: un | T18: =IF(($AA18="W"),ROUND(($L18*$R18),2),"0.00") -> 0.00 | U18: =BE18 -> -0.5 | V18: =V17+U18 -> -8 | W18: =W17+L18 -> 8 | X18: =SUM(V18/W18) -> -1 | Y18: =V18/100 -> -0.08 | Z18: =V18*100 -> -800 | AA18: L | AT18: 13.7 | AU18: 12 | AV18: =((N18*(L18))-(L18)) -> 7.5 | AW18: =0.92*(N18-1)+1 -> 14.8 | AZ18: =IF(N18>=M18,"Yes","No") -> Yes | BB18: =IF(AA18="W", L18*(N18-1), -L18 ) -> -0.5 | BC18: =SUMIFS( $BB:$BB, $A:$A,$A18, $H:$H,$H18, $I:$I,$I18 ) -> -0.5 | BD18: =IF(BC18>0, BC18*0.92, BC18) -> -0.5 | BE18: =IF( BC18>0, IF( AA18="W", BB18 - (BC18 - BD18), BB18 ), BB18 ) -> -0.5 | BF18: {=SUMPRODUCT((1/COUNTIFS($A$3:$A18,$A$3:$A18,$H$3:$H18,$H$3:$H18,$I$3:$I18,$I$3:$I18)))} -> 7 | BG18: 0 | BH18: =BG18/BF18 -> 0
A19: 46270 | C19: 11.18 | D19: Sat | E19: NSW | H19: Randwick | I19: 1 | J19: 11 | K19: Kingston Charm | L19: 0.5 | M19: 36 | N19: 49.37 | O19: BFSP | Q19: Win | R19: 45.5004 | S19: un | T19: =IF(($AA19="W"),ROUND(($L19*$R19),2),"0.00") -> 0.00 | U19: =BE19 -> -0.5 | V19: =V18+U19 -> -8.5 | W19: =W18+L19 -> 8.5 | X19: =SUM(V19/W19) -> -1 | Y19: =V19/100 -> -0.085 | Z19: =V19*100 -> -850 | AA19: L | AT19: 43.1 | AU19: 61 | AV19: =((N19*(L19))-(L19)) -> 24.185 | AW19: =0.92*(N19-1)+1 -> 45.5004 | AZ19: =IF(N19>=M19,"Yes","No") -> Yes | BB19: =IF(AA19="W", L19*(N19-1), -L19 ) -> -0.5 | BC19: =SUMIFS( $BB:$BB, $A:$A,$A19, $H:$H,$H19, $I:$I,$I19 ) -> -0.5 | BD19: =IF(BC19>0, BC19*0.92, BC19) -> -0.5 | BE19: =IF( BC19>0, IF( AA19="W", BB19 - (BC19 - BD19), BB19 ), BB19 ) -> -0.5 | BF19: {=SUMPRODUCT((1/COUNTIFS($A$3:$A19,$A$3:$A19,$H$3:$H19,$H$3:$H19,$I$3:$I19,$I$3:$I19)))} -> 8 | BG19: 0 | BH19: =BG19/BF19 -> 0
A20: 46270 | C20: 11.18 | D20: Sat | E20: NSW | H20: Randwick | I20: 2 | J20: 9 | K20: Royal Exile | L20: 0.5 | M20: 8.2 | N20: 9.54 | O20: BFSP | Q20: Win | R20: 8.8568 | S20: un | T20: =IF(($AA20="W"),ROUND(($L20*$R20),2),"0.00") -> 0.00 | U20: =BE20 -> -0.5 | V20: =V19+U20 -> -9 | W20: =W19+L20 -> 9 | X20: =SUM(V20/W20) -> -1 | Y20: =V20/100 -> -0.09 | Z20: =V20*100 -> -900 | AA20: L | AT20: 9.2 | AU20: 9 | AV20: =((N20*(L20))-(L20)) -> 4.27 | AW20: =0.92*(N20-1)+1 -> 8.8568 | AZ20: =IF(N20>=M20,"Yes","No") -> Yes | BB20: =IF(AA20="W", L20*(N20-1), -L20 ) -> -0.5 | BC20: =SUMIFS( $BB:$BB, $A:$A,$A20, $H:$H,$H20, $I:$I,$I20 ) -> -0.5 | BD20: =IF(BC20>0, BC20*0.92, BC20) -> -0.5 | BE20: =IF( BC20>0, IF( AA20="W", BB20 - (BC20 - BD20), BB20 ), BB20 ) -> -0.5 | BF20: {=SUMPRODUCT((1/COUNTIFS($A$3:$A20,$A$3:$A20,$H$3:$H20,$H$3:$H20,$I$3:$I20,$I$3:$I20)))} -> 9 | BG20: 0 | BH20: =BG20/BF20 -> 0
A21: 46270 | C21: 11.18 | D21: Sat | E21: NSW | H21: Randwick | I21: 3 | J21: 5 | K21: Tequila Baby | L21: 0.5 | M21: 19 | N21: 19.04 | O21: BFSP | Q21: Win | R21: 17.5968 | S21: un | T21: =IF(($AA21="W"),ROUND(($L21*$R21),2),"0.00") -> 0.00 | U21: =BE21 -> -0.5 | V21: =V20+U21 -> -9.5 | W21: =W20+L21 -> 9.5 | X21: =SUM(V21/W21) -> -1 | Y21: =V21/100 -> -0.095 | Z21: =V21*100 -> -950 | AA21: L | AT21: 20.5 | AU21: 18 | AV21: =((N21*(L21))-(L21)) -> 9.02 | AW21: =0.92*(N21-1)+1 -> 17.5968 | AZ21: =IF(N21>=M21,"Yes","No") -> Yes | BB21: =IF(AA21="W", L21*(N21-1), -L21 ) -> -0.5 | BC21: =SUMIFS( $BB:$BB, $A:$A,$A21, $H:$H,$H21, $I:$I,$I21 ) -> -1.5 | BD21: =IF(BC21>0, BC21*0.92, BC21) -> -1.5 | BE21: =IF( BC21>0, IF( AA21="W", BB21 - (BC21 - BD21), BB21 ), BB21 ) -> -0.5 | BF21: {=SUMPRODUCT((1/COUNTIFS($A$3:$A21,$A$3:$A21,$H$3:$H21,$H$3:$H21,$I$3:$I21,$I$3:$I21)))} -> 10 | BG21: 0 | BH21: =BG21/BF21 -> 0
A22: 46270 | C22: 11.18 | D22: Sat | E22: NSW | H22: Randwick | I22: 3 | J22: 6 | K22: Scillato | L22: 0.5 | M22: 8 | N22: 8 | O22: BFSP | Q22: Win | R22: 7.44 | S22: un | T22: =IF(($AA22="W"),ROUND(($L22*$R22),2),"0.00") -> 0.00 | U22: =BE22 -> -0.5 | V22: =V21+U22 -> -10 | W22: =W21+L22 -> 10 | X22: =SUM(V22/W22) -> -1 | Y22: =V22/100 -> -0.1 | Z22: =V22*100 -> -1000 | AA22: L | AT22: 7.9 | AU22: 8 | AV22: =((N22*(L22))-(L22)) -> 3.5 | AW22: =0.92*(N22-1)+1 -> 7.44 | AZ22: =IF(N22>=M22,"Yes","No") -> Yes | BB22: =IF(AA22="W", L22*(N22-1), -L22 ) -> -0.5 | BC22: =SUMIFS( $BB:$BB, $A:$A,$A22, $H:$H,$H22, $I:$I,$I22 ) -> -1.5 | BD22: =IF(BC22>0, BC22*0.92, BC22) -> -1.5 | BE22: =IF( BC22>0, IF( AA22="W", BB22 - (BC22 - BD22), BB22 ), BB22 ) -> -0.5 | BF22: {=SUMPRODUCT((1/COUNTIFS($A$3:$A22,$A$3:$A22,$H$3:$H22,$H$3:$H22,$I$3:$I22,$I$3:$I22)))} -> 10 | BG22: 0 | BH22: =BG22/BF22 -> 0
A23: 46270 | C23: 11.18 | D23: Sat | E23: NSW | H23: Randwick | I23: 3 | J23: 8 | K23: Cosy Corner | L23: 0.5 | M23: 36 | N23: 36 | O23: BFSP | Q23: Win | R23: 33.2 | S23: un | T23: =IF(($AA23="W"),ROUND(($L23*$R23),2),"0.00") -> 0.00 | U23: =BE23 -> -0.5 | V23: =V22+U23 -> -10.5 | W23: =W22+L23 -> 10.5 | X23: =SUM(V23/W23) -> -1 | Y23: =V23/100 -> -0.105 | Z23: =V23*100 -> -1050 | AA23: L | AT23: 38.9 | AU23: 31 | AV23: =((N23*(L23))-(L23)) -> 17.5 | AW23: =0.92*(N23-1)+1 -> 33.2 | AZ23: =IF(N23>=M23,"Yes","No") -> Yes | BB23: =IF(AA23="W", L23*(N23-1), -L23 ) -> -0.5 | BC23: =SUMIFS( $BB:$BB, $A:$A,$A23, $H:$H,$H23, $I:$I,$I23 ) -> -1.5 | BD23: =IF(BC23>0, BC23*0.92, BC23) -> -1.5 | BE23: =IF( BC23>0, IF( AA23="W", BB23 - (BC23 - BD23), BB23 ), BB23 ) -> -0.5 | BF23: {=SUMPRODUCT((1/COUNTIFS($A$3:$A23,$A$3:$A23,$H$3:$H23,$H$3:$H23,$I$3:$I23,$I$3:$I23)))} -> 10 | BG23: 0 | BH23: =BG23/BF23 -> 0
A24: 46270 | C24: 11.18 | D24: Sat | E24: QLD | H24: Eagle Farm | I24: 4 | J24: 6 | K24: Immediate | L24: 0.5 | M24: 12 | N24: 12 | O24: BFSP | Q24: Win | R24: 11.12 | S24: un | T24: =IF(($AA24="W"),ROUND(($L24*$R24),2),"0.00") -> 0.00 | U24: =BE24 -> -0.5 | V24: =V23+U24 -> -11 | W24: =W23+L24 -> 11 | X24: =SUM(V24/W24) -> -1 | Y24: =V24/100 -> -0.11 | Z24: =V24*100 -> -1100 | AA24: L | AT24: 9.7 | AU24: 10 | AV24: =((N24*(L24))-(L24)) -> 5.5 | AW24: =0.92*(N24-1)+1 -> 11.12 | AZ24: =IF(N24>=M24,"Yes","No") -> Yes | BB24: =IF(AA24="W", L24*(N24-1), -L24 ) -> -0.5 | BC24: =SUMIFS( $BB:$BB, $A:$A,$A24, $H:$H,$H24, $I:$I,$I24 ) -> -1.5 | BD24: =IF(BC24>0, BC24*0.92, BC24) -> -1.5 | BE24: =IF( BC24>0, IF( AA24="W", BB24 - (BC24 - BD24), BB24 ), BB24 ) -> -0.5 | BF24: {=SUMPRODUCT((1/COUNTIFS($A$3:$A24,$A$3:$A24,$H$3:$H24,$H$3:$H24,$I$3:$I24,$I$3:$I24)))} -> 11 | BG24: 0 | BH24: =BG24/BF24 -> 0
A25: 46270 | C25: 11.18 | D25: Sat | E25: QLD | H25: Eagle Farm | I25: 4 | J25: 11 | K25: Exuberance | L25: 0.5 | M25: 14.5 | N25: 14.53 | O25: BFSP | Q25: Win | R25: 13.4476 | S25: 4 | T25: =IF(($AA25="W"),ROUND(($L25*$R25),2),"0.00") -> 0.00 | U25: =BE25 -> -0.5 | V25: =V24+U25 -> -11.5 | W25: =W24+L25 -> 11.5 | X25: =SUM(V25/W25) -> -1 | Y25: =V25/100 -> -0.115 | Z25: =V25*100 -> -1150 | AA25: L | AT25: 13.7 | AU25: 13 | AV25: =((N25*(L25))-(L25)) -> 6.765 | AW25: =0.92*(N25-1)+1 -> 13.4476 | AZ25: =IF(N25>=M25,"Yes","No") -> Yes | BB25: =IF(AA25="W", L25*(N25-1), -L25 ) -> -0.5 | BC25: =SUMIFS( $BB:$BB, $A:$A,$A25, $H:$H,$H25, $I:$I,$I25 ) -> -1.5 | BD25: =IF(BC25>0, BC25*0.92, BC25) -> -1.5 | BE25: =IF( BC25>0, IF( AA25="W", BB25 - (BC25 - BD25), BB25 ), BB25 ) -> -0.5 | BF25: {=SUMPRODUCT((1/COUNTIFS($A$3:$A25,$A$3:$A25,$H$3:$H25,$H$3:$H25,$I$3:$I25,$I$3:$I25)))} -> 11 | BG25: 0 | BH25: =BG25/BF25 -> 0
A26: 46270 | C26: 11.18 | D26: Sat | E26: QLD | H26: Eagle Farm | I26: 4 | J26: 14 | K26: She Ours | L26: 0.5 | M26: 10 | N26: 10.52 | O26: BFSP | Q26: Win | R26: 9.7584 | S26: un | T26: =IF(($AA26="W"),ROUND(($L26*$R26),2),"0.00") -> 0.00 | U26: =BE26 -> -0.5 | V26: =V25+U26 -> -12 | W26: =W25+L26 -> 12 | X26: =SUM(V26/W26) -> -1 | Y26: =V26/100 -> -0.12 | Z26: =V26*100 -> -1200 | AA26: L | AT26: 10.4 | AU26: 9.5 | AV26: =((N26*(L26))-(L26)) -> 4.76 | AW26: =0.92*(N26-1)+1 -> 9.7584 | AZ26: =IF(N26>=M26,"Yes","No") -> Yes | BB26: =IF(AA26="W", L26*(N26-1), -L26 ) -> -0.5 | BC26: =SUMIFS( $BB:$BB, $A:$A,$A26, $H:$H,$H26, $I:$I,$I26 ) -> -1.5 | BD26: =IF(BC26>0, BC26*0.92, BC26) -> -1.5 | BE26: =IF( BC26>0, IF( AA26="W", BB26 - (BC26 - BD26), BB26 ), BB26 ) -> -0.5 | BF26: {=SUMPRODUCT((1/COUNTIFS($A$3:$A26,$A$3:$A26,$H$3:$H26,$H$3:$H26,$I$3:$I26,$I$3:$I26)))} -> 11 | BG26: 0 | BH26: =BG26/BF26 -> 0
A27: 46270 | C27: 11.18 | D27: Sat | E27: NSW | H27: Randwick | I27: 4 | J27: 7 | K27: Amplify | L27: 0.5 | M27: 7.2 | N27: 8.72 | O27: BFSP | Q27: Win | R27: 8.1024 | S27: 3 | T27: =IF(($AA27="W"),ROUND(($L27*$R27),2),"0.00") -> 0.00 | U27: =BE27 -> -0.5 | V27: =V26+U27 -> -12.5 | W27: =W26+L27 -> 12.5 | X27: =SUM(V27/W27) -> -1 | Y27: =V27/100 -> -0.125 | Z27: =V27*100 -> -1250 | AA27: L | AT27: 7.5 | AU27: 8.5 | AV27: =((N27*(L27))-(L27)) -> 3.86 | AW27: =0.92*(N27-1)+1 -> 8.1024 | AZ27: =IF(N27>=M27,"Yes","No") -> Yes | BB27: =IF(AA27="W", L27*(N27-1), -L27 ) -> -0.5 | BC27: =SUMIFS( $BB:$BB, $A:$A,$A27, $H:$H,$H27, $I:$I,$I27 ) -> -0.5 | BD27: =IF(BC27>0, BC27*0.92, BC27) -> -0.5 | BE27: =IF( BC27>0, IF( AA27="W", BB27 - (BC27 - BD27), BB27 ), BB27 ) -> -0.5 | BF27: {=SUMPRODUCT((1/COUNTIFS($A$3:$A27,$A$3:$A27,$H$3:$H27,$H$3:$H27,$I$3:$I27,$I$3:$I27)))} -> 12 | BG27: 0 | BH27: =BG27/BF27 -> 0
A28: 46270 | C28: 11.18 | D28: Sat | E28: QLD | H28: Eagle Farm | I28: 5 | J28: 3 | K28: Luton Hoo | L28: 0.5 | M28: 9.2 | N28: 10.5 | O28: BFSP | Q28: Win | R28: 9.74 | S28: un | T28: =IF(($AA28="W"),ROUND(($L28*$R28),2),"0.00") -> 0.00 | U28: =BE28 -> -0.5 | V28: =V27+U28 -> -13 | W28: =W27+L28 -> 13 | X28: =SUM(V28/W28) -> -1 | Y28: =V28/100 -> -0.13 | Z28: =V28*100 -> -1300 | AA28: L | AT28: 9 | AU28: 9 | AV28: =((N28*(L28))-(L28)) -> 4.75 | AW28: =0.92*(N28-1)+1 -> 9.74 | AZ28: =IF(N28>=M28,"Yes","No") -> Yes | BB28: =IF(AA28="W", L28*(N28-1), -L28 ) -> -0.5 | BC28: =SUMIFS( $BB:$BB, $A:$A,$A28, $H:$H,$H28, $I:$I,$I28 ) -> -1 | BD28: =IF(BC28>0, BC28*0.92, BC28) -> -1 | BE28: =IF( BC28>0, IF( AA28="W", BB28 - (BC28 - BD28), BB28 ), BB28 ) -> -0.5 | BF28: {=SUMPRODUCT((1/COUNTIFS($A$3:$A28,$A$3:$A28,$H$3:$H28,$H$3:$H28,$I$3:$I28,$I$3:$I28)))} -> 13 | BG28: 0 | BH28: =BG28/BF28 -> 0
A29: 46270 | C29: 11.18 | D29: Sat | E29: QLD | H29: Eagle Farm | I29: 5 | J29: 12 | K29: Bold Blaze | L29: 0.5 | M29: 30 | N29: 51.07 | O29: BFSP | Q29: Win | R29: 47.0644 | S29: un | T29: =IF(($AA29="W"),ROUND(($L29*$R29),2),"0.00") -> 0.00 | U29: =BE29 -> -0.5 | V29: =V28+U29 -> -13.5 | W29: =W28+L29 -> 13.5 | X29: =SUM(V29/W29) -> -1 | Y29: =V29/100 -> -0.135 | Z29: =V29*100 -> -1350 | AA29: L | AT29: 33.8 | AU29: 31 | AV29: =((N29*(L29))-(L29)) -> 25.035 | AW29: =0.92*(N29-1)+1 -> 47.0644 | AZ29: =IF(N29>=M29,"Yes","No") -> Yes | BB29: =IF(AA29="W", L29*(N29-1), -L29 ) -> -0.5 | BC29: =SUMIFS( $BB:$BB, $A:$A,$A29, $H:$H,$H29, $I:$I,$I29 ) -> -1 | BD29: =IF(BC29>0, BC29*0.92, BC29) -> -1 | BE29: =IF( BC29>0, IF( AA29="W", BB29 - (BC29 - BD29), BB29 ), BB29 ) -> -0.5 | BF29: {=SUMPRODUCT((1/COUNTIFS($A$3:$A29,$A$3:$A29,$H$3:$H29,$H$3:$H29,$I$3:$I29,$I$3:$I29)))} -> 13 | BG29: 0 | BH29: =BG29/BF29 -> 0
A30: 46270 | C30: 11.18 | D30: Sat | E30: NSW | H30: Randwick | I30: 5 | J30: 2 | K30: Bartolf | L30: 0.5 | M30: 15.5 | N30: 16.2 | O30: BFSP | Q30: Win | R30: 14.984 | S30: un | T30: =IF(($AA30="W"),ROUND(($L30*$R30),2),"0.00") -> 0.00 | U30: =BE30 -> -0.5 | V30: =V29+U30 -> -14 | W30: =W29+L30 -> 14 | X30: =SUM(V30/W30) -> -1 | Y30: =V30/100 -> -0.14 | Z30: =V30*100 -> -1400 | AA30: L | AT30: 16 | AU30: 17 | AV30: =((N30*(L30))-(L30)) -> 7.6 | AW30: =0.92*(N30-1)+1 -> 14.984 | AZ30: =IF(N30>=M30,"Yes","No") -> Yes | BB30: =IF(AA30="W", L30*(N30-1), -L30 ) -> -0.5 | BC30: =SUMIFS( $BB:$BB, $A:$A,$A30, $H:$H,$H30, $I:$I,$I30 ) -> -2.5 | BD30: =IF(BC30>0, BC30*0.92, BC30) -> -2.5 | BE30: =IF( BC30>0, IF( AA30="W", BB30 - (BC30 - BD30), BB30 ), BB30 ) -> -0.5 | BF30: {=SUMPRODUCT((1/COUNTIFS($A$3:$A30,$A$3:$A30,$H$3:$H30,$H$3:$H30,$I$3:$I30,$I$3:$I30)))} -> 14 | BG30: 0 | BH30: =BG30/BF30 -> 0
A31: 46270 | C31: 11.18 | D31: Sat | E31: NSW | H31: Randwick | I31: 5 | J31: 9 | K31: Unleeshing | L31: 0.5 | M31: 12 | N31: 18.14 | O31: BFSP | Q31: Win | R31: 16.7688 | S31: 2 | T31: =IF(($AA31="W"),ROUND(($L31*$R31),2),"0.00") -> 0.00 | U31: =BE31 -> -0.5 | V31: =V30+U31 -> -14.5 | W31: =W30+L31 -> 14.5 | X31: =SUM(V31/W31) -> -1 | Y31: =V31/100 -> -0.145 | Z31: =V31*100 -> -1450 | AA31: L | AT31: 17.7 | AU31: 17 | AV31: =((N31*(L31))-(L31)) -> 8.57 | AW31: =0.92*(N31-1)+1 -> 16.7688 | AZ31: =IF(N31>=M31,"Yes","No") -> Yes | BB31: =IF(AA31="W", L31*(N31-1), -L31 ) -> -0.5 | BC31: =SUMIFS( $BB:$BB, $A:$A,$A31, $H:$H,$H31, $I:$I,$I31 ) -> -2.5 | BD31: =IF(BC31>0, BC31*0.92, BC31) -> -2.5 | BE31: =IF( BC31>0, IF( AA31="W", BB31 - (BC31 - BD31), BB31 ), BB31 ) -> -0.5 | BF31: {=SUMPRODUCT((1/COUNTIFS($A$3:$A31,$A$3:$A31,$H$3:$H31,$H$3:$H31,$I$3:$I31,$I$3:$I31)))} -> 14 | BG31: 0 | BH31: =BG31/BF31 -> 0
A32: 46270 | C32: 11.18 | D32: Sat | E32: NSW | H32: Randwick | I32: 5 | J32: 10 | K32: Call Me Gorgeous | L32: 0.5 | M32: 10.5 | N32: 14.84 | O32: BFSP | Q32: Win | R32: 13.7328 | S32: un | T32: =IF(($AA32="W"),ROUND(($L32*$R32),2),"0.00") -> 0.00 | U32: =BE32 -> -0.5 | V32: =V31+U32 -> -15 | W32: =W31+L32 -> 15 | X32: =SUM(V32/W32) -> -1 | Y32: =V32/100 -> -0.15 | Z32: =V32*100 -> -1500 | AA32: L | AT32: 12.7 | AU32: 12 | AV32: =((N32*(L32))-(L32)) -> 6.92 | AW32: =0.92*(N32-1)+1 -> 13.7328 | AZ32: =IF(N32>=M32,"Yes","No") -> Yes | BB32: =IF(AA32="W", L32*(N32-1), -L32 ) -> -0.5 | BC32: =SUMIFS( $BB:$BB, $A:$A,$A32, $H:$H,$H32, $I:$I,$I32 ) -> -2.5 | BD32: =IF(BC32>0, BC32*0.92, BC32) -> -2.5 | BE32: =IF( BC32>0, IF( AA32="W", BB32 - (BC32 - BD32), BB32 ), BB32 ) -> -0.5 | BF32: {=SUMPRODUCT((1/COUNTIFS($A$3:$A32,$A$3:$A32,$H$3:$H32,$H$3:$H32,$I$3:$I32,$I$3:$I32)))} -> 14 | BG32: 0 | BH32: =BG32/BF32 -> 0
A33: 46270 | C33: 11.18 | D33: Sat | E33: NSW | H33: Randwick | I33: 5 | J33: 11 | K33: Burj | L33: 0.5 | M33: 36 | N33: 49.26 | O33: BFSP | Q33: Win | R33: 45.3992 | S33: un | T33: =IF(($AA33="W"),ROUND(($L33*$R33),2),"0.00") -> 0.00 | U33: =BE33 -> -0.5 | V33: =V32+U33 -> -15.5 | W33: =W32+L33 -> 15.5 | X33: =SUM(V33/W33) -> -1 | Y33: =V33/100 -> -0.155 | Z33: =V33*100 -> -1550 | AA33: L | AT33: 47.2 | AU33: 51 | AV33: =((N33*(L33))-(L33)) -> 24.13 | AW33: =0.92*(N33-1)+1 -> 45.3992 | AZ33: =IF(N33>=M33,"Yes","No") -> Yes | BB33: =IF(AA33="W", L33*(N33-1), -L33 ) -> -0.5 | BC33: =SUMIFS( $BB:$BB, $A:$A,$A33, $H:$H,$H33, $I:$I,$I33 ) -> -2.5 | BD33: =IF(BC33>0, BC33*0.92, BC33) -> -2.5 | BE33: =IF( BC33>0, IF( AA33="W", BB33 - (BC33 - BD33), BB33 ), BB33 ) -> -0.5 | BF33: {=SUMPRODUCT((1/COUNTIFS($A$3:$A33,$A$3:$A33,$H$3:$H33,$H$3:$H33,$I$3:$I33,$I$3:$I33)))} -> 14 | BG33: 0 | BH33: =BG33/BF33 -> 0
A34: 46270 | C34: 11.18 | D34: Sat | E34: NSW | H34: Randwick | I34: 5 | J34: 15 | K34: Snack Bar | L34: 0.5 | M34: 29 | N34: 29 | O34: BFSP | Q34: Win | R34: 26.76 | S34: un | T34: =IF(($AA34="W"),ROUND(($L34*$R34),2),"0.00") -> 0.00 | U34: =BE34 -> -0.5 | V34: =V33+U34 -> -16 | W34: =W33+L34 -> 16 | X34: =SUM(V34/W34) -> -1 | Y34: =V34/100 -> -0.16 | Z34: =V34*100 -> -1600 | AA34: L | AT34: 26 | AU34: 26 | AV34: =((N34*(L34))-(L34)) -> 14 | AW34: =0.92*(N34-1)+1 -> 26.76 | AZ34: =IF(N34>=M34,"Yes","No") -> Yes | BB34: =IF(AA34="W", L34*(N34-1), -L34 ) -> -0.5 | BC34: =SUMIFS( $BB:$BB, $A:$A,$A34, $H:$H,$H34, $I:$I,$I34 ) -> -2.5 | BD34: =IF(BC34>0, BC34*0.92, BC34) -> -2.5 | BE34: =IF( BC34>0, IF( AA34="W", BB34 - (BC34 - BD34), BB34 ), BB34 ) -> -0.5 | BF34: {=SUMPRODUCT((1/COUNTIFS($A$3:$A34,$A$3:$A34,$H$3:$H34,$H$3:$H34,$I$3:$I34,$I$3:$I34)))} -> 14 | BG34: 0 | BH34: =BG34/BF34 -> 0
A35: 46270 | C35: 11.18 | D35: Sat | E35: QLD | H35: Eagle Farm | I35: 6 | J35: 9 | K35: Aratiri | L35: 0.5 | M35: 18.5 | N35: 21 | O35: BFSP | Q35: Win | R35: 19.4 | S35: un | T35: =IF(($AA35="W"),ROUND(($L35*$R35),2),"0.00") -> 0.00 | U35: =BE35 -> -0.5 | V35: =V34+U35 -> -16.5 | W35: =W34+L35 -> 16.5 | X35: =SUM(V35/W35) -> -1 | Y35: =V35/100 -> -0.165 | Z35: =V35*100 -> -1650 | AA35: L | AT35: 17 | AU35: 18 | AV35: =((N35*(L35))-(L35)) -> 10 | AW35: =0.92*(N35-1)+1 -> 19.4 | AZ35: =IF(N35>=M35,"Yes","No") -> Yes | BB35: =IF(AA35="W", L35*(N35-1), -L35 ) -> -0.5 | BC35: =SUMIFS( $BB:$BB, $A:$A,$A35, $H:$H,$H35, $I:$I,$I35 ) -> -2 | BD35: =IF(BC35>0, BC35*0.92, BC35) -> -2 | BE35: =IF( BC35>0, IF( AA35="W", BB35 - (BC35 - BD35), BB35 ), BB35 ) -> -0.5 | BF35: {=SUMPRODUCT((1/COUNTIFS($A$3:$A35,$A$3:$A35,$H$3:$H35,$H$3:$H35,$I$3:$I35,$I$3:$I35)))} -> 15 | BG35: 0 | BH35: =BG35/BF35 -> 0
A36: 46270 | C36: 11.18 | D36: Sat | E36: QLD | H36: Eagle Farm | I36: 6 | J36: 10 | K36: Riez Souvent | L36: 0.5 | M36: 9.8 | N36: 13.7 | O36: BFSP | Q36: Win | R36: 12.684 | S36: un | T36: =IF(($AA36="W"),ROUND(($L36*$R36),2),"0.00") -> 0.00 | U36: =BE36 -> -0.5 | V36: =V35+U36 -> -17 | W36: =W35+L36 -> 17 | X36: =SUM(V36/W36) -> -1 | Y36: =V36/100 -> -0.17 | Z36: =V36*100 -> -1700 | AA36: L | AT36: 10.6 | AU36: 10 | AV36: =((N36*(L36))-(L36)) -> 6.35 | AW36: =0.92*(N36-1)+1 -> 12.684 | AZ36: =IF(N36>=M36,"Yes","No") -> Yes | BB36: =IF(AA36="W", L36*(N36-1), -L36 ) -> -0.5 | BC36: =SUMIFS( $BB:$BB, $A:$A,$A36, $H:$H,$H36, $I:$I,$I36 ) -> -2 | BD36: =IF(BC36>0, BC36*0.92, BC36) -> -2 | BE36: =IF( BC36>0, IF( AA36="W", BB36 - (BC36 - BD36), BB36 ), BB36 ) -> -0.5 | BF36: {=SUMPRODUCT((1/COUNTIFS($A$3:$A36,$A$3:$A36,$H$3:$H36,$H$3:$H36,$I$3:$I36,$I$3:$I36)))} -> 15 | BG36: 0 | BH36: =BG36/BF36 -> 0
A37: 46270 | C37: 11.18 | D37: Sat | E37: QLD | H37: Eagle Farm | I37: 6 | J37: 11 | K37: Rochedale Hero | L37: 0.5 | M37: 12.5 | N37: 18 | O37: BFSP | Q37: Win | R37: 16.64 | S37: 3 | T37: =IF(($AA37="W"),ROUND(($L37*$R37),2),"0.00") -> 0.00 | U37: =BE37 -> -0.5 | V37: =V36+U37 -> -17.5 | W37: =W36+L37 -> 17.5 | X37: =SUM(V37/W37) -> -1 | Y37: =V37/100 -> -0.175 | Z37: =V37*100 -> -1750 | AA37: L | AT37: 15.4 | AU37: 13 | AV37: =((N37*(L37))-(L37)) -> 8.5 | AW37: =0.92*(N37-1)+1 -> 16.64 | AZ37: =IF(N37>=M37,"Yes","No") -> Yes | BB37: =IF(AA37="W", L37*(N37-1), -L37 ) -> -0.5 | BC37: =SUMIFS( $BB:$BB, $A:$A,$A37, $H:$H,$H37, $I:$I,$I37 ) -> -2 | BD37: =IF(BC37>0, BC37*0.92, BC37) -> -2 | BE37: =IF( BC37>0, IF( AA37="W", BB37 - (BC37 - BD37), BB37 ), BB37 ) -> -0.5 | BF37: {=SUMPRODUCT((1/COUNTIFS($A$3:$A37,$A$3:$A37,$H$3:$H37,$H$3:$H37,$I$3:$I37,$I$3:$I37)))} -> 15 | BG37: 0 | BH37: =BG37/BF37 -> 0
A38: 46270 | C38: 11.18 | D38: Sat | E38: QLD | H38: Eagle Farm | I38: 6 | J38: 19 | K38: Rosa Kiss | L38: 0.5 | M38: 12 | N38: 13 | O38: BFSP | Q38: Win | R38: 12.04 | S38: un | T38: =IF(($AA38="W"),ROUND(($L38*$R38),2),"0.00") -> 0.00 | U38: =BE38 -> -0.5 | V38: =V37+U38 -> -18 | W38: =W37+L38 -> 18 | X38: =SUM(V38/W38) -> -1 | Y38: =V38/100 -> -0.18 | Z38: =V38*100 -> -1800 | AA38: L | AT38: 10.8 | AU38: 9.5 | AV38: =((N38*(L38))-(L38)) -> 6 | AW38: =0.92*(N38-1)+1 -> 12.04 | AZ38: =IF(N38>=M38,"Yes","No") -> Yes | BB38: =IF(AA38="W", L38*(N38-1), -L38 ) -> -0.5 | BC38: =SUMIFS( $BB:$BB, $A:$A,$A38, $H:$H,$H38, $I:$I,$I38 ) -> -2 | BD38: =IF(BC38>0, BC38*0.92, BC38) -> -2 | BE38: =IF( BC38>0, IF( AA38="W", BB38 - (BC38 - BD38), BB38 ), BB38 ) -> -0.5 | BF38: {=SUMPRODUCT((1/COUNTIFS($A$3:$A38,$A$3:$A38,$H$3:$H38,$H$3:$H38,$I$3:$I38,$I$3:$I38)))} -> 15 | BG38: 0 | BH38: =BG38/BF38 -> 0
A39: 46270 | C39: 11.18 | D39: Sat | E39: NSW | H39: Randwick | I39: 6 | J39: 4 | K39: Cherry Bomshell | L39: 0.5 | M39: 18 | N39: 44.06 | O39: BFSP | Q39: Win | R39: 40.6152 | S39: 4 | T39: =IF(($AA39="W"),ROUND(($L39*$R39),2),"0.00") -> 0.00 | U39: =BE39 -> -0.5 | V39: =V38+U39 -> -18.5 | W39: =W38+L39 -> 18.5 | X39: =SUM(V39/W39) -> -1 | Y39: =V39/100 -> -0.185 | Z39: =V39*100 -> -1850 | AA39: L | AT39: 26 | AU39: 26 | AV39: =((N39*(L39))-(L39)) -> 21.53 | AW39: =0.92*(N39-1)+1 -> 40.6152 | AZ39: =IF(N39>=M39,"Yes","No") -> Yes | BB39: =IF(AA39="W", L39*(N39-1), -L39 ) -> -0.5 | BC39: =SUMIFS( $BB:$BB, $A:$A,$A39, $H:$H,$H39, $I:$I,$I39 ) -> -1 | BD39: =IF(BC39>0, BC39*0.92, BC39) -> -1 | BE39: =IF( BC39>0, IF( AA39="W", BB39 - (BC39 - BD39), BB39 ), BB39 ) -> -0.5 | BF39: {=SUMPRODUCT((1/COUNTIFS($A$3:$A39,$A$3:$A39,$H$3:$H39,$H$3:$H39,$I$3:$I39,$I$3:$I39)))} -> 16 | BG39: 0 | BH39: =BG39/BF39 -> 0
A40: 46270 | C40: 11.18 | D40: Sat | E40: NSW | H40: Randwick | I40: 6 | J40: 7 | K40: Screen Icon | L40: 0.5 | M40: 29 | N40: 44.83 | O40: BFSP | Q40: Win | R40: 41.3236 | S40: un | T40: =IF(($AA40="W"),ROUND(($L40*$R40),2),"0.00") -> 0.00 | U40: =BE40 -> -0.5 | V40: =V39+U40 -> -19 | W40: =W39+L40 -> 19 | X40: =SUM(V40/W40) -> -1 | Y40: =V40/100 -> -0.19 | Z40: =V40*100 -> -1900 | AA40: L | AT40: 41.7 | AU40: 41 | AV40: =((N40*(L40))-(L40)) -> 21.915 | AW40: =0.92*(N40-1)+1 -> 41.3236 | AZ40: =IF(N40>=M40,"Yes","No") -> Yes | BB40: =IF(AA40="W", L40*(N40-1), -L40 ) -> -0.5 | BC40: =SUMIFS( $BB:$BB, $A:$A,$A40, $H:$H,$H40, $I:$I,$I40 ) -> -1 | BD40: =IF(BC40>0, BC40*0.92, BC40) -> -1 | BE40: =IF( BC40>0, IF( AA40="W", BB40 - (BC40 - BD40), BB40 ), BB40 ) -> -0.5 | BF40: {=SUMPRODUCT((1/COUNTIFS($A$3:$A40,$A$3:$A40,$H$3:$H40,$H$3:$H40,$I$3:$I40,$I$3:$I40)))} -> 16 | BG40: 0 | BH40: =BG40/BF40 -> 0
A41: 46270 | C41: 11.18 | D41: Sat | E41: QLD | H41: Eagle Farm | I41: 7 | J41: 8 | K41: Little Beginnings | L41: 0.5 | M41: 13.5 | N41: 15.5 | O41: BFSP | Q41: Win | R41: 14.34 | S41: un | T41: =IF(($AA41="W"),ROUND(($L41*$R41),2),"0.00") -> 0.00 | U41: =BE41 -> -0.5 | V41: =V40+U41 -> -19.5 | W41: =W40+L41 -> 19.5 | X41: =SUM(V41/W41) -> -1 | Y41: =V41/100 -> -0.195 | Z41: =V41*100 -> -1950 | AA41: L | AT41: 12.2 | AU41: 12 | AV41: =((N41*(L41))-(L41)) -> 7.25 | AW41: =0.92*(N41-1)+1 -> 14.34 | AZ41: =IF(N41>=M41,"Yes","No") -> Yes | BB41: =IF(AA41="W", L41*(N41-1), -L41 ) -> -0.5 | BC41: =SUMIFS( $BB:$BB, $A:$A,$A41, $H:$H,$H41, $I:$I,$I41 ) -> -0.5 | BD41: =IF(BC41>0, BC41*0.92, BC41) -> -0.5 | BE41: =IF( BC41>0, IF( AA41="W", BB41 - (BC41 - BD41), BB41 ), BB41 ) -> -0.5 | BF41: {=SUMPRODUCT((1/COUNTIFS($A$3:$A41,$A$3:$A41,$H$3:$H41,$H$3:$H41,$I$3:$I41,$I$3:$I41)))} -> 17 | BG41: 0 | BH41: =BG41/BF41 -> 0
A42: 46270 | C42: 11.18 | D42: Sat | E42: NSW | H42: Randwick | I42: 7 | J42: 3 | K42: Attica | L42: 0.5 | M42: 12.5 | N42: 14.45 | O42: BFSP | Q42: Win | R42: 13.374 | S42: 3 | T42: =IF(($AA42="W"),ROUND(($L42*$R42),2),"0.00") -> 0.00 | U42: =BE42 -> -0.5 | V42: =V41+U42 -> -20 | W42: =W41+L42 -> 20 | X42: =SUM(V42/W42) -> -1 | Y42: =V42/100 -> -0.2 | Z42: =V42*100 -> -2000 | AA42: L | AT42: 12.1 | AU42: 12 | AV42: =((N42*(L42))-(L42)) -> 6.725 | AW42: =0.92*(N42-1)+1 -> 13.374 | AZ42: =IF(N42>=M42,"Yes","No") -> Yes | BB42: =IF(AA42="W", L42*(N42-1), -L42 ) -> -0.5 | BC42: =SUMIFS( $BB:$BB, $A:$A,$A42, $H:$H,$H42, $I:$I,$I42 ) -> -1 | BD42: =IF(BC42>0, BC42*0.92, BC42) -> -1 | BE42: =IF( BC42>0, IF( AA42="W", BB42 - (BC42 - BD42), BB42 ), BB42 ) -> -0.5 | BF42: {=SUMPRODUCT((1/COUNTIFS($A$3:$A42,$A$3:$A42,$H$3:$H42,$H$3:$H42,$I$3:$I42,$I$3:$I42)))} -> 18 | BG42: 0 | BH42: =BG42/BF42 -> 0
A43: 46270 | C43: 11.18 | D43: Sat | E43: NSW | H43: Randwick | I43: 7 | J43: 9 | K43: Soothsayer | L43: 0.5 | M43: 15.5 | N43: 24 | O43: BFSP | Q43: Win | R43: 22.16 | S43: 2 | T43: =IF(($AA43="W"),ROUND(($L43*$R43),2),"0.00") -> 0.00 | U43: =BE43 -> -0.5 | V43: =V42+U43 -> -20.5 | W43: =W42+L43 -> 20.5 | X43: =SUM(V43/W43) -> -1 | Y43: =V43/100 -> -0.205 | Z43: =V43*100 -> -2050 | AA43: L | AT43: 16 | AU43: 16 | AV43: =((N43*(L43))-(L43)) -> 11.5 | AW43: =0.92*(N43-1)+1 -> 22.16 | AZ43: =IF(N43>=M43,"Yes","No") -> Yes | BB43: =IF(AA43="W", L43*(N43-1), -L43 ) -> -0.5 | BC43: =SUMIFS( $BB:$BB, $A:$A,$A43, $H:$H,$H43, $I:$I,$I43 ) -> -1 | BD43: =IF(BC43>0, BC43*0.92, BC43) -> -1 | BE43: =IF( BC43>0, IF( AA43="W", BB43 - (BC43 - BD43), BB43 ), BB43 ) -> -0.5 | BF43: {=SUMPRODUCT((1/COUNTIFS($A$3:$A43,$A$3:$A43,$H$3:$H43,$H$3:$H43,$I$3:$I43,$I$3:$I43)))} -> 18 | BG43: 0 | BH43: =BG43/BF43 -> 0
A44: 46270 | C44: 11.18 | D44: Sat | E44: QLD | H44: Eagle Farm | I44: 8 | J44: 5 | K44: Warby | L44: 0.5 | M44: 9.4 | N44: 13.53 | O44: BFSP | Q44: Win | R44: 12.5276 | S44: un | T44: =IF(($AA44="W"),ROUND(($L44*$R44),2),"0.00") -> 0.00 | U44: =BE44 -> -0.5 | V44: =V43+U44 -> -21 | W44: =W43+L44 -> 21 | X44: =SUM(V44/W44) -> -1 | Y44: =V44/100 -> -0.21 | Z44: =V44*100 -> -2100 | AA44: L | AT44: 10.2 | AU44: 10 | AV44: =((N44*(L44))-(L44)) -> 6.265 | AW44: =0.92*(N44-1)+1 -> 12.5276 | AZ44: =IF(N44>=M44,"Yes","No") -> Yes | BB44: =IF(AA44="W", L44*(N44-1), -L44 ) -> -0.5 | BC44: =SUMIFS( $BB:$BB, $A:$A,$A44, $H:$H,$H44, $I:$I,$I44 ) -> -0.5 | BD44: =IF(BC44>0, BC44*0.92, BC44) -> -0.5 | BE44: =IF( BC44>0, IF( AA44="W", BB44 - (BC44 - BD44), BB44 ), BB44 ) -> -0.5 | BF44: {=SUMPRODUCT((1/COUNTIFS($A$3:$A44,$A$3:$A44,$H$3:$H44,$H$3:$H44,$I$3:$I44,$I$3:$I44)))} -> 19 | BG44: 0 | BH44: =BG44/BF44 -> 0
A45: 46270 | C45: 11.18 | D45: Sat | E45: NSW | H45: Randwick | I45: 8 | J45: 8 | K45: King's Secret | L45: 0.5 | M45: 29 | N45: 32 | O45: BFSP | Q45: Win | R45: 29.52 | S45: 4 | T45: =IF(($AA45="W"),ROUND(($L45*$R45),2),"0.00") -> 0.00 | U45: =BE45 -> -0.5 | V45: =V44+U45 -> -21.5 | W45: =W44+L45 -> 21.5 | X45: =SUM(V45/W45) -> -1 | Y45: =V45/100 -> -0.215 | Z45: =V45*100 -> -2150 | AA45: L | AT45: 31 | AU45: 31 | AV45: =((N45*(L45))-(L45)) -> 15.5 | AW45: =0.92*(N45-1)+1 -> 29.52 | AZ45: =IF(N45>=M45,"Yes","No") -> Yes | BB45: =IF(AA45="W", L45*(N45-1), -L45 ) -> -0.5 | BC45: =SUMIFS( $BB:$BB, $A:$A,$A45, $H:$H,$H45, $I:$I,$I45 ) -> -0.5 | BD45: =IF(BC45>0, BC45*0.92, BC45) -> -0.5 | BE45: =IF( BC45>0, IF( AA45="W", BB45 - (BC45 - BD45), BB45 ), BB45 ) -> -0.5 | BF45: {=SUMPRODUCT((1/COUNTIFS($A$3:$A45,$A$3:$A45,$H$3:$H45,$H$3:$H45,$I$3:$I45,$I$3:$I45)))} -> 20 | BG45: 0 | BH45: =BG45/BF45 -> 0
A46: 46270 | C46: 11.18 | D46: Sat | E46: QLD | H46: Eagle Farm | I46: 9 | J46: 5 | K46: Tiz Worthy | L46: 0.5 | M46: 23 | N46: 33.6 | O46: BFSP | Q46: Win | R46: 30.992 | S46: 2 | T46: =IF(($AA46="W"),ROUND(($L46*$R46),2),"0.00") -> 0.00 | U46: =BE46 -> -0.5 | V46: =V45+U46 -> -22 | W46: =W45+L46 -> 22 | X46: =SUM(V46/W46) -> -1 | Y46: =V46/100 -> -0.22 | Z46: =V46*100 -> -2200 | AA46: L | AT46: 26 | AU46: 31 | AV46: =((N46*(L46))-(L46)) -> 16.3 | AW46: =0.92*(N46-1)+1 -> 30.992 | AZ46: =IF(N46>=M46,"Yes","No") -> Yes | BB46: =IF(AA46="W", L46*(N46-1), -L46 ) -> -0.5 | BC46: =SUMIFS( $BB:$BB, $A:$A,$A46, $H:$H,$H46, $I:$I,$I46 ) -> -0.5 | BD46: =IF(BC46>0, BC46*0.92, BC46) -> -0.5 | BE46: =IF( BC46>0, IF( AA46="W", BB46 - (BC46 - BD46), BB46 ), BB46 ) -> -0.5 | BF46: {=SUMPRODUCT((1/COUNTIFS($A$3:$A46,$A$3:$A46,$H$3:$H46,$H$3:$H46,$I$3:$I46,$I$3:$I46)))} -> 21 | BG46: 0 | BH46: =BG46/BF46 -> 0
A47: 46270 | C47: 11.18 | D47: Sat | E47: QLD | H47: Eagle Farm | I47: 10 | J47: 1 | K47: Nettuno | L47: 0.5 | M47: 21 | N47: 33.91 | O47: BFSP | Q47: Win | R47: 31.2772 | S47: un | T47: =IF(($AA47="W"),ROUND(($L47*$R47),2),"0.00") -> 0.00 | U47: =BE47 -> -0.5 | V47: =V46+U47 -> -22.5 | W47: =W46+L47 -> 22.5 | X47: =SUM(V47/W47) -> -1 | Y47: =V47/100 -> -0.225 | Z47: =V47*100 -> -2250 | AA47: L | AT47: 26.8 | AU47: 21 | AV47: =((N47*(L47))-(L47)) -> 16.455 | AW47: =0.92*(N47-1)+1 -> 31.2772 | AZ47: =IF(N47>=M47,"Yes","No") -> Yes | BB47: =IF(AA47="W", L47*(N47-1), -L47 ) -> -0.5 | BC47: =SUMIFS( $BB:$BB, $A:$A,$A47, $H:$H,$H47, $I:$I,$I47 ) -> -1.5 | BD47: =IF(BC47>0, BC47*0.92, BC47) -> -1.5 | BE47: =IF( BC47>0, IF( AA47="W", BB47 - (BC47 - BD47), BB47 ), BB47 ) -> -0.5 | BF47: {=SUMPRODUCT((1/COUNTIFS($A$3:$A47,$A$3:$A47,$H$3:$H47,$H$3:$H47,$I$3:$I47,$I$3:$I47)))} -> 22 | BG47: 0 | BH47: =BG47/BF47 -> 0
A48: 46270 | C48: 11.18 | D48: Sat | E48: QLD | H48: Eagle Farm | I48: 10 | J48: 2 | K48: King Kapa | L48: 0.5 | M48: 8.2 | N48: 12 | O48: BFSP | Q48: Win | R48: 11.12 | S48: 2 | T48: =IF(($AA48="W"),ROUND(($L48*$R48),2),"0.00") -> 0.00 | U48: =BE48 -> -0.5 | V48: =V47+U48 -> -23 | W48: =W47+L48 -> 23 | X48: =SUM(V48/W48) -> -1 | Y48: =V48/100 -> -0.23 | Z48: =V48*100 -> -2300 | AA48: L | AT48: 9.9 | AU48: 9 | AV48: =((N48*(L48))-(L48)) -> 5.5 | AW48: =0.92*(N48-1)+1 -> 11.12 | AZ48: =IF(N48>=M48,"Yes","No") -> Yes | BB48: =IF(AA48="W", L48*(N48-1), -L48 ) -> -0.5 | BC48: =SUMIFS( $BB:$BB, $A:$A,$A48, $H:$H,$H48, $I:$I,$I48 ) -> -1.5 | BD48: =IF(BC48>0, BC48*0.92, BC48) -> -1.5 | BE48: =IF( BC48>0, IF( AA48="W", BB48 - (BC48 - BD48), BB48 ), BB48 ) -> -0.5 | BF48: {=SUMPRODUCT((1/COUNTIFS($A$3:$A48,$A$3:$A48,$H$3:$H48,$H$3:$H48,$I$3:$I48,$I$3:$I48)))} -> 22 | BG48: 0 | BH48: =BG48/BF48 -> 0
A49: 46270 | C49: 11.18 | D49: Sat | E49: QLD | H49: Eagle Farm | I49: 10 | J49: 8 | K49: She's Exotic | L49: 0.5 | M49: 10.5 | N49: 11 | O49: BFSP | Q49: Win | R49: 10.2 | S49: un | T49: =IF(($AA49="W"),ROUND(($L49*$R49),2),"0.00") -> 0.00 | U49: =BE49 -> -0.5 | V49: =V48+U49 -> -23.5 | W49: =W48+L49 -> 23.5 | X49: =SUM(V49/W49) -> -1 | Y49: =V49/100 -> -0.235 | Z49: =V49*100 -> -2350 | AA49: L | AT49: 10.1 | AU49: 9 | AV49: =((N49*(L49))-(L49)) -> 5 | AW49: =0.92*(N49-1)+1 -> 10.2 | AZ49: =IF(N49>=M49,"Yes","No") -> Yes | BB49: =IF(AA49="W", L49*(N49-1), -L49 ) -> -0.5 | BC49: =SUMIFS( $BB:$BB, $A:$A,$A49, $H:$H,$H49, $I:$I,$I49 ) -> -1.5 | BD49: =IF(BC49>0, BC49*0.92, BC49) -> -1.5 | BE49: =IF( BC49>0, IF( AA49="W", BB49 - (BC49 - BD49), BB49 ), BB49 ) -> -0.5 | BF49: {=SUMPRODUCT((1/COUNTIFS($A$3:$A49,$A$3:$A49,$H$3:$H49,$H$3:$H49,$I$3:$I49,$I$3:$I49)))} -> 22 | BG49: 0 | BH49: =BG49/BF49 -> 0
A50: 46270 | C50: 11.18 | D50: Sat | E50: NSW | H50: Randwick | I50: 10 | J50: 3 | K50: Fortune | L50: 0.5 | M50: 30 | N50: 46.14 | O50: BFSP | Q50: Win | R50: 42.5288 | S50: un | T50: =IF(($AA50="W"),ROUND(($L50*$R50),2),"0.00") -> 0.00 | U50: =BE50 -> -0.5 | V50: =V49+U50 -> -24 | W50: =W49+L50 -> 24 | X50: =SUM(V50/W50) -> -1 | Y50: =V50/100 -> -0.24 | Z50: =V50*100 -> -2400 | AA50: L | AT50: 38.8 | AU50: 31 | AV50: =((N50*(L50))-(L50)) -> 22.57 | AW50: =0.92*(N50-1)+1 -> 42.5288 | AZ50: =IF(N50>=M50,"Yes","No") -> Yes | BB50: =IF(AA50="W", L50*(N50-1), -L50 ) -> -0.5 | BC50: =SUMIFS( $BB:$BB, $A:$A,$A50, $H:$H,$H50, $I:$I,$I50 ) -> 0.9 | BD50: =IF(BC50>0, BC50*0.92, BC50) -> 0.828 | BE50: =IF( BC50>0, IF( AA50="W", BB50 - (BC50 - BD50), BB50 ), BB50 ) -> -0.5 | BF50: {=SUMPRODUCT((1/COUNTIFS($A$3:$A50,$A$3:$A50,$H$3:$H50,$H$3:$H50,$I$3:$I50,$I$3:$I50)))} -> 23 | BG50: 0 | BH50: =BG50/BF50 -> 0
A51: 46270 | C51: 11.18 | D51: Sat | E51: NSW | H51: Randwick | I51: 10 | J51: 5 | K51: Sneaky Sunrise | L51: 0.5 | M51: 12.5 | N51: 18.49 | O51: BFSP | Q51: Win | R51: 17.0908 | S51: un | T51: =IF(($AA51="W"),ROUND(($L51*$R51),2),"0.00") -> 0.00 | U51: =BE51 -> -0.5 | V51: =V50+U51 -> -24.5 | W51: =W50+L51 -> 24.5 | X51: =SUM(V51/W51) -> -1 | Y51: =V51/100 -> -0.245 | Z51: =V51*100 -> -2450 | AA51: L | AT51: 16 | AU51: 16 | AV51: =((N51*(L51))-(L51)) -> 8.745 | AW51: =0.92*(N51-1)+1 -> 17.0908 | AZ51: =IF(N51>=M51,"Yes","No") -> Yes | BB51: =IF(AA51="W", L51*(N51-1), -L51 ) -> -0.5 | BC51: =SUMIFS( $BB:$BB, $A:$A,$A51, $H:$H,$H51, $I:$I,$I51 ) -> 0.9 | BD51: =IF(BC51>0, BC51*0.92, BC51) -> 0.828 | BE51: =IF( BC51>0, IF( AA51="W", BB51 - (BC51 - BD51), BB51 ), BB51 ) -> -0.5 | BF51: {=SUMPRODUCT((1/COUNTIFS($A$3:$A51,$A$3:$A51,$H$3:$H51,$H$3:$H51,$I$3:$I51,$I$3:$I51)))} -> 23 | BG51: 0 | BH51: =BG51/BF51 -> 0
A52: 46270 | C52: 11.18 | D52: Sat | E52: NSW | H52: Randwick | I52: 10 | J52: 6 | K52: Franz Josef | L52: 0.5 | M52: 20 | N52: 35.88 | O52: BFSP | Q52: Win | R52: 33.0896 | S52: un | T52: =IF(($AA52="W"),ROUND(($L52*$R52),2),"0.00") -> 0.00 | U52: =BE52 -> -0.5 | V52: =V51+U52 -> -25 | W52: =W51+L52 -> 25 | X52: =SUM(V52/W52) -> -1 | Y52: =V52/100 -> -0.25 | Z52: =V52*100 -> -2500 | AA52: L | AT52: 34.9 | AU52: 31 | AV52: =((N52*(L52))-(L52)) -> 17.44 | AW52: =0.92*(N52-1)+1 -> 33.0896 | AZ52: =IF(N52>=M52,"Yes","No") -> Yes | BB52: =IF(AA52="W", L52*(N52-1), -L52 ) -> -0.5 | BC52: =SUMIFS( $BB:$BB, $A:$A,$A52, $H:$H,$H52, $I:$I,$I52 ) -> 0.9 | BD52: =IF(BC52>0, BC52*0.92, BC52) -> 0.828 | BE52: =IF( BC52>0, IF( AA52="W", BB52 - (BC52 - BD52), BB52 ), BB52 ) -> -0.5 | BF52: {=SUMPRODUCT((1/COUNTIFS($A$3:$A52,$A$3:$A52,$H$3:$H52,$H$3:$H52,$I$3:$I52,$I$3:$I52)))} -> 23 | BG52: 0 | BH52: =BG52/BF52 -> 0
A53: 46270 | C53: 11.18 | D53: Sat | E53: NSW | H53: Randwick | I53: 10 | J53: 7 | K53: Istolea Merc | L53: 0.5 | M53: 12 | N53: 16.5 | O53: BFSP | Q53: Win | R53: 15.26 | S53: un | T53: =IF(($AA53="W"),ROUND(($L53*$R53),2),"0.00") -> 0.00 | U53: =BE53 -> -0.5 | V53: =V52+U53 -> -25.5 | W53: =W52+L53 -> 25.5 | X53: =SUM(V53/W53) -> -1 | Y53: =V53/100 -> -0.255 | Z53: =V53*100 -> -2550 | AA53: L | AT53: 13 | AU53: 13 | AV53: =((N53*(L53))-(L53)) -> 7.75 | AW53: =0.92*(N53-1)+1 -> 15.26 | AZ53: =IF(N53>=M53,"Yes","No") -> Yes | BB53: =IF(AA53="W", L53*(N53-1), -L53 ) -> -0.5 | BC53: =SUMIFS( $BB:$BB, $A:$A,$A53, $H:$H,$H53, $I:$I,$I53 ) -> 0.9 | BD53: =IF(BC53>0, BC53*0.92, BC53) -> 0.828 | BE53: =IF( BC53>0, IF( AA53="W", BB53 - (BC53 - BD53), BB53 ), BB53 ) -> -0.5 | BF53: {=SUMPRODUCT((1/COUNTIFS($A$3:$A53,$A$3:$A53,$H$3:$H53,$H$3:$H53,$I$3:$I53,$I$3:$I53)))} -> 23 | BG53: 0 | BH53: =BG53/BF53 -> 0
A54: 46270 | C54: 11.18 | D54: Sat | E54: NSW | H54: Randwick | I54: 10 | J54: 9 | K54: The Mona Lisa | L54: 0.5 | M54: 7.8 | N54: 7.8 | O54: BFSP | Q54: Win | R54: 7.256 | S54: 1 | T54: =IF(($AA54="W"),ROUND(($L54*$R54),2),"0.00") -> 3.63 | U54: =BE54 -> 3.328 | V54: =V53+U54 -> -22.172 | W54: =W53+L54 -> 26 | X54: =SUM(V54/W54) -> -0.85276923 | Y54: =V54/100 -> -0.22172 | Z54: =V54*100 -> -2217.2 | AA54: W | AT54: 8.3 | AU54: 8 | AV54: =((N54*(L54))-(L54)) -> 3.4 | AW54: =0.92*(N54-1)+1 -> 7.256 | AZ54: =IF(N54>=M54,"Yes","No") -> Yes | BB54: =IF(AA54="W", L54*(N54-1), -L54 ) -> 3.4 | BC54: =SUMIFS( $BB:$BB, $A:$A,$A54, $H:$H,$H54, $I:$I,$I54 ) -> 0.9 | BD54: =IF(BC54>0, BC54*0.92, BC54) -> 0.828 | BE54: =IF( BC54>0, IF( AA54="W", BB54 - (BC54 - BD54), BB54 ), BB54 ) -> 3.328 | BF54: {=SUMPRODUCT((1/COUNTIFS($A$3:$A54,$A$3:$A54,$H$3:$H54,$H$3:$H54,$I$3:$I54,$I$3:$I54)))} -> 23 | BG54: 1 | BH54: =BG54/BF54 -> 0.043478261
A55: 46270 | C55: 11.18 | D55: Sat | E55: NSW | H55: Randwick | I55: 10 | J55: 11 | K55: Pinhole | L55: 0.5 | M55: 19 | N55: 29.76 | O55: BFSP | Q55: Win | R55: 27.4592 | S55: 3 | T55: =IF(($AA55="W"),ROUND(($L55*$R55),2),"0.00") -> 0.00 | U55: =BE55 -> -0.5 | V55: =V54+U55 -> -22.672 | W55: =W54+L55 -> 26.5 | X55: =SUM(V55/W55) -> -0.85554717 | Y55: =V55/100 -> -0.22672 | Z55: =V55*100 -> -2267.2 | AA55: L | AT55: 21.2 | AU55: 26 | AV55: =((N55*(L55))-(L55)) -> 14.38 | AW55: =0.92*(N55-1)+1 -> 27.4592 | AZ55: =IF(N55>=M55,"Yes","No") -> Yes | BB55: =IF(AA55="W", L55*(N55-1), -L55 ) -> -0.5 | BC55: =SUMIFS( $BB:$BB, $A:$A,$A55, $H:$H,$H55, $I:$I,$I55 ) -> 0.9 | BD55: =IF(BC55>0, BC55*0.92, BC55) -> 0.828 | BE55: =IF( BC55>0, IF( AA55="W", BB55 - (BC55 - BD55), BB55 ), BB55 ) -> -0.5 | BF55: {=SUMPRODUCT((1/COUNTIFS($A$3:$A55,$A$3:$A55,$H$3:$H55,$H$3:$H55,$I$3:$I55,$I$3:$I55)))} -> 23 | BG55: 1 | BH55: =BG55/BF55 -> 0.043478261
A56: 46277 | C56: 10.46 | D56: Sat | E56: QLD | H56: Doomben | I56: 1 | J56: 4 | K56: Zaher | L56: 0.5 | M56: 24 | N56: 40 | O56: BFSP | Q56: Win | R56: 36.88 | S56: un | T56: =IF(($AA56="W"),ROUND(($L56*$R56),2),"0.00") -> 0.00 | U56: =BE56 -> -0.5 | V56: =V55+U56 -> -23.172 | W56: =W55+L56 -> 27 | X56: =SUM(V56/W56) -> -0.85822222 | Y56: =V56/100 -> -0.23172 | Z56: =V56*100 -> -2317.2 | AA56: L | AT56: 26 | AU56: 26 | AV56: =((N56*(L56))-(L56)) -> 19.5 | AW56: =0.92*(N56-1)+1 -> 36.88 | AZ56: =IF(N56>=M56,"Yes","No") -> Yes | BB56: =IF(AA56="W", L56*(N56-1), -L56 ) -> -0.5 | BC56: =SUMIFS( $BB:$BB, $A:$A,$A56, $H:$H,$H56, $I:$I,$I56 ) -> -1 | BD56: =IF(BC56>0, BC56*0.92, BC56) -> -1 | BE56: =IF( BC56>0, IF( AA56="W", BB56 - (BC56 - BD56), BB56 ), BB56 ) -> -0.5 | BF56: {=SUMPRODUCT((1/COUNTIFS($A$3:$A56,$A$3:$A56,$H$3:$H56,$H$3:$H56,$I$3:$I56,$I$3:$I56)))} -> 24 | BG56: 1 | BH56: =BG56/BF56 -> 0.041666667
A57: 46277 | C57: 10.46 | D57: Sat | E57: QLD | H57: Doomben | I57: 1 | J57: 13 | K57: Always A Rainbow | L57: 0.5 | M57: 8.2 | N57: 8.2 | O57: BFSP | Q57: Win | R57: 7.624 | S57: 3 | T57: =IF(($AA57="W"),ROUND(($L57*$R57),2),"0.00") -> 0.00 | U57: =BE57 -> -0.5 | V57: =V56+U57 -> -23.672 | W57: =W56+L57 -> 27.5 | X57: =SUM(V57/W57) -> -0.8608 | Y57: =V57/100 -> -0.23672 | Z57: =V57*100 -> -2367.2 | AA57: L | AT57: 6.5 | AU57: 6.5 | AV57: =((N57*(L57))-(L57)) -> 3.6 | AW57: =0.92*(N57-1)+1 -> 7.624 | AZ57: =IF(N57>=M57,"Yes","No") -> Yes | BB57: =IF(AA57="W", L57*(N57-1), -L57 ) -> -0.5 | BC57: =SUMIFS( $BB:$BB, $A:$A,$A57, $H:$H,$H57, $I:$I,$I57 ) -> -1 | BD57: =IF(BC57>0, BC57*0.92, BC57) -> -1 | BE57: =IF( BC57>0, IF( AA57="W", BB57 - (BC57 - BD57), BB57 ), BB57 ) -> -0.5 | BF57: {=SUMPRODUCT((1/COUNTIFS($A$3:$A57,$A$3:$A57,$H$3:$H57,$H$3:$H57,$I$3:$I57,$I$3:$I57)))} -> 24 | BG57: 1 | BH57: =BG57/BF57 -> 0.041666667
A58: 46277 | C58: 10.46 | D58: Sat | E58: NSW | H58: Rosehill | I58: 1 | J58: 6 | K58: Nimble Star | L58: 0.5 | M58: 10.5 | N58: 14.5 | O58: BFSP | Q58: Win | R58: 13.42 | S58: un | T58: =IF(($AA58="W"),ROUND(($L58*$R58),2),"0.00") -> 0.00 | U58: =BE58 -> -0.5 | V58: =V57+U58 -> -24.172 | W58: =W57+L58 -> 28 | X58: =SUM(V58/W58) -> -0.86328571 | Y58: =V58/100 -> -0.24172 | Z58: =V58*100 -> -2417.2 | AA58: L | AT58: 12 | AU58: 11 | AV58: =((N58*(L58))-(L58)) -> 6.75 | AW58: =0.92*(N58-1)+1 -> 13.42 | AZ58: =IF(N58>=M58,"Yes","No") -> Yes | BB58: =IF(AA58="W", L58*(N58-1), -L58 ) -> -0.5 | BC58: =SUMIFS( $BB:$BB, $A:$A,$A58, $H:$H,$H58, $I:$I,$I58 ) -> -1.5 | BD58: =IF(BC58>0, BC58*0.92, BC58) -> -1.5 | BE58: =IF( BC58>0, IF( AA58="W", BB58 - (BC58 - BD58), BB58 ), BB58 ) -> -0.5 | BF58: {=SUMPRODUCT((1/COUNTIFS($A$3:$A58,$A$3:$A58,$H$3:$H58,$H$3:$H58,$I$3:$I58,$I$3:$I58)))} -> 25 | BG58: 1 | BH58: =BG58/BF58 -> 0.04
A59: 46277 | C59: 10.46 | D59: Sat | E59: NSW | H59: Rosehill | I59: 1 | J59: 13 | K59: Yiasou | L59: 0.5 | M59: 29 | N59: 76.23 | O59: BFSP | Q59: Win | R59: 70.2116 | S59: un | T59: =IF(($AA59="W"),ROUND(($L59*$R59),2),"0.00") -> 0.00 | U59: =BE59 -> -0.5 | V59: =V58+U59 -> -24.672 | W59: =W58+L59 -> 28.5 | X59: =SUM(V59/W59) -> -0.86568421 | Y59: =V59/100 -> -0.24672 | Z59: =V59*100 -> -2467.2 | AA59: L | AT59: 61 | AU59: 61 | AV59: =((N59*(L59))-(L59)) -> 37.615 | AW59: =0.92*(N59-1)+1 -> 70.2116 | AZ59: =IF(N59>=M59,"Yes","No") -> Yes | BB59: =IF(AA59="W", L59*(N59-1), -L59 ) -> -0.5 | BC59: =SUMIFS( $BB:$BB, $A:$A,$A59, $H:$H,$H59, $I:$I,$I59 ) -> -1.5 | BD59: =IF(BC59>0, BC59*0.92, BC59) -> -1.5 | BE59: =IF( BC59>0, IF( AA59="W", BB59 - (BC59 - BD59), BB59 ), BB59 ) -> -0.5 | BF59: {=SUMPRODUCT((1/COUNTIFS($A$3:$A59,$A$3:$A59,$H$3:$H59,$H$3:$H59,$I$3:$I59,$I$3:$I59)))} -> 25 | BG59: 1 | BH59: =BG59/BF59 -> 0.04
A60: 46277 | C60: 10.46 | D60: Sat | E60: NSW | H60: Rosehill | I60: 1 | J60: 14 | K60: I Am Steffi | L60: 0.5 | M60: 12 | N60: 23 | O60: BFSP | Q60: Win | R60: 21.24 | S60: un | T60: =IF(($AA60="W"),ROUND(($L60*$R60),2),"0.00") -> 0.00 | U60: =BE60 -> -0.5 | V60: =V59+U60 -> -25.172 | W60: =W59+L60 -> 29 | X60: =SUM(V60/W60) -> -0.868 | Y60: =V60/100 -> -0.25172 | Z60: =V60*100 -> -2517.2 | AA60: L | AT60: 18 | AU60: 18 | AV60: =((N60*(L60))-(L60)) -> 11 | AW60: =0.92*(N60-1)+1 -> 21.24 | AZ60: =IF(N60>=M60,"Yes","No") -> Yes | BB60: =IF(AA60="W", L60*(N60-1), -L60 ) -> -0.5 | BC60: =SUMIFS( $BB:$BB, $A:$A,$A60, $H:$H,$H60, $I:$I,$I60 ) -> -1.5 | BD60: =IF(BC60>0, BC60*0.92, BC60) -> -1.5 | BE60: =IF( BC60>0, IF( AA60="W", BB60 - (BC60 - BD60), BB60 ), BB60 ) -> -0.5 | BF60: {=SUMPRODUCT((1/COUNTIFS($A$3:$A60,$A$3:$A60,$H$3:$H60,$H$3:$H60,$I$3:$I60,$I$3:$I60)))} -> 25 | BG60: 1 | BH60: =BG60/BF60 -> 0.04
A61: 46277 | C61: 10.46 | D61: Sat | E61: QLD | H61: Doomben | I61: 2 | J61: 2 | K61: Felix The Scat | L61: 0.5 | M61: 9.8 | N61: 12 | O61: BFSP | Q61: Win | R61: 11.12 | S61: un | T61: =IF(($AA61="W"),ROUND(($L61*$R61),2),"0.00") -> 0.00 | U61: =BE61 -> -0.5 | V61: =V60+U61 -> -25.672 | W61: =W60+L61 -> 29.5 | X61: =SUM(V61/W61) -> -0.87023729 | Y61: =V61/100 -> -0.25672 | Z61: =V61*100 -> -2567.2 | AA61: L | AT61: 11 | AU61: 10 | AV61: =((N61*(L61))-(L61)) -> 5.5 | AW61: =0.92*(N61-1)+1 -> 11.12 | AZ61: =IF(N61>=M61,"Yes","No") -> Yes | BB61: =IF(AA61="W", L61*(N61-1), -L61 ) -> -0.5 | BC61: =SUMIFS( $BB:$BB, $A:$A,$A61, $H:$H,$H61, $I:$I,$I61 ) -> -0.5 | BD61: =IF(BC61>0, BC61*0.92, BC61) -> -0.5 | BE61: =IF( BC61>0, IF( AA61="W", BB61 - (BC61 - BD61), BB61 ), BB61 ) -> -0.5 | BF61: {=SUMPRODUCT((1/COUNTIFS($A$3:$A61,$A$3:$A61,$H$3:$H61,$H$3:$H61,$I$3:$I61,$I$3:$I61)))} -> 26 | BG61: 1 | BH61: =BG61/BF61 -> 0.038461538
A62: 46277 | C62: 10.46 | D62: Sat | E62: NSW | H62: Rosehill | I62: 2 | J62: 14 | K62: Twinkling Star | L62: 0.5 | M62: 24 | N62: 28.11 | O62: BFSP | Q62: Win | R62: 25.9412 | S62: un | T62: =IF(($AA62="W"),ROUND(($L62*$R62),2),"0.00") -> 0.00 | U62: =BE62 -> -0.5 | V62: =V61+U62 -> -26.172 | W62: =W61+L62 -> 30 | X62: =SUM(V62/W62) -> -0.8724 | Y62: =V62/100 -> -0.26172 | Z62: =V62*100 -> -2617.2 | AA62: L | AT62: 35.1 | AU62: 26 | AV62: =((N62*(L62))-(L62)) -> 13.555 | AW62: =0.92*(N62-1)+1 -> 25.9412 | AZ62: =IF(N62>=M62,"Yes","No") -> Yes | BB62: =IF(AA62="W", L62*(N62-1), -L62 ) -> -0.5 | BC62: =SUMIFS( $BB:$BB, $A:$A,$A62, $H:$H,$H62, $I:$I,$I62 ) -> -0.5 | BD62: =IF(BC62>0, BC62*0.92, BC62) -> -0.5 | BE62: =IF( BC62>0, IF( AA62="W", BB62 - (BC62 - BD62), BB62 ), BB62 ) -> -0.5 | BF62: {=SUMPRODUCT((1/COUNTIFS($A$3:$A62,$A$3:$A62,$H$3:$H62,$H$3:$H62,$I$3:$I62,$I$3:$I62)))} -> 27 | BG62: 1 | BH62: =BG62/BF62 -> 0.037037037
A63: 46277 | C63: 10.46 | D63: Sat | E63: QLD | H63: Doomben | I63: 3 | J63: 1 | K63: Galano | L63: 0.5 | M63: 24 | N63: 29.37 | O63: BFSP | Q63: Win | R63: 27.1004 | S63: un | T63: =IF(($AA63="W"),ROUND(($L63*$R63),2),"0.00") -> 0.00 | U63: =BE63 -> -0.5 | V63: =V62+U63 -> -26.672 | W63: =W62+L63 -> 30.5 | X63: =SUM(V63/W63) -> -0.8744918 | Y63: =V63/100 -> -0.26672 | Z63: =V63*100 -> -2667.2 | AA63: L | AT63: 22.8 | AU63: 20 | AV63: =((N63*(L63))-(L63)) -> 14.185 | AW63: =0.92*(N63-1)+1 -> 27.1004 | AZ63: =IF(N63>=M63,"Yes","No") -> Yes | BB63: =IF(AA63="W", L63*(N63-1), -L63 ) -> -0.5 | BC63: =SUMIFS( $BB:$BB, $A:$A,$A63, $H:$H,$H63, $I:$I,$I63 ) -> 19.765 | BD63: =IF(BC63>0, BC63*0.92, BC63) -> 18.1838 | BE63: =IF( BC63>0, IF( AA63="W", BB63 - (BC63 - BD63), BB63 ), BB63 ) -> -0.5 | BF63: {=SUMPRODUCT((1/COUNTIFS($A$3:$A63,$A$3:$A63,$H$3:$H63,$H$3:$H63,$I$3:$I63,$I$3:$I63)))} -> 28 | BG63: 1 | BH63: =BG63/BF63 -> 0.035714286
A64: 46277 | C64: 10.46 | D64: Sat | E64: QLD | H64: Doomben | I64: 3 | J64: 9 | K64: Liberty Park | L64: 0.5 | M64: 22 | N64: 41.53 | O64: BFSP | Q64: Win | R64: 38.2876 | S64: 1 | T64: =IF(($AA64="W"),ROUND(($L64*$R64),2),"0.00") -> 19.14 | U64: =BE64 -> 18.6838 | V64: =V63+U64 -> -7.9882 | W64: =W63+L64 -> 31 | X64: =SUM(V64/W64) -> -0.25768387 | Y64: =V64/100 -> -0.079882 | Z64: =V64*100 -> -798.82 | AA64: W | AT64: 31.3 | AU64: 26 | AV64: =((N64*(L64))-(L64)) -> 20.265 | AW64: =0.92*(N64-1)+1 -> 38.2876 | AZ64: =IF(N64>=M64,"Yes","No") -> Yes | BB64: =IF(AA64="W", L64*(N64-1), -L64 ) -> 20.265 | BC64: =SUMIFS( $BB:$BB, $A:$A,$A64, $H:$H,$H64, $I:$I,$I64 ) -> 19.765 | BD64: =IF(BC64>0, BC64*0.92, BC64) -> 18.1838 | BE64: =IF( BC64>0, IF( AA64="W", BB64 - (BC64 - BD64), BB64 ), BB64 ) -> 18.6838 | BF64: {=SUMPRODUCT((1/COUNTIFS($A$3:$A64,$A$3:$A64,$H$3:$H64,$H$3:$H64,$I$3:$I64,$I$3:$I64)))} -> 28 | BG64: 2 | BH64: =BG64/BF64 -> 0.071428571
A65: 46277 | C65: 10.46 | D65: Sat | E65: NSW | H65: Rosehill | I65: 3 | J65: 7 | K65: Seo Linn | L65: 0.5 | M65: 7 | N65: 10.5 | O65: BFSP | Q65: Win | R65: 9.74 | S65: un | T65: =IF(($AA65="W"),ROUND(($L65*$R65),2),"0.00") -> 0.00 | U65: =BE65 -> -0.5 | V65: =V64+U65 -> -8.4882 | W65: =W64+L65 -> 31.5 | X65: =SUM(V65/W65) -> -0.26946667 | Y65: =V65/100 -> -0.084882 | Z65: =V65*100 -> -848.82 | AA65: L | AT65: 7.9 | AU65: 7 | AV65: =((N65*(L65))-(L65)) -> 4.75 | AW65: =0.92*(N65-1)+1 -> 9.74 | AZ65: =IF(N65>=M65,"Yes","No") -> Yes | BB65: =IF(AA65="W", L65*(N65-1), -L65 ) -> -0.5 | BC65: =SUMIFS( $BB:$BB, $A:$A,$A65, $H:$H,$H65, $I:$I,$I65 ) -> -0.5 | BD65: =IF(BC65>0, BC65*0.92, BC65) -> -0.5 | BE65: =IF( BC65>0, IF( AA65="W", BB65 - (BC65 - BD65), BB65 ), BB65 ) -> -0.5 | BF65: {=SUMPRODUCT((1/COUNTIFS($A$3:$A65,$A$3:$A65,$H$3:$H65,$H$3:$H65,$I$3:$I65,$I$3:$I65)))} -> 29 | BG65: 2 | BH65: =BG65/BF65 -> 0.068965517
A66: 46277 | C66: 10.46 | D66: Sat | E66: QLD | H66: Doomben | I66: 4 | J66: 2 | K66: Yet He Moves | L66: 0.5 | M66: 19 | N66: 40.83 | O66: BFSP | Q66: Win | R66: 37.6436 | S66: 4 | T66: =IF(($AA66="W"),ROUND(($L66*$R66),2),"0.00") -> 0.00 | U66: =BE66 -> -0.5 | V66: =V65+U66 -> -8.9882 | W66: =W65+L66 -> 32 | X66: =SUM(V66/W66) -> -0.28088125 | Y66: =V66/100 -> -0.089882 | Z66: =V66*100 -> -898.82 | AA66: L | AT66: 26.5 | AU66: 26 | AV66: =((N66*(L66))-(L66)) -> 19.915 | AW66: =0.92*(N66-1)+1 -> 37.6436 | AZ66: =IF(N66>=M66,"Yes","No") -> Yes | BB66: =IF(AA66="W", L66*(N66-1), -L66 ) -> -0.5 | BC66: =SUMIFS( $BB:$BB, $A:$A,$A66, $H:$H,$H66, $I:$I,$I66 ) -> -1.5 | BD66: =IF(BC66>0, BC66*0.92, BC66) -> -1.5 | BE66: =IF( BC66>0, IF( AA66="W", BB66 - (BC66 - BD66), BB66 ), BB66 ) -> -0.5 | BF66: {=SUMPRODUCT((1/COUNTIFS($A$3:$A66,$A$3:$A66,$H$3:$H66,$H$3:$H66,$I$3:$I66,$I$3:$I66)))} -> 30 | BG66: 2 | BH66: =BG66/BF66 -> 0.066666667
A67: 46277 | C67: 10.46 | D67: Sat | E67: QLD | H67: Doomben | I67: 4 | J67: 4 | K67: Noble Conqueror | L67: 0.5 | M67: 12 | N67: 24.93 | O67: BFSP | Q67: Win | R67: 23.0156 | S67: un | T67: =IF(($AA67="W"),ROUND(($L67*$R67),2),"0.00") -> 0.00 | U67: =BE67 -> -0.5 | V67: =V66+U67 -> -9.4882 | W67: =W66+L67 -> 32.5 | X67: =SUM(V67/W67) -> -0.29194462 | Y67: =V67/100 -> -0.094882 | Z67: =V67*100 -> -948.82 | AA67: L | AT67: 17.2 | AU67: 15 | AV67: =((N67*(L67))-(L67)) -> 11.965 | AW67: =0.92*(N67-1)+1 -> 23.0156 | AZ67: =IF(N67>=M67,"Yes","No") -> Yes | BB67: =IF(AA67="W", L67*(N67-1), -L67 ) -> -0.5 | BC67: =SUMIFS( $BB:$BB, $A:$A,$A67, $H:$H,$H67, $I:$I,$I67 ) -> -1.5 | BD67: =IF(BC67>0, BC67*0.92, BC67) -> -1.5 | BE67: =IF( BC67>0, IF( AA67="W", BB67 - (BC67 - BD67), BB67 ), BB67 ) -> -0.5 | BF67: {=SUMPRODUCT((1/COUNTIFS($A$3:$A67,$A$3:$A67,$H$3:$H67,$H$3:$H67,$I$3:$I67,$I$3:$I67)))} -> 30 | BG67: 2 | BH67: =BG67/BF67 -> 0.066666667
A68: 46277 | C68: 10.46 | D68: Sat | E68: QLD | H68: Doomben | I68: 4 | J68: 6 | K68: Prince Levi | L68: 0.5 | M68: 17 | N68: 19.07 | O68: BFSP | Q68: Win | R68: 17.6244 | S68: un | T68: =IF(($AA68="W"),ROUND(($L68*$R68),2),"0.00") -> 0.00 | U68: =BE68 -> -0.5 | V68: =V67+U68 -> -9.9882 | W68: =W67+L68 -> 33 | X68: =SUM(V68/W68) -> -0.30267273 | Y68: =V68/100 -> -0.099882 | Z68: =V68*100 -> -998.82 | AA68: L | AT68: 15 | AU68: 16 | AV68: =((N68*(L68))-(L68)) -> 9.035 | AW68: =0.92*(N68-1)+1 -> 17.6244 | AZ68: =IF(N68>=M68,"Yes","No") -> Yes | BB68: =IF(AA68="W", L68*(N68-1), -L68 ) -> -0.5 | BC68: =SUMIFS( $BB:$BB, $A:$A,$A68, $H:$H,$H68, $I:$I,$I68 ) -> -1.5 | BD68: =IF(BC68>0, BC68*0.92, BC68) -> -1.5 | BE68: =IF( BC68>0, IF( AA68="W", BB68 - (BC68 - BD68), BB68 ), BB68 ) -> -0.5 | BF68: {=SUMPRODUCT((1/COUNTIFS($A$3:$A68,$A$3:$A68,$H$3:$H68,$H$3:$H68,$I$3:$I68,$I$3:$I68)))} -> 30 | BG68: 2 | BH68: =BG68/BF68 -> 0.066666667
A69: 46277 | C69: 10.46 | D69: Sat | E69: NSW | H69: Rosehill | I69: 4 | J69: 1 | K69: Bold Mac | L69: 0.5 | M69: 38 | N69: 38 | O69: BFSP | Q69: Win | R69: 35.04 | S69: un | T69: =IF(($AA69="W"),ROUND(($L69*$R69),2),"0.00") -> 0.00 | U69: =BE69 -> -0.5 | V69: =V68+U69 -> -10.4882 | W69: =W68+L69 -> 33.5 | X69: =SUM(V69/W69) -> -0.3130806 | Y69: =V69/100 -> -0.104882 | Z69: =V69*100 -> -1048.82 | AA69: L | AT69: 34 | AU69: 31 | AV69: =((N69*(L69))-(L69)) -> 18.5 | AW69: =0.92*(N69-1)+1 -> 35.04 | AZ69: =IF(N69>=M69,"Yes","No") -> Yes | BB69: =IF(AA69="W", L69*(N69-1), -L69 ) -> -0.5 | BC69: =SUMIFS( $BB:$BB, $A:$A,$A69, $H:$H,$H69, $I:$I,$I69 ) -> -2.5 | BD69: =IF(BC69>0, BC69*0.92, BC69) -> -2.5 | BE69: =IF( BC69>0, IF( AA69="W", BB69 - (BC69 - BD69), BB69 ), BB69 ) -> -0.5 | BF69: {=SUMPRODUCT((1/COUNTIFS($A$3:$A69,$A$3:$A69,$H$3:$H69,$H$3:$H69,$I$3:$I69,$I$3:$I69)))} -> 31 | BG69: 2 | BH69: =BG69/BF69 -> 0.064516129
A70: 46277 | C70: 10.46 | D70: Sat | E70: NSW | H70: Rosehill | I70: 4 | J70: 4 | K70: Medatsu | L70: 0.5 | M70: 27 | N70: 38.54 | O70: BFSP | Q70: Win | R70: 35.5368 | S70: 3 | T70: =IF(($AA70="W"),ROUND(($L70*$R70),2),"0.00") -> 0.00 | U70: =BE70 -> -0.5 | V70: =V69+U70 -> -10.9882 | W70: =W69+L70 -> 34 | X70: =SUM(V70/W70) -> -0.32318235 | Y70: =V70/100 -> -0.109882 | Z70: =V70*100 -> -1098.82 | AA70: L | AT70: 30.5 | AU70: 31 | AV70: =((N70*(L70))-(L70)) -> 18.77 | AW70: =0.92*(N70-1)+1 -> 35.5368 | AZ70: =IF(N70>=M70,"Yes","No") -> Yes | BB70: =IF(AA70="W", L70*(N70-1), -L70 ) -> -0.5 | BC70: =SUMIFS( $BB:$BB, $A:$A,$A70, $H:$H,$H70, $I:$I,$I70 ) -> -2.5 | BD70: =IF(BC70>0, BC70*0.92, BC70) -> -2.5 | BE70: =IF( BC70>0, IF( AA70="W", BB70 - (BC70 - BD70), BB70 ), BB70 ) -> -0.5 | BF70: {=SUMPRODUCT((1/COUNTIFS($A$3:$A70,$A$3:$A70,$H$3:$H70,$H$3:$H70,$I$3:$I70,$I$3:$I70)))} -> 31 | BG70: 2 | BH70: =BG70/BF70 -> 0.064516129
A71: 46277 | C71: 10.46 | D71: Sat | E71: NSW | H71: Rosehill | I71: 4 | J71: 5 | K71: Aethelflaed | L71: 0.5 | M71: 15 | N71: 29.49 | O71: BFSP | Q71: Win | R71: 27.2108 | S71: un | T71: =IF(($AA71="W"),ROUND(($L71*$R71),2),"0.00") -> 0.00 | U71: =BE71 -> -0.5 | V71: =V70+U71 -> -11.4882 | W71: =W70+L71 -> 34.5 | X71: =SUM(V71/W71) -> -0.3329913 | Y71: =V71/100 -> -0.114882 | Z71: =V71*100 -> -1148.82 | AA71: L | AT71: 17 | AU71: 19 | AV71: =((N71*(L71))-(L71)) -> 14.245 | AW71: =0.92*(N71-1)+1 -> 27.2108 | AZ71: =IF(N71>=M71,"Yes","No") -> Yes | BB71: =IF(AA71="W", L71*(N71-1), -L71 ) -> -0.5 | BC71: =SUMIFS( $BB:$BB, $A:$A,$A71, $H:$H,$H71, $I:$I,$I71 ) -> -2.5 | BD71: =IF(BC71>0, BC71*0.92, BC71) -> -2.5 | BE71: =IF( BC71>0, IF( AA71="W", BB71 - (BC71 - BD71), BB71 ), BB71 ) -> -0.5 | BF71: {=SUMPRODUCT((1/COUNTIFS($A$3:$A71,$A$3:$A71,$H$3:$H71,$H$3:$H71,$I$3:$I71,$I$3:$I71)))} -> 31 | BG71: 2 | BH71: =BG71/BF71 -> 0.064516129
A72: 46277 | C72: 10.46 | D72: Sat | E72: NSW | H72: Rosehill | I72: 4 | J72: 8 | K72: Savisanta | L72: 0.5 | M72: 11 | N72: 11 | O72: BFSP | Q72: Win | R72: 10.2 | S72: un | T72: =IF(($AA72="W"),ROUND(($L72*$R72),2),"0.00") -> 0.00 | U72: =BE72 -> -0.5 | V72: =V71+U72 -> -11.9882 | W72: =W71+L72 -> 35 | X72: =SUM(V72/W72) -> -0.34252 | Y72: =V72/100 -> -0.119882 | Z72: =V72*100 -> -1198.82 | AA72: L | AT72: 9.5 | AU72: 10 | AV72: =((N72*(L72))-(L72)) -> 5 | AW72: =0.92*(N72-1)+1 -> 10.2 | AZ72: =IF(N72>=M72,"Yes","No") -> Yes | BB72: =IF(AA72="W", L72*(N72-1), -L72 ) -> -0.5 | BC72: =SUMIFS( $BB:$BB, $A:$A,$A72, $H:$H,$H72, $I:$I,$I72 ) -> -2.5 | BD72: =IF(BC72>0, BC72*0.92, BC72) -> -2.5 | BE72: =IF( BC72>0, IF( AA72="W", BB72 - (BC72 - BD72), BB72 ), BB72 ) -> -0.5 | BF72: {=SUMPRODUCT((1/COUNTIFS($A$3:$A72,$A$3:$A72,$H$3:$H72,$H$3:$H72,$I$3:$I72,$I$3:$I72)))} -> 31 | BG72: 2 | BH72: =BG72/BF72 -> 0.064516129
A73: 46277 | C73: 10.46 | D73: Sat | E73: NSW | H73: Rosehill | I73: 4 | J73: 9 | K73: Furious | L73: 0.5 | M73: 25 | N73: 25.67 | O73: BFSP | Q73: Win | R73: 23.6964 | S73: un | T73: =IF(($AA73="W"),ROUND(($L73*$R73),2),"0.00") -> 0.00 | U73: =BE73 -> -0.5 | V73: =V72+U73 -> -12.4882 | W73: =W72+L73 -> 35.5 | X73: =SUM(V73/W73) -> -0.35178028 | Y73: =V73/100 -> -0.124882 | Z73: =V73*100 -> -1248.82 | AA73: L | AT73: 22.8 | AU73: 26 | AV73: =((N73*(L73))-(L73)) -> 12.335 | AW73: =0.92*(N73-1)+1 -> 23.6964 | AZ73: =IF(N73>=M73,"Yes","No") -> Yes | BB73: =IF(AA73="W", L73*(N73-1), -L73 ) -> -0.5 | BC73: =SUMIFS( $BB:$BB, $A:$A,$A73, $H:$H,$H73, $I:$I,$I73 ) -> -2.5 | BD73: =IF(BC73>0, BC73*0.92, BC73) -> -2.5 | BE73: =IF( BC73>0, IF( AA73="W", BB73 - (BC73 - BD73), BB73 ), BB73 ) -> -0.5 | BF73: {=SUMPRODUCT((1/COUNTIFS($A$3:$A73,$A$3:$A73,$H$3:$H73,$H$3:$H73,$I$3:$I73,$I$3:$I73)))} -> 31 | BG73: 2 | BH73: =BG73/BF73 -> 0.064516129
A74: 46277 | C74: 10.46 | D74: Sat | E74: QLD | H74: Doomben | I74: 5 | J74: 14 | K74: Provance | L74: 0.5 | M74: 27 | N74: 29 | O74: BFSP | Q74: Win | R74: 26.76 | S74: un | T74: =IF(($AA74="W"),ROUND(($L74*$R74),2),"0.00") -> 0.00 | U74: =BE74 -> -0.5 | V74: =V73+U74 -> -12.9882 | W74: =W73+L74 -> 36 | X74: =SUM(V74/W74) -> -0.36078333 | Y74: =V74/100 -> -0.129882 | Z74: =V74*100 -> -1298.82 | AA74: L | AT74: 26 | AU74: 26 | AV74: =((N74*(L74))-(L74)) -> 14 | AW74: =0.92*(N74-1)+1 -> 26.76 | AZ74: =IF(N74>=M74,"Yes","No") -> Yes | BB74: =IF(AA74="W", L74*(N74-1), -L74 ) -> -0.5 | BC74: =SUMIFS( $BB:$BB, $A:$A,$A74, $H:$H,$H74, $I:$I,$I74 ) -> -0.5 | BD74: =IF(BC74>0, BC74*0.92, BC74) -> -0.5 | BE74: =IF( BC74>0, IF( AA74="W", BB74 - (BC74 - BD74), BB74 ), BB74 ) -> -0.5 | BF74: {=SUMPRODUCT((1/COUNTIFS($A$3:$A74,$A$3:$A74,$H$3:$H74,$H$3:$H74,$I$3:$I74,$I$3:$I74)))} -> 32 | BG74: 2 | BH74: =BG74/BF74 -> 0.0625
A75: 46277 | C75: 10.46 | D75: Sat | E75: NSW | H75: Rosehill | I75: 5 | J75: 3 | K75: Mr Verse | L75: 0.5 | M75: 6.8 | N75: 8 | O75: BFSP | Q75: Win | R75: 7.44 | S75: un | T75: =IF(($AA75="W"),ROUND(($L75*$R75),2),"0.00") -> 0.00 | U75: =BE75 -> -0.5 | V75: =V74+U75 -> -13.4882 | W75: =W74+L75 -> 36.5 | X75: =SUM(V75/W75) -> -0.36953973 | Y75: =V75/100 -> -0.134882 | Z75: =V75*100 -> -1348.82 | AA75: L | AT75: 7 | AU75: 7 | AV75: =((N75*(L75))-(L75)) -> 3.5 | AW75: =0.92*(N75-1)+1 -> 7.44 | AZ75: =IF(N75>=M75,"Yes","No") -> Yes | BB75: =IF(AA75="W", L75*(N75-1), -L75 ) -> -0.5 | BC75: =SUMIFS( $BB:$BB, $A:$A,$A75, $H:$H,$H75, $I:$I,$I75 ) -> -1 | BD75: =IF(BC75>0, BC75*0.92, BC75) -> -1 | BE75: =IF( BC75>0, IF( AA75="W", BB75 - (BC75 - BD75), BB75 ), BB75 ) -> -0.5 | BF75: {=SUMPRODUCT((1/COUNTIFS($A$3:$A75,$A$3:$A75,$H$3:$H75,$H$3:$H75,$I$3:$I75,$I$3:$I75)))} -> 33 | BG75: 2 | BH75: =BG75/BF75 -> 0.060606061
A76: 46277 | C76: 10.46 | D76: Sat | E76: NSW | H76: Rosehill | I76: 5 | J76: 10 | K76: Beside The Ocean | L76: 0.5 | M76: 7.4 | N76: 9.6 | O76: BFSP | Q76: Win | R76: 8.912 | S76: un | T76: =IF(($AA76="W"),ROUND(($L76*$R76),2),"0.00") -> 0.00 | U76: =BE76 -> -0.5 | V76: =V75+U76 -> -13.9882 | W76: =W75+L76 -> 37 | X76: =SUM(V76/W76) -> -0.37805946 | Y76: =V76/100 -> -0.139882 | Z76: =V76*100 -> -1398.82 | AA76: L | AT76: 8.6 | AU76: 8 | AV76: =((N76*(L76))-(L76)) -> 4.3 | AW76: =0.92*(N76-1)+1 -> 8.912 | AZ76: =IF(N76>=M76,"Yes","No") -> Yes | BB76: =IF(AA76="W", L76*(N76-1), -L76 ) -> -0.5 | BC76: =SUMIFS( $BB:$BB, $A:$A,$A76, $H:$H,$H76, $I:$I,$I76 ) -> -1 | BD76: =IF(BC76>0, BC76*0.92, BC76) -> -1 | BE76: =IF( BC76>0, IF( AA76="W", BB76 - (BC76 - BD76), BB76 ), BB76 ) -> -0.5 | BF76: {=SUMPRODUCT((1/COUNTIFS($A$3:$A76,$A$3:$A76,$H$3:$H76,$H$3:$H76,$I$3:$I76,$I$3:$I76)))} -> 33 | BG76: 2 | BH76: =BG76/BF76 -> 0.060606061
A77: 46277 | C77: 10.46 | D77: Sat | E77: NSW | H77: Rosehill | I77: 6 | J77: 3 | K77: Hidrix | L77: 0.5 | M77: 11.5 | N77: 16 | O77: BFSP | Q77: Win | R77: 14.8 | S77: un | T77: =IF(($AA77="W"),ROUND(($L77*$R77),2),"0.00") -> 0.00 | U77: =BE77 -> -0.5 | V77: =V76+U77 -> -14.4882 | W77: =W76+L77 -> 37.5 | X77: =SUM(V77/W77) -> -0.386352 | Y77: =V77/100 -> -0.144882 | Z77: =V77*100 -> -1448.82 | AA77: L | AT77: 11.7 | AU77: 12 | AV77: =((N77*(L77))-(L77)) -> 7.5 | AW77: =0.92*(N77-1)+1 -> 14.8 | AZ77: =IF(N77>=M77,"Yes","No") -> Yes | BB77: =IF(AA77="W", L77*(N77-1), -L77 ) -> -0.5 | BC77: =SUMIFS( $BB:$BB, $A:$A,$A77, $H:$H,$H77, $I:$I,$I77 ) -> 8.205 | BD77: =IF(BC77>0, BC77*0.92, BC77) -> 7.5486 | BE77: =IF( BC77>0, IF( AA77="W", BB77 - (BC77 - BD77), BB77 ), BB77 ) -> -0.5 | BF77: {=SUMPRODUCT((1/COUNTIFS($A$3:$A77,$A$3:$A77,$H$3:$H77,$H$3:$H77,$I$3:$I77,$I$3:$I77)))} -> 34 | BG77: 2 | BH77: =BG77/BF77 -> 0.058823529
A78: 46277 | C78: 10.46 | D78: Sat | E78: NSW | H78: Rosehill | I78: 6 | J78: 7 | K78: Persian Wonder | L78: 0.5 | M78: 19 | N78: 19.41 | O78: BFSP | Q78: Win | R78: 17.9372 | S78: 1 | T78: =IF(($AA78="W"),ROUND(($L78*$R78),2),"0.00") -> 8.97 | U78: =BE78 -> 8.5486 | V78: =V77+U78 -> -5.9396 | W78: =W77+L78 -> 38 | X78: =SUM(V78/W78) -> -0.15630526 | Y78: =V78/100 -> -0.059396 | Z78: =V78*100 -> -593.96 | AA78: W | AT78: 19.5 | AU78: 19 | AV78: =((N78*(L78))-(L78)) -> 9.205 | AW78: =0.92*(N78-1)+1 -> 17.9372 | AZ78: =IF(N78>=M78,"Yes","No") -> Yes | BB78: =IF(AA78="W", L78*(N78-1), -L78 ) -> 9.205 | BC78: =SUMIFS( $BB:$BB, $A:$A,$A78, $H:$H,$H78, $I:$I,$I78 ) -> 8.205 | BD78: =IF(BC78>0, BC78*0.92, BC78) -> 7.5486 | BE78: =IF( BC78>0, IF( AA78="W", BB78 - (BC78 - BD78), BB78 ), BB78 ) -> 8.5486 | BF78: {=SUMPRODUCT((1/COUNTIFS($A$3:$A78,$A$3:$A78,$H$3:$H78,$H$3:$H78,$I$3:$I78,$I$3:$I78)))} -> 34 | BG78: 3 | BH78: =BG78/BF78 -> 0.088235294
A79: 46277 | C79: 10.46 | D79: Sat | E79: NSW | H79: Rosehill | I79: 6 | J79: 10 | K79: Hostwin King | L79: 0.5 | M79: 30 | N79: 30 | O79: BFSP | Q79: Win | R79: 27.68 | S79: un | T79: =IF(($AA79="W"),ROUND(($L79*$R79),2),"0.00") -> 0.00 | U79: =BE79 -> -0.5 | V79: =V78+U79 -> -6.4396 | W79: =W78+L79 -> 38.5 | X79: =SUM(V79/W79) -> -0.16726234 | Y79: =V79/100 -> -0.064396 | Z79: =V79*100 -> -643.96 | AA79: L | AT79: 28.6 | AU79: 26 | AV79: =((N79*(L79))-(L79)) -> 14.5 | AW79: =0.92*(N79-1)+1 -> 27.68 | AZ79: =IF(N79>=M79,"Yes","No") -> Yes | BB79: =IF(AA79="W", L79*(N79-1), -L79 ) -> -0.5 | BC79: =SUMIFS( $BB:$BB, $A:$A,$A79, $H:$H,$H79, $I:$I,$I79 ) -> 8.205 | BD79: =IF(BC79>0, BC79*0.92, BC79) -> 7.5486 | BE79: =IF( BC79>0, IF( AA79="W", BB79 - (BC79 - BD79), BB79 ), BB79 ) -> -0.5 | BF79: {=SUMPRODUCT((1/COUNTIFS($A$3:$A79,$A$3:$A79,$H$3:$H79,$H$3:$H79,$I$3:$I79,$I$3:$I79)))} -> 34 | BG79: 3 | BH79: =BG79/BF79 -> 0.088235294
A80: 46277 | C80: 10.46 | D80: Sat | E80: QLD | H80: Doomben | I80: 7 | J80: 10 | K80: Galway Flyer | L80: 0.5 | M80: 29 | N80: 35.77 | O80: BFSP | Q80: Win | R80: 32.9884 | S80: un | T80: =IF(($AA80="W"),ROUND(($L80*$R80),2),"0.00") -> 0.00 | U80: =BE80 -> -0.5 | V80: =V79+U80 -> -6.9396 | W80: =W79+L80 -> 39 | X80: =SUM(V80/W80) -> -0.17793846 | Y80: =V80/100 -> -0.069396 | Z80: =V80*100 -> -693.96 | AA80: L | AT80: 27.1 | AU80: 21 | AV80: =((N80*(L80))-(L80)) -> 17.385 | AW80: =0.92*(N80-1)+1 -> 32.9884 | AZ80: =IF(N80>=M80,"Yes","No") -> Yes | BB80: =IF(AA80="W", L80*(N80-1), -L80 ) -> -0.5 | BC80: =SUMIFS( $BB:$BB, $A:$A,$A80, $H:$H,$H80, $I:$I,$I80 ) -> -2 | BD80: =IF(BC80>0, BC80*0.92, BC80) -> -2 | BE80: =IF( BC80>0, IF( AA80="W", BB80 - (BC80 - BD80), BB80 ), BB80 ) -> -0.5 | BF80: {=SUMPRODUCT((1/COUNTIFS($A$3:$A80,$A$3:$A80,$H$3:$H80,$H$3:$H80,$I$3:$I80,$I$3:$I80)))} -> 35 | BG80: 3 | BH80: =BG80/BF80 -> 0.085714286
A81: 46277 | C81: 10.46 | D81: Sat | E81: QLD | H81: Doomben | I81: 7 | J81: 11 | K81: She Moves Too | L81: 0.5 | M81: 15 | N81: 19.01 | O81: BFSP | Q81: Win | R81: 17.5692 | S81: un | T81: =IF(($AA81="W"),ROUND(($L81*$R81),2),"0.00") -> 0.00 | U81: =BE81 -> -0.5 | V81: =V80+U81 -> -7.4396 | W81: =W80+L81 -> 39.5 | X81: =SUM(V81/W81) -> -0.1883443 | Y81: =V81/100 -> -0.074396 | Z81: =V81*100 -> -743.96 | AA81: L | AT81: 15.9 | AU81: 15 | AV81: =((N81*(L81))-(L81)) -> 9.005 | AW81: =0.92*(N81-1)+1 -> 17.5692 | AZ81: =IF(N81>=M81,"Yes","No") -> Yes | BB81: =IF(AA81="W", L81*(N81-1), -L81 ) -> -0.5 | BC81: =SUMIFS( $BB:$BB, $A:$A,$A81, $H:$H,$H81, $I:$I,$I81 ) -> -2 | BD81: =IF(BC81>0, BC81*0.92, BC81) -> -2 | BE81: =IF( BC81>0, IF( AA81="W", BB81 - (BC81 - BD81), BB81 ), BB81 ) -> -0.5 | BF81: {=SUMPRODUCT((1/COUNTIFS($A$3:$A81,$A$3:$A81,$H$3:$H81,$H$3:$H81,$I$3:$I81,$I$3:$I81)))} -> 35 | BG81: 3 | BH81: =BG81/BF81 -> 0.085714286
A82: 46277 | C82: 10.46 | D82: Sat | E82: QLD | H82: Doomben | I82: 7 | J82: 14 | K82: Starman | L82: 0.5 | M82: 14.5 | N82: 16.29 | O82: BFSP | Q82: Win | R82: 15.0668 | S82: 4 | T82: =IF(($AA82="W"),ROUND(($L82*$R82),2),"0.00") -> 0.00 | U82: =BE82 -> -0.5 | V82: =V81+U82 -> -7.9396 | W82: =W81+L82 -> 40 | X82: =SUM(V82/W82) -> -0.19849 | Y82: =V82/100 -> -0.079396 | Z82: =V82*100 -> -793.96 | AA82: L | AT82: 16 | AU82: 16 | AV82: =((N82*(L82))-(L82)) -> 7.645 | AW82: =0.92*(N82-1)+1 -> 15.0668 | AZ82: =IF(N82>=M82,"Yes","No") -> Yes | BB82: =IF(AA82="W", L82*(N82-1), -L82 ) -> -0.5 | BC82: =SUMIFS( $BB:$BB, $A:$A,$A82, $H:$H,$H82, $I:$I,$I82 ) -> -2 | BD82: =IF(BC82>0, BC82*0.92, BC82) -> -2 | BE82: =IF( BC82>0, IF( AA82="W", BB82 - (BC82 - BD82), BB82 ), BB82 ) -> -0.5 | BF82: {=SUMPRODUCT((1/COUNTIFS($A$3:$A82,$A$3:$A82,$H$3:$H82,$H$3:$H82,$I$3:$I82,$I$3:$I82)))} -> 35 | BG82: 3 | BH82: =BG82/BF82 -> 0.085714286
A83: 46277 | C83: 10.46 | D83: Sat | E83: QLD | H83: Doomben | I83: 7 | J83: 16 | K83: Miss De Medici | L83: 0.5 | M83: 30 | N83: 33.86 | O83: BFSP | Q83: Win | R83: 31.2312 | S83: un | T83: =IF(($AA83="W"),ROUND(($L83*$R83),2),"0.00") -> 0.00 | U83: =BE83 -> -0.5 | V83: =V82+U83 -> -8.4396 | W83: =W82+L83 -> 40.5 | X83: =SUM(V83/W83) -> -0.20838519 | Y83: =V83/100 -> -0.084396 | Z83: =V83*100 -> -843.96 | AA83: L | AT83: 34.9 | AU83: 26 | AV83: =((N83*(L83))-(L83)) -> 16.43 | AW83: =0.92*(N83-1)+1 -> 31.2312 | AZ83: =IF(N83>=M83,"Yes","No") -> Yes | BB83: =IF(AA83="W", L83*(N83-1), -L83 ) -> -0.5 | BC83: =SUMIFS( $BB:$BB, $A:$A,$A83, $H:$H,$H83, $I:$I,$I83 ) -> -2 | BD83: =IF(BC83>0, BC83*0.92, BC83) -> -2 | BE83: =IF( BC83>0, IF( AA83="W", BB83 - (BC83 - BD83), BB83 ), BB83 ) -> -0.5 | BF83: {=SUMPRODUCT((1/COUNTIFS($A$3:$A83,$A$3:$A83,$H$3:$H83,$H$3:$H83,$I$3:$I83,$I$3:$I83)))} -> 35 | BG83: 3 | BH83: =BG83/BF83 -> 0.085714286
A84: 46277 | C84: 10.46 | D84: Sat | E84: NSW | H84: Rosehill | I84: 7 | J84: 3 | K84: Apocalyptic | L84: 0.5 | M84: 6.2 | N84: 10.5 | O84: BFSP | Q84: Win | R84: 9.74 | S84: un | T84: =IF(($AA84="W"),ROUND(($L84*$R84),2),"0.00") -> 0.00 | U84: =BE84 -> -0.5 | V84: =V83+U84 -> -8.9396 | W84: =W83+L84 -> 41 | X84: =SUM(V84/W84) -> -0.21803902 | Y84: =V84/100 -> -0.089396 | Z84: =V84*100 -> -893.96 | AA84: L | AT84: 7.5 | AU84: 7.5 | AV84: =((N84*(L84))-(L84)) -> 4.75 | AW84: =0.92*(N84-1)+1 -> 9.74 | AZ84: =IF(N84>=M84,"Yes","No") -> Yes | BB84: =IF(AA84="W", L84*(N84-1), -L84 ) -> -0.5 | BC84: =SUMIFS( $BB:$BB, $A:$A,$A84, $H:$H,$H84, $I:$I,$I84 ) -> 12 | BD84: =IF(BC84>0, BC84*0.92, BC84) -> 11.04 | BE84: =IF( BC84>0, IF( AA84="W", BB84 - (BC84 - BD84), BB84 ), BB84 ) -> -0.5 | BF84: {=SUMPRODUCT((1/COUNTIFS($A$3:$A84,$A$3:$A84,$H$3:$H84,$H$3:$H84,$I$3:$I84,$I$3:$I84)))} -> 36 | BG84: 3 | BH84: =BG84/BF84 -> 0.083333333
A85: 46277 | C85: 10.46 | D85: Sat | E85: NSW | H85: Rosehill | I85: 7 | J85: 4 | K85: Savvy Hallie | L85: 0.5 | M85: 17 | N85: 26 | O85: BFSP | Q85: Win | R85: 24 | S85: 1 | T85: =IF(($AA85="W"),ROUND(($L85*$R85),2),"0.00") -> 12 | U85: =BE85 -> 11.54 | V85: =V84+U85 -> 2.6004 | W85: =W84+L85 -> 41.5 | X85: =SUM(V85/W85) -> 0.062660241 | Y85: =V85/100 -> 0.026004 | Z85: =V85*100 -> 260.04 | AA85: W | AT85: 20.3 | AU85: 20 | AV85: =((N85*(L85))-(L85)) -> 12.5 | AW85: =0.92*(N85-1)+1 -> 24 | AZ85: =IF(N85>=M85,"Yes","No") -> Yes | BB85: =IF(AA85="W", L85*(N85-1), -L85 ) -> 12.5 | BC85: =SUMIFS( $BB:$BB, $A:$A,$A85, $H:$H,$H85, $I:$I,$I85 ) -> 12 | BD85: =IF(BC85>0, BC85*0.92, BC85) -> 11.04 | BE85: =IF( BC85>0, IF( AA85="W", BB85 - (BC85 - BD85), BB85 ), BB85 ) -> 11.54 | BF85: {=SUMPRODUCT((1/COUNTIFS($A$3:$A85,$A$3:$A85,$H$3:$H85,$H$3:$H85,$I$3:$I85,$I$3:$I85)))} -> 36 | BG85: 4 | BH85: =BG85/BF85 -> 0.11111111
A86: 46277 | C86: 10.46 | D86: Sat | E86: QLD | H86: Doomben | I86: 8 | J86: 6 | K86: Blazen Boots | L86: 0.5 | M86: 16 | N86: 28.13 | O86: BFSP | Q86: Win | R86: 25.9596 | S86: un | T86: =IF(($AA86="W"),ROUND(($L86*$R86),2),"0.00") -> 0.00 | U86: =BE86 -> -0.5 | V86: =V85+U86 -> 2.1004 | W86: =W85+L86 -> 42 | X86: =SUM(V86/W86) -> 0.050009524 | Y86: =V86/100 -> 0.021004 | Z86: =V86*100 -> 210.04 | AA86: L | AT86: 24.9 | AU86: 21 | AV86: =((N86*(L86))-(L86)) -> 13.565 | AW86: =0.92*(N86-1)+1 -> 25.9596 | AZ86: =IF(N86>=M86,"Yes","No") -> Yes | BB86: =IF(AA86="W", L86*(N86-1), -L86 ) -> -0.5 | BC86: =SUMIFS( $BB:$BB, $A:$A,$A86, $H:$H,$H86, $I:$I,$I86 ) -> -1 | BD86: =IF(BC86>0, BC86*0.92, BC86) -> -1 | BE86: =IF( BC86>0, IF( AA86="W", BB86 - (BC86 - BD86), BB86 ), BB86 ) -> -0.5 | BF86: {=SUMPRODUCT((1/COUNTIFS($A$3:$A86,$A$3:$A86,$H$3:$H86,$H$3:$H86,$I$3:$I86,$I$3:$I86)))} -> 37 | BG86: 4 | BH86: =BG86/BF86 -> 0.10810811
A87: 46277 | C87: 10.46 | D87: Sat | E87: QLD | H87: Doomben | I87: 8 | J87: 9 | K87: Hell To Pay | L87: 0.5 | M87: 16.5 | N87: 23.09 | O87: BFSP | Q87: Win | R87: 21.3228 | S87: 4 | T87: =IF(($AA87="W"),ROUND(($L87*$R87),2),"0.00") -> 0.00 | U87: =BE87 -> -0.5 | V87: =V86+U87 -> 1.6004 | W87: =W86+L87 -> 42.5 | X87: =SUM(V87/W87) -> 0.037656471 | Y87: =V87/100 -> 0.016004 | Z87: =V87*100 -> 160.04 | AA87: L | AT87: 20.3 | AU87: 19 | AV87: =((N87*(L87))-(L87)) -> 11.045 | AW87: =0.92*(N87-1)+1 -> 21.3228 | AZ87: =IF(N87>=M87,"Yes","No") -> Yes | BB87: =IF(AA87="W", L87*(N87-1), -L87 ) -> -0.5 | BC87: =SUMIFS( $BB:$BB, $A:$A,$A87, $H:$H,$H87, $I:$I,$I87 ) -> -1 | BD87: =IF(BC87>0, BC87*0.92, BC87) -> -1 | BE87: =IF( BC87>0, IF( AA87="W", BB87 - (BC87 - BD87), BB87 ), BB87 ) -> -0.5 | BF87: {=SUMPRODUCT((1/COUNTIFS($A$3:$A87,$A$3:$A87,$H$3:$H87,$H$3:$H87,$I$3:$I87,$I$3:$I87)))} -> 37 | BG87: 4 | BH87: =BG87/BF87 -> 0.10810811
A88: 46277 | C88: 10.46 | D88: Sat | E88: NSW | H88: Rosehill | I88: 8 | J88: 1 | K88: Fireball | L88: 0.5 | M88: 36 | N88: 47.6 | O88: BFSP | Q88: Win | R88: 43.872 | S88: un | T88: =IF(($AA88="W"),ROUND(($L88*$R88),2),"0.00") -> 0.00 | U88: =BE88 -> -0.5 | V88: =V87+U88 -> 1.1004 | W88: =W87+L88 -> 43 | X88: =SUM(V88/W88) -> 0.025590698 | Y88: =V88/100 -> 0.011004 | Z88: =V88*100 -> 110.04 | AA88: L | AT88: 36.8 | AU88: 41 | AV88: =((N88*(L88))-(L88)) -> 23.3 | AW88: =0.92*(N88-1)+1 -> 43.872 | AZ88: =IF(N88>=M88,"Yes","No") -> Yes | BB88: =IF(AA88="W", L88*(N88-1), -L88 ) -> -0.5 | BC88: =SUMIFS( $BB:$BB, $A:$A,$A88, $H:$H,$H88, $I:$I,$I88 ) -> -1.5 | BD88: =IF(BC88>0, BC88*0.92, BC88) -> -1.5 | BE88: =IF( BC88>0, IF( AA88="W", BB88 - (BC88 - BD88), BB88 ), BB88 ) -> -0.5 | BF88: {=SUMPRODUCT((1/COUNTIFS($A$3:$A88,$A$3:$A88,$H$3:$H88,$H$3:$H88,$I$3:$I88,$I$3:$I88)))} -> 38 | BG88: 4 | BH88: =BG88/BF88 -> 0.10526316
A89: 46277 | C89: 10.46 | D89: Sat | E89: NSW | H89: Rosehill | I89: 8 | J89: 2 | K89: Tron Bolt | L89: 0.5 | M89: 25 | N89: 40 | O89: BFSP | Q89: Win | R89: 36.88 | S89: un | T89: =IF(($AA89="W"),ROUND(($L89*$R89),2),"0.00") -> 0.00 | U89: =BE89 -> -0.5 | V89: =V88+U89 -> 0.6004 | W89: =W88+L89 -> 43.5 | X89: =SUM(V89/W89) -> 0.013802299 | Y89: =V89/100 -> 0.006004 | Z89: =V89*100 -> 60.04 | AA89: L | AT89: 23 | AU89: 20 | AV89: =((N89*(L89))-(L89)) -> 19.5 | AW89: =0.92*(N89-1)+1 -> 36.88 | AZ89: =IF(N89>=M89,"Yes","No") -> Yes | BB89: =IF(AA89="W", L89*(N89-1), -L89 ) -> -0.5 | BC89: =SUMIFS( $BB:$BB, $A:$A,$A89, $H:$H,$H89, $I:$I,$I89 ) -> -1.5 | BD89: =IF(BC89>0, BC89*0.92, BC89) -> -1.5 | BE89: =IF( BC89>0, IF( AA89="W", BB89 - (BC89 - BD89), BB89 ), BB89 ) -> -0.5 | BF89: {=SUMPRODUCT((1/COUNTIFS($A$3:$A89,$A$3:$A89,$H$3:$H89,$H$3:$H89,$I$3:$I89,$I$3:$I89)))} -> 38 | BG89: 4 | BH89: =BG89/BF89 -> 0.10526316
A90: 46277 | C90: 10.46 | D90: Sat | E90: NSW | H90: Rosehill | I90: 8 | J90: 13 | K90: Castillo King | L90: 0.5 | M90: 13 | N90: 19.78 | O90: BFSP | Q90: Win | R90: 18.2776 | S90: un | T90: =IF(($AA90="W"),ROUND(($L90*$R90),2),"0.00") -> 0.00 | U90: =BE90 -> -0.5 | V90: =V89+U90 -> 0.1004 | W90: =W89+L90 -> 44 | X90: =SUM(V90/W90) -> 0.0022818182 | Y90: =V90/100 -> 0.001004 | Z90: =V90*100 -> 10.04 | AA90: L | AT90: 15 | AU90: 15 | AV90: =((N90*(L90))-(L90)) -> 9.39 | AW90: =0.92*(N90-1)+1 -> 18.2776 | AZ90: =IF(N90>=M90,"Yes","No") -> Yes | BB90: =IF(AA90="W", L90*(N90-1), -L90 ) -> -0.5 | BC90: =SUMIFS( $BB:$BB, $A:$A,$A90, $H:$H,$H90, $I:$I,$I90 ) -> -1.5 | BD90: =IF(BC90>0, BC90*0.92, BC90) -> -1.5 | BE90: =IF( BC90>0, IF( AA90="W", BB90 - (BC90 - BD90), BB90 ), BB90 ) -> -0.5 | BF90: {=SUMPRODUCT((1/COUNTIFS($A$3:$A90,$A$3:$A90,$H$3:$H90,$H$3:$H90,$I$3:$I90,$I$3:$I90)))} -> 38 | BG90: 4 | BH90: =BG90/BF90 -> 0.10526316
A91: 46277 | C91: 10.46 | D91: Sat | E91: NSW | H91: Rosehill | I91: 9 | J91: 8 | K91: Magnatear | L91: 0.5 | M91: 29 | N91: 39.26 | O91: BFSP | Q91: Win | R91: 36.1992 | S91: 2 | T91: =IF(($AA91="W"),ROUND(($L91*$R91),2),"0.00") -> 0.00 | U91: =BE91 -> -0.5 | V91: =V90+U91 -> -0.3996 | W91: =W90+L91 -> 44.5 | X91: =SUM(V91/W91) -> -0.0089797753 | Y91: =V91/100 -> -0.003996 | Z91: =V91*100 -> -39.96 | AA91: L | AT91: 29.8 | AU91: 26 | AV91: =((N91*(L91))-(L91)) -> 19.13 | AW91: =0.92*(N91-1)+1 -> 36.1992 | AZ91: =IF(N91>=M91,"Yes","No") -> Yes | BB91: =IF(AA91="W", L91*(N91-1), -L91 ) -> -0.5 | BC91: =SUMIFS( $BB:$BB, $A:$A,$A91, $H:$H,$H91, $I:$I,$I91 ) -> -1.5 | BD91: =IF(BC91>0, BC91*0.92, BC91) -> -1.5 | BE91: =IF( BC91>0, IF( AA91="W", BB91 - (BC91 - BD91), BB91 ), BB91 ) -> -0.5 | BF91: {=SUMPRODUCT((1/COUNTIFS($A$3:$A91,$A$3:$A91,$H$3:$H91,$H$3:$H91,$I$3:$I91,$I$3:$I91)))} -> 39 | BG91: 4
A92: 46277 | C92: 10.46 | D92: Sat | E92: NSW | H92: Rosehill | I92: 9 | J92: 11 | K92: Firestorm | L92: 0.5 | M92: 23 | N92: 23 | O92: BFSP | Q92: Win | R92: 21.24 | S92: un | T92: =IF(($AA92="W"),ROUND(($L92*$R92),2),"0.00") -> 0.00 | U92: =BE92 -> -0.5 | V92: =V91+U92 -> -0.8996 | W92: =W91+L92 -> 45 | X92: =SUM(V92/W92) -> -0.019991111 | Y92: =V92/100 -> -0.008996 | Z92: =V92*100 -> -89.96 | AA92: L | AT92: 20 | AU92: 16 | AV92: =((N92*(L92))-(L92)) -> 11 | AW92: =0.92*(N92-1)+1 -> 21.24 | AZ92: =IF(N92>=M92,"Yes","No") -> Yes | BB92: =IF(AA92="W", L92*(N92-1), -L92 ) -> -0.5 | BC92: =SUMIFS( $BB:$BB, $A:$A,$A92, $H:$H,$H92, $I:$I,$I92 ) -> -1.5 | BD92: =IF(BC92>0, BC92*0.92, BC92) -> -1.5 | BE92: =IF( BC92>0, IF( AA92="W", BB92 - (BC92 - BD92), BB92 ), BB92 ) -> -0.5 | BF92: {=SUMPRODUCT((1/COUNTIFS($A$3:$A92,$A$3:$A92,$H$3:$H92,$H$3:$H92,$I$3:$I92,$I$3:$I92)))} -> 39 | BG92: 4
A93: 46277 | C93: 10.46 | D93: Sat | E93: NSW | H93: Rosehill | I93: 9 | J93: 12 | K93: God's Window | L93: 0.5 | M93: 23 | N93: 61.54 | O93: BFSP | Q93: Win | R93: 56.6968 | S93: un | T93: =IF(($AA93="W"),ROUND(($L93*$R93),2),"0.00") -> 0.00 | U93: =BE93 -> -0.5 | V93: =V92+U93 -> -1.3996 | W93: =W92+L93 -> 45.5 | X93: =SUM(V93/W93) -> -0.03076044 | Y93: =V93/100 -> -0.013996 | Z93: =V93*100 -> -139.96 | AA93: L | AT93: 41 | AU93: 41 | AV93: =((N93*(L93))-(L93)) -> 30.27 | AW93: =0.92*(N93-1)+1 -> 56.6968 | AZ93: =IF(N93>=M93,"Yes","No") -> Yes | BB93: =IF(AA93="W", L93*(N93-1), -L93 ) -> -0.5 | BC93: =SUMIFS( $BB:$BB, $A:$A,$A93, $H:$H,$H93, $I:$I,$I93 ) -> -1.5 | BD93: =IF(BC93>0, BC93*0.92, BC93) -> -1.5 | BE93: =IF( BC93>0, IF( AA93="W", BB93 - (BC93 - BD93), BB93 ), BB93 ) -> -0.5 | BF93: {=SUMPRODUCT((1/COUNTIFS($A$3:$A93,$A$3:$A93,$H$3:$H93,$H$3:$H93,$I$3:$I93,$I$3:$I93)))} -> 39 | BG93: 4
A94: 46277 | C94: 10.46 | D94: Sat | E94: QLD | H94: Doomben | I94: 10 | J94: 7 | K94: Power Of The Brave | L94: 0.5 | M94: 26 | N94: 28.29 | O94: BFSP | Q94: Win | R94: 26.1068 | S94: 4 | T94: =IF(($AA94="W"),ROUND(($L94*$R94),2),"0.00") -> 0.00 | U94: =BE94 -> -0.5 | V94: =V93+U94 -> -1.8996 | W94: =W93+L94 -> 46 | X94: =SUM(V94/W94) -> -0.041295652 | Y94: =V94/100 -> -0.018996 | Z94: =V94*100 -> -189.96 | AA94: L | AT94: 25.7 | AU94: 21 | AV94: =((N94*(L94))-(L94)) -> 13.645 | AW94: =0.92*(N94-1)+1 -> 26.1068 | AZ94: =IF(N94>=M94,"Yes","No") -> Yes | BB94: =IF(AA94="W", L94*(N94-1), -L94 ) -> -0.5 | BC94: =SUMIFS( $BB:$BB, $A:$A,$A94, $H:$H,$H94, $I:$I,$I94 ) -> -1 | BD94: =IF(BC94>0, BC94*0.92, BC94) -> -1 | BE94: =IF( BC94>0, IF( AA94="W", BB94 - (BC94 - BD94), BB94 ), BB94 ) -> -0.5 | BF94: {=SUMPRODUCT((1/COUNTIFS($A$3:$A94,$A$3:$A94,$H$3:$H94,$H$3:$H94,$I$3:$I94,$I$3:$I94)))} -> 40 | BG94: 4
A95: 46277 | C95: 10.46 | D95: Sat | E95: QLD | H95: Doomben | I95: 10 | J95: 8 | K95: Considered | L95: 0.5 | M95: 8.8 | N95: 15.8 | O95: BFSP | Q95: Win | R95: 14.616 | S95: un | T95: =IF(($AA95="W"),ROUND(($L95*$R95),2),"0.00") -> 0.00 | U95: =BE95 -> -0.5 | V95: =V94+U95 -> -2.3996 | W95: =W94+L95 -> 46.5 | X95: =SUM(V95/W95) -> -0.051604301 | Y95: =V95/100 -> -0.023996 | Z95: =V95*100 -> -239.96 | AA95: L | AT95: 12 | AU95: 11 | AV95: =((N95*(L95))-(L95)) -> 7.4 | AW95: =0.92*(N95-1)+1 -> 14.616 | AZ95: =IF(N95>=M95,"Yes","No") -> Yes | BB95: =IF(AA95="W", L95*(N95-1), -L95 ) -> -0.5 | BC95: =SUMIFS( $BB:$BB, $A:$A,$A95, $H:$H,$H95, $I:$I,$I95 ) -> -1 | BD95: =IF(BC95>0, BC95*0.92, BC95) -> -1 | BE95: =IF( BC95>0, IF( AA95="W", BB95 - (BC95 - BD95), BB95 ), BB95 ) -> -0.5 | BF95: {=SUMPRODUCT((1/COUNTIFS($A$3:$A95,$A$3:$A95,$H$3:$H95,$H$3:$H95,$I$3:$I95,$I$3:$I95)))} -> 40 | BG95: 4
A96: 46277 | C96: 10.46 | D96: Sat | E96: NSW | H96: Rosehill | I96: 10 | J96: 7 | K96: World Alliance | L96: 0.5 | M96: 34 | N96: 34 | O96: BFSP | Q96: Win | R96: 31.36 | S96: un | T96: =IF(($AA96="W"),ROUND(($L96*$R96),2),"0.00") -> 0.00 | U96: =BE96 -> -0.5 | V96: =V95+U96 -> -2.8996 | W96: =W95+L96 -> 47 | X96: =SUM(V96/W96) -> -0.061693617 | Y96: =V96/100 -> -0.028996 | Z96: =V96*100 -> -289.96 | AA96: L | AT96: 29 | AU96: 26 | AV96: =((N96*(L96))-(L96)) -> 16.5 | AW96: =0.92*(N96-1)+1 -> 31.36 | AZ96: =IF(N96>=M96,"Yes","No") -> Yes | BB96: =IF(AA96="W", L96*(N96-1), -L96 ) -> -0.5 | BC96: =SUMIFS( $BB:$BB, $A:$A,$A96, $H:$H,$H96, $I:$I,$I96 ) -> -1 | BD96: =IF(BC96>0, BC96*0.92, BC96) -> -1 | BE96: =IF( BC96>0, IF( AA96="W", BB96 - (BC96 - BD96), BB96 ), BB96 ) -> -0.5 | BF96: {=SUMPRODUCT((1/COUNTIFS($A$3:$A96,$A$3:$A96,$H$3:$H96,$H$3:$H96,$I$3:$I96,$I$3:$I96)))} -> 41 | BG96: 4
A97: 46277 | C97: 10.46 | D97: Sat | E97: NSW | H97: Rosehill | I97: 10 | J97: 9 | K97: Karinska | L97: 0.5 | M97: 12 | N97: 26.3 | O97: BFSP | Q97: Win | R97: 24.276 | S97: un | T97: =IF(($AA97="W"),ROUND(($L97*$R97),2),"0.00") -> 0.00 | U97: =BE97 -> -0.5 | V97: =V96+U97 -> -3.3996 | W97: =W96+L97 -> 47.5 | X97: =SUM(V97/W97) -> -0.071570526 | Y97: =V97/100 -> -0.033996 | Z97: =V97*100 -> -339.96 | AA97: L | AT97: 19 | AU97: 17 | AV97: =((N97*(L97))-(L97)) -> 12.65 | AW97: =0.92*(N97-1)+1 -> 24.276 | AZ97: =IF(N97>=M97,"Yes","No") -> Yes | BB97: =IF(AA97="W", L97*(N97-1), -L97 ) -> -0.5 | BC97: =SUMIFS( $BB:$BB, $A:$A,$A97, $H:$H,$H97, $I:$I,$I97 ) -> -1 | BD97: =IF(BC97>0, BC97*0.92, BC97) -> -1 | BE97: =IF( BC97>0, IF( AA97="W", BB97 - (BC97 - BD97), BB97 ), BB97 ) -> -0.5 | BF97: {=SUMPRODUCT((1/COUNTIFS($A$3:$A97,$A$3:$A97,$H$3:$H97,$H$3:$H97,$I$3:$I97,$I$3:$I97)))} -> 41 | BG97: 4
A98: 46281 | C98: 12.37 | D98: Wed | E98: QLD | H98: Doomben | I98: 2 | J98: 7 | K98: Prophet Of Destiny | L98: 0.5 | M98: 11.5 | N98: 12.25 | O98: BFSP | Q98: Win | R98: 11.35 | S98: 3 | T98: =IF(($AA98="W"),ROUND(($L98*$R98),2),"0.00") -> 0.00 | U98: =BE98 -> -0.5 | V98: =V97+U98 -> -3.8996 | W98: =W97+L98 -> 48 | X98: =SUM(V98/W98) -> -0.081241667 | Y98: =V98/100 -> -0.038996 | Z98: =V98*100 -> -389.96 | AA98: L | AT98: 12.2 | AU98: 12 | AV98: =((N98*(L98))-(L98)) -> 5.625 | AW98: =0.92*(N98-1)+1 -> 11.35 | AZ98: =IF(N98>=M98,"Yes","No") -> Yes | BB98: =IF(AA98="W", L98*(N98-1), -L98 ) -> -0.5 | BC98: =SUMIFS( $BB:$BB, $A:$A,$A98, $H:$H,$H98, $I:$I,$I98 ) -> -0.5 | BD98: =IF(BC98>0, BC98*0.92, BC98) -> -0.5 | BE98: =IF( BC98>0, IF( AA98="W", BB98 - (BC98 - BD98), BB98 ), BB98 ) -> -0.5 | BF98: {=SUMPRODUCT((1/COUNTIFS($A$3:$A98,$A$3:$A98,$H$3:$H98,$H$3:$H98,$I$3:$I98,$I$3:$I98)))} -> 42
A99: 46281 | C99: 12.37 | D99: Wed | E99: NSW | H99: Canterbury | I99: 3 | J99: 5 | K99: Dolce Dior | L99: 0.5 | M99: 27 | N99: 46.31 | O99: BFSP | Q99: Win | R99: 42.6852 | S99: un | T99: =IF(($AA99="W"),ROUND(($L99*$R99),2),"0.00") -> 0.00 | U99: =BE99 -> -0.5 | V99: =V98+U99 -> -4.3996 | W99: =W98+L99 -> 48.5 | X99: =SUM(V99/W99) -> -0.090713402 | Y99: =V99/100 -> -0.043996 | Z99: =V99*100 -> -439.96 | AA99: L | AT99: 36.7 | AU99: 31 | AV99: =((N99*(L99))-(L99)) -> 22.655 | AW99: =0.92*(N99-1)+1 -> 42.6852 | AZ99: =IF(N99>=M99,"Yes","No") -> Yes | BB99: =IF(AA99="W", L99*(N99-1), -L99 ) -> -0.5 | BC99: =SUMIFS( $BB:$BB, $A:$A,$A99, $H:$H,$H99, $I:$I,$I99 ) -> -0.5 | BD99: =IF(BC99>0, BC99*0.92, BC99) -> -0.5 | BE99: =IF( BC99>0, IF( AA99="W", BB99 - (BC99 - BD99), BB99 ), BB99 ) -> -0.5 | BF99: {=SUMPRODUCT((1/COUNTIFS($A$3:$A99,$A$3:$A99,$H$3:$H99,$H$3:$H99,$I$3:$I99,$I$3:$I99)))} -> 43
A100: 46281 | C100: 12.37 | D100: Wed | E100: QLD | H100: Doomben | I100: 4 | J100: 1 | K100: Marenaro | L100: 0.5 | M100: 15.5 | N100: 24 | O100: BFSP | Q100: Win | R100: 22.16 | S100: un | T100: =IF(($AA100="W"),ROUND(($L100*$R100),2),"0.00") -> 0.00 | U100: =BE100 -> -0.5 | V100: =V99+U100 -> -4.8996 | W100: =W99+L100 -> 49 | X100: =SUM(V100/W100) -> -0.099991837 | Y100: =V100/100 -> -0.048996 | Z100: =V100*100 -> -489.96 | AA100: L | AT100: 20.5 | AU100: 17 | AV100: =((N100*(L100))-(L100)) -> 11.5 | AW100: =0.92*(N100-1)+1 -> 22.16 | AZ100: =IF(N100>=M100,"Yes","No") -> Yes | BB100: =IF(AA100="W", L100*(N100-1), -L100 ) -> -0.5 | BC100: =SUMIFS( $BB:$BB, $A:$A,$A100, $H:$H,$H100, $I:$I,$I100 ) -> -1.5 | BD100: =IF(BC100>0, BC100*0.92, BC100) -> -1.5 | BE100: =IF( BC100>0, IF( AA100="W", BB100 - (BC100 - BD100), BB100 ), BB100 ) -> -0.5 | BF100: {=SUMPRODUCT((1/COUNTIFS($A$3:$A100,$A$3:$A100,$H$3:$H100,$H$3:$H100,$I$3:$I100,$I$3:$I100)))} -> 44
...

Sheet Sheet2
A1: Date | D1: Race No. | E1: Runner | F1: Horse | G1: Rated Price | H1: Units | I1: BFSP | J1: BFSP Higher than Rated Price
A2: 46267 | D2: 1 | E2: 7 | F2: Sequinned | G2: 6 | H2: 0.5 | I2: 4.82 | J2: =IF(I2>=G2,"Yes","No") -> No
A3: 46267 | D3: 2 | E3: 2 | F3: Albert Palais | G3: 11.5 | H3: 0.5 | I3: 11.5 | J3: =IF(I3>=G3,"Yes","No") -> Yes
A4: 46267 | D4: 2 | E4: 10 | F4: Wonka | G4: 13 | H4: 0.5 | I4: 13 | J4: =IF(I4>=G4,"Yes","No") -> Yes
A5: 46267 | D5: 2 | E5: 14 | F5: Sumac | G5: 22 | H5: 0.5 | I5: 14.36 | J5: =IF(I5>=G5,"Yes","No") -> No
A6: 46267 | D6: 2 | E6: 16 | F6: Your Colour | G6: 24 | H6: 0.5 | I6: 30.6 | J6: =IF(I6>=G6,"Yes","No") -> Yes
A7: 46267 | D7: 2 | E7: 17 | F7: Moonlit Wings | G7: 26 | H7: 0.5 | I7: 25 | J7: =IF(I7>=G7,"Yes","No") -> No
A8: 46267 | D8: 3 | E8: 4 | F8: County Kilkenny | G8: 11.5 | H8: 0.5 | I8: 9.2 | J8: =IF(I8>=G8,"Yes","No") -> No
A9: 46267 | D9: 3 | E9: 6 | F9: Sunburnt Country | G9: 19.5 | H9: 0.5 | I9: 39 | J9: =IF(I9>=G9,"Yes","No") -> Yes
A10: 46267 | D10: 3 | E10: 7 | F10: Proxima Centauri | G10: 9.2 | H10: 0.5 | I10: 9.95 | J10: =IF(I10>=G10,"Yes","No") -> Yes
A11: 46267 | D11: 4 | E11: 2 | F11: Natural Ruler | G11: 14 | H11: 0.5 | I11: 11.01 | J11: =IF(I11>=G11,"Yes","No") -> No
A12: 46267 | D12: 4 | E12: 4 | F12: Winston Hills | G12: 22 | H12: 0.5 | I12: 17 | J12: =IF(I12>=G12,"Yes","No") -> No
A13: 46267 | D13: 4 | E13: 5 | F13: Storm Season | G13: 9.4 | H13: 0.5 | I13: 6.38 | J13: =IF(I13>=G13,"Yes","No") -> No
... A30: 46267 | D30: 7 | E30: 14 | F30: Beau Bandit | G30: 10.5 | H30: 0.5 | I30: 5.84 | J30: =IF(I30>=G30,"Yes","No") -> No
A31: 46270 | B31: QLD | C31: Eagle Farm | D31: 1 | E31: 2 | F31: Mercian | G31: 30 | H31: 0.5 | I31: 46 | J31: =IF(I31>=G31,"Yes","No") -> Yes
A32: 46270 | B32: QLD | C32: Eagle Farm | D32: 1 | E32: 4 | F32: Gambler | G32: 24 | H32: 0.5 | I32: 17.38 | J32: =IF(I32>=G32,"Yes","No") -> No
A33: 46270 | B33: QLD | C33: Eagle Farm | D33: 1 | E33: 11 | F33: Get Ready Lass | G33: 11 | H33: 0.5 | I33: 9.03 | J33: =IF(I33>=G33,"Yes","No") -> No
A34: 46270 | B34: NSW | C34: Randwick | D34: 1 | E34: 5 | F34: Barrengarry | G34: 6.6 | H34: 0.5 | I34: 6 | J34: =IF(I34>=G34,"Yes","No") -> No
A35: 46270 | B35: NSW | C35: Randwick | D35: 1 | E35: 11 | F35: Kingston Charm | G35: 36 | H35: 0.5 | I35: 49.37 | J35: =IF(I35>=G35,"Yes","No") -> Yes
A36: 46270 | B36: NSW | C36: Randwick | D36: 1 | E36: 16 | F36: Vexxy | G36: 12.5 | H36: 0.5 | I36: 12.37 | J36: =IF(I36>=G36,"Yes","No") -> No
A37: 46270 | B37: QLD | C37: Eagle Farm | D37: 2 | E37: 6 | F37: Blakemore Avenue | G37: 15 | H37: 0.5 | I37: 16 | J37: =IF(I37>=G37,"Yes","No") -> Yes
A38: 46270 | B38: NSW | C38: Randwick | D38: 2 | E38: 6 | F38: Nimble Star | G38: 32 | H38: 0.5 | I38: 28 | J38: =IF(I38>=G38,"Yes","No") -> No
A39: 46270 | B39: NSW | C39: Randwick | D39: 2 | E39: 9 | F39: Royal Exile | G39: 8.2 | H39: 0.5 | I39: 9.54 | J39: =IF(I39>=G39,"Yes","No") -> Yes
A40: 46270 | B40: NSW | C40: Randwick | D40: 2 | E40: 12 | F40: Ready To Rush | G40: 26 | H40: 0.5 | I40: 18.23 | J40: =IF(I40>=G40,"Yes","No") -> No
A41: 46270 | B41: NSW | C41: Randwick | D41: 2 | E41: 17 | F41: Andrea | G41: 17 | H41: 0.5 | I41: 16 | J41: =IF(I41>=G41,"Yes","No") -> No
A42: 46270 | B42: QLD | C42: Eagle Farm | D42: 3 | E42: 1 | F42: Tapildoodledo | G42: 23 | H42: 0.5 | I42: 18.48 | J42: =IF(I42>=G42,"Yes","No") -> No
... A256: 46291 | B256: NSW | C256: Rosehill | D256: 10 | E256: 17 | F256: Lull | G256: 18.5 | H256: 0.5 | I256: 18.5 | J256: =IF(I256>=G256,"Yes","No") -> Yes
A257: 46295 | B257: QLD | C257: Doomben | D257: 1 | E257: 7 | F257: Dun Darte Cheap | G257: 15 | H257: 0.5 | I257: 15 | J257: =IF(I257>=G257,"Yes","No") -> Yes | K257: Win
A258: 46295 | B258: QLD | C258: Doomben | D258: 1 | E258: 7 | F258: Dun Darte Cheap | G258: 3.95 | H258: 0.2 | I258: 3.55 | J258: =IF(I258>=G258,"Yes","No") -> No | K258: Place
A259: 46295 | B259: QLD | C259: Doomben | D259: 1 | E259: 8 | F259: Network | G259: 10.5 | H259: 0.5 | I259: 11.63 | J259: =IF(I259>=G259,"Yes","No") -> Yes | K259: Win
A260: 46295 | B260: QLD | C260: Doomben | D260: 1 | E260: 8 | F260: Network | G260: 2.82 | H260: 0.2 | I260: 2.82 | J260: =IF(I260>=G260,"Yes","No") -> Yes | K260: Place
A261: 46295 | B261: QLD | C261: Doomben | D261: 2 | E261: 2 | F261: Deemee | G261: 25 | H261: 0.5 | I261: 22.6 | J261: =IF(I261>=G261,"Yes","No") -> No | K261: Win
A262: 46295 | B262: QLD | C262: Doomben | D262: 2 | E262: 6 | F262: Ayasaki | G262: 13 | H262: 0.5 | I262: 13.42 | J262: =IF(I262>=G262,"Yes","No") -> Yes | K262: Win
A263: 46295 | B263: QLD | C263: Doomben | D263: 2 | E263: 6 | F263: Ayasaki | G263: 5.9 | H263: 0.2 | I263: 5.6 | J263: =IF(I263>=G263,"Yes","No") -> No | K263: Place
A264: 46295 | B264: QLD | C264: Doomben | D264: 3 | E264: 2 | F264: Vixenette | G264: 9 | H264: 0.5 | I264: 23 | J264: =IF(I264>=G264,"Yes","No") -> Yes | K264: Win
A265: 46295 | B265: QLD | C265: Doomben | D265: 3 | E265: 2 | F265: Vixenette | G265: 2.06 | H265: 0.2 | I265: 3 | J265: =IF(I265>=G265,"Yes","No") -> Yes | K265: Place
A266: 46295 | B266: QLD | C266: Doomben | D266: 3 | E266: 7 | F266: Sir Beveridge | G266: 15 | H266: 0.5 | I266: 14.5 | J266: =IF(I266>=G266,"Yes","No") -> No | K266: Win
A267: 46295 | B267: QLD | C267: Doomben | D267: 3 | E267: 7 | F267: Sir Beveridge | G267: 3.4 | H267: 0.2 | I267: 2.46 | J267: =IF(I267>=G267,"Yes","No") -> No | K267: Place
A268: 46295 | B268: NSW | C268: Rosehill | D268: 3 | E268: 3 | F268: Oakfield Utah | G268: 14 | H268: 0.5 | I268: 15.46 | J268: =IF(I268>=G268,"Yes","No") -> Yes | K268: Win
... A567: 46326 | B567: QLD | C567: Doomben | D567: 10 | E567: 11 | F567: Chief In Charge | G567: 10 | H567: 0.5 | I567: 18 | J567: =IF(I567>=G567,"Yes","No") -> Yes | K567: Win

Sheet Analysis
A1: Track | B1: Units Invested | C1: Units Collected (Net) | D1: Profit (Net) | E1: POT% | F1: Rated Price | G1: 1-1.99 | H1: 2-2.99 | I1: 3-3.99 | J1: 4-4.99 | K1: 5-5.99 | L1: 6-6.99 | M1: 7-7.99 | N1: 8-8.99 | O1: 9-9.99 | P1: 10-19.99 | Q1: 20-29.99 | R1: 30-39.99 | S1: 40-49.99 | T1: 50+ | U1: Rated Price POT% | V1: 1-1.99 | W1: 2-2.99 | X1: 3-3.99 | Y1: 4-4.99 | Z1: 5-5.99 | AA1: 6-6.99 | AB1: 7-7.99 | AC1: 8-8.99 | AD1: 9-9.99 | AE1: 10-19.99 | AF1: 20-29.99 | AG1: 30-39.99 | AH1: 40-49.99 | AI1: 50+
A2: Canterbury | B2: {=SUMPRODUCT((TRIM('DATA INPUT'!$H$3:$H$8999)=$A2)*'DATA INPUT'!$L$3:$L$8999)} -> 2.5 | C2: =B2+D2 -> 0 | D2: {=SUMPRODUCT((TRIM('DATA INPUT'!$H$3:$H$8999)=$A2)*'DATA INPUT'!$U$3:$U$8999)} -> -2.5 | E2: =IFERROR(D2/B2,0) -> -1 | G2: {=SUMPRODUCT((TRIM('DATA INPUT'!$H$3:$H$8999)=$A2)*('DATA INPUT'!$M$3:$M$8999>=1)*('DATA INPUT'!$M$3:$M$8999<2)*'DATA INPUT'!$U$3:$U$8999)} -> 0 | H2: {=SUMPRODUCT((TRIM('DATA INPUT'!$H$3:$H$8999)=$A2)*('DATA INPUT'!$M$3:$M$8999>=2)*('DATA INPUT'!$M$3:$M$8999<3)*'DATA INPUT'!$U$3:$U$8999)} -> 0 | I2: {=SUMPRODUCT((TRIM('DATA INPUT'!$H$3:$H$8999)=$A2)*('DATA INPUT'!$M$3:$M$8999>=3)*('DATA INPUT'!$M$3:$M$8999<4)*'DATA INPUT'!$U$3:$U$8999)} -> 0 | J2: {=SUMPRODUCT((TRIM('DATA INPUT'!$H$3:$H$8999)=$A2)*('DATA INPUT'!$M$3:$M$8999>=4)*('DATA INPUT'!$M$3:$M$8999<5)*'DATA INPUT'!$U$3:$U$8999)} -> 0 | K2: {=SUMPRODUCT((TRIM('DATA INPUT'!$H$3:$H$8999)=$A2)*('DATA INPUT'!$M$3:$M$8999>=5)*('DATA INPUT'!$M$3:$M$8999<6)*'DATA INPUT'!$U$3:$U$8999)} -> 0 | L2: {=SUMPRODUCT((TRIM('DATA INPUT'!$H$3:$H$8999)=$A2)*('DATA INPUT'!$M$3:$M$8999>=6)*('DATA INPUT'!$M$3:$M$8999<7)*'DATA INPUT'!$U$3:$U$8999)} -> 0 | M2: {=SUMPRODUCT((TRIM('DATA INPUT'!$H$3:$H$8999)=$A2)*('DATA INPUT'!$M$3:$M$8999>=7)*('DATA INPUT'!$M$3:$M$8999<8)*'DATA INPUT'!$U$3:$U$8999)} -> 0 | N2: {=SUMPRODUCT((TRIM('DATA INPUT'!$H$3:$H$8999)=$A2)*('DATA INPUT'!$M$3:$M$8999>=8)*('DATA INPUT'!$M$3:$M$8999<9)*'DATA INPUT'!$U$3:$U$8999)} -> 0 | O2: {=SUMPRODUCT((TRIM('DATA INPUT'!$H$3:$H$8999)=$A2)*('DATA INPUT'!$M$3:$M$8999>=9)*('DATA INPUT'!$M$3:$M$8999<10)*'DATA INPUT'!$U$3:$U$8999)} -> -0.5 | P2: {=SUMPRODUCT((TRIM('DATA INPUT'!$H$3:$H$8999)=$A2)*('DATA INPUT'!$M$3:$M$8999>=10)*('DATA INPUT'!$M$3:$M$8999<20)*'DATA INPUT'!$U$3:$U$8999)} -> -1.5 | Q2: {=SUMPRODUCT((TRIM('DATA INPUT'!$H$3:$H$8999)=$A2)*('DATA INPUT'!$M$3:$M$8999>=20)*('DATA INPUT'!$M$3:$M$8999<30)*'DATA INPUT'!$U$3:$U$8999)} -> -0.5 | R2: {=SUMPRODUCT((TRIM('DATA INPUT'!$H$3:$H$8999)=$A2)*('DATA INPUT'!$M$3:$M$8999>=30)*('DATA INPUT'!$M$3:$M$8999<40)*'DATA INPUT'!$U$3:$U$8999)} -> 0 | S2: {=SUMPRODUCT((TRIM('DATA INPUT'!$H$3:$H$8999)=$A2)*('DATA INPUT'!$M$3:$M$8999>=40)*('DATA INPUT'!$M$3:$M$8999<50)*'DATA INPUT'!$U$3:$U$8999)} -> 0 | T2: {=SUMPRODUCT((TRIM('DATA INPUT'!$H$3:$H$8999)=$A2)*('DATA INPUT'!$M$3:$M$8999>=50)*'DATA INPUT'!$U$3:$U$8999)} -> 0 | V2: {=IFERROR(SUMPRODUCT((TRIM('DATA INPUT'!$H$3:$H$8999)=$A2)*('DATA INPUT'!$M$3:$M$8999>=1)*('DATA INPUT'!$M$3:$M$8999<2)*'DATA INPUT'!$U$3:$U$8999)/SUMPRODUCT((TRIM('DATA INPUT'!$H$3:$H$8999)=$A2)*('DATA INPUT'!$M$3:$M$8999>=1)*('DATA INPUT'!$M$3:$M$8999<2)*'DATA INPUT'!$L$3:$L$8999),0)} -> 0 | W2: {=IFERROR(SUMPRODUCT((TRIM('DATA INPUT'!$H$3:$H$8999)=$A2)*('DATA INPUT'!$M$3:$M$8999>=2)*('DATA INPUT'!$M$3:$M$8999<3)*'DATA INPUT'!$U$3:$U$8999)/SUMPRODUCT((TRIM('DATA INPUT'!$H$3:$H$8999)=$A2)*('DATA INPUT'!$M$3:$M$8999>=2)*('DATA INPUT'!$M$3:$M$8999<3)*'DATA INPUT'!$L$3:$L$8999),0)} -> 0 | X2: {=IFERROR(SUMPRODUCT((TRIM('DATA INPUT'!$H$3:$H$8999)=$A2)*('DATA INPUT'!$M$3:$M$8999>=3)*('DATA INPUT'!$M$3:$M$8999<4)*'DATA INPUT'!$U$3:$U$8999)/SUMPRODUCT((TRIM('DATA INPUT'!$H$3:$H$8999)=$A2)*('DATA INPUT'!$M$3:$M$8999>=3)*('DATA INPUT'!$M$3:$M$8999<4)*'DATA INPUT'!$L$3:$L$8999),0)} -> 0 | Y2: {=IFERROR(SUMPRODUCT((TRIM('DATA INPUT'!$H$3:$H$8999)=$A2)*('DATA INPUT'!$M$3:$M$8999>=4)*('DATA INPUT'!$M$3:$M$8999<5)*'DATA INPUT'!$U$3:$U$8999)/SUMPRODUCT((TRIM('DATA INPUT'!$H$3:$H$8999)=$A2)*('DATA INPUT'!$M$3:$M$8999>=4)*('DATA INPUT'!$M$3:$M$8999<5)*'DATA INPUT'!$L$3:$L$8999),0)} -> 0 | Z2: {=IFERROR(SUMPRODUCT((TRIM('DATA INPUT'!$H$3:$H$8999)=$A2)*('DATA INPUT'!$M$3:$M$8999>=5)*('DATA INPUT'!$M$3:$M$8999<6)*'DATA INPUT'!$U$3:$U$8999)/SUMPRODUCT((TRIM('DATA INPUT'!$H$3:$H$8999)=$A2)*('DATA INPUT'!$M$3:$M$8999>=5)*('DATA INPUT'!$M$3:$M$8999<6)*'DATA INPUT'!$L$3:$L$8999),0)} -> 0 | AA2: {=IFERROR(SUMPRODUCT((TRIM('DATA INPUT'!$H$3:$H$8999)=$A2)*('DATA INPUT'!$M$3:$M$8999>=6)*('DATA INPUT'!$M$3:$M$8999<7)*'DATA INPUT'!$U$3:$U$8999)/SUMPRODUCT((TRIM('DATA INPUT'!$H$3:$H$8999)=$A2)*('DATA INPUT'!$M$3:$M$8999>=6)*('DATA INPUT'!$M$3:$M$8999<7)*'DATA INPUT'!$L$3:$L$8999),0)} -> 0 | AB2: {=IFERROR(SUMPRODUCT((TRIM('DATA INPUT'!$H$3:$H$8999)=$A2)*('DATA INPUT'!$M$3:$M$8999>=7)*('DATA INPUT'!$M$3:$M$8999<8)*'DATA INPUT'!$U$3:$U$8999)/SUMPRODUCT((TRIM('DATA INPUT'!$H$3:$H$8999)=$A2)*('DATA INPUT'!$M$3:$M$8999>=7)*('DATA INPUT'!$M$3:$M$8999<8)*'DATA INPUT'!$L$3:$L$8999),0)} -> 0 | AC2: {=IFERROR(SUMPRODUCT((TRIM('DATA INPUT'!$H$3:$H$8999)=$A2)*('DATA INPUT'!$M$3:$M$8999>=8)*('DATA INPUT'!$M$3:$M$8999<9)*'DATA INPUT'!$U$3:$U$8999)/SUMPRODUCT((TRIM('DATA INPUT'!$H$3:$H$8999)=$A2)*('DATA INPUT'!$M$3:$M$8999>=8)*('DATA INPUT'!$M$3:$M$8999<9)*'DATA INPUT'!$L$3:$L$8999),0)} -> 0 | AD2: {=IFERROR(SUMPRODUCT((TRIM('DATA INPUT'!$H$3:$H$8999)=$A2)*('DATA INPUT'!$M$3:$M$8999>=9)*('DATA INPUT'!$M$3:$M$8999<10)*'DATA INPUT'!$U$3:$U$8999)/SUMPRODUCT((TRIM('DATA INPUT'!$H$3:$H$8999)=$A2)*('DATA INPUT'!$M$3:$M$8999>=9)*('DATA INPUT'!$M$3:$M$8999<10)*'DATA INPUT'!$L$3:$L$8999),0)} -> -1 | AE2: {=IFERROR(SUMPRODUCT((TRIM('DATA INPUT'!$H$3:$H$8999)=$A2)*('DATA INPUT'!$M$3:$M$8999>=10)*('DATA INPUT'!$M$3:$M$8999<20)*'DATA INPUT'!$U$3:$U$8999)/SUMPRODUCT((TRIM('DATA INPUT'!$H$3:$H$8999)=$A2)*('DATA INPUT'!$M$3:$M$8999>=10)*('DATA INPUT'!$M$3:$M$8999<20)*'DATA INPUT'!$L$3:$L$8999),0)} -> -1 | AF2: {=IFERROR(SUMPRODUCT((TRIM('DATA INPUT'!$H$3:$H$8999)=$A2)*('DATA INPUT'!$M$3:$M$8999>=20)*('DATA INPUT'!$M$3:$M$8999<30)*'DATA INPUT'!$U$3:$U$8999)/SUMPRODUCT((TRIM('DATA INPUT'!$H$3:$H$8999)=$A2)*('DATA INPUT'!$M$3:$M$8999>=20)*('DATA INPUT'!$M$3:$M$8999<30)*'DATA INPUT'!$L$3:$L$8999),0)} -> -1 | AG2: {=IFERROR(SUMPRODUCT((TRIM('DATA INPUT'!$H$3:$H$8999)=$A2)*('DATA INPUT'!$M$3:$M$8999>=30)*('DATA INPUT'!$M$3:$M$8999<40)*'DATA INPUT'!$U$3:$U$8999)/SUMPRODUCT((TRIM('DATA INPUT'!$H$3:$H$8999)=$A2)*('DATA INPUT'!$M$3:$M$8999>=30)*('DATA INPUT'!$M$3:$M$8999<40)*'DATA INPUT'!$L$3:$L$8999),0)} -> 0 | AH2: {=IFERROR(SUMPRODUCT((TRIM('DATA INPUT'!$H$3:$H$8999)=$A2)*('DATA INPUT'!$M$3:$M$8999>=40)*('DATA INPUT'!$M$3:$M$8999<50)*'DATA INPUT'!$U$3:$U$8999)/SUMPRODUCT((TRIM('DATA INPUT'!$H$3:$H$8999)=$A2)*('DATA INPUT'!$M$3:$M$8999>=40)*('DATA INPUT'!$M$3:$M$8999<50)*'DATA INPUT'!$L$3:$L$8999),0)} -> 0 | AI2: {=IFERROR(SUMPRODUCT((TRIM('DATA INPUT'!$H$3:$H$8999)=$A2)*('DATA INPUT'!$M$3:$M$8999>=50)*'DATA INPUT'!$U$3:$U$8999)/SUMPRODUCT((TRIM('DATA INPUT'!$H$3:$H$8999)=$A2)*('DATA INPUT'!$M$3:$M$8999>=50)*'DATA INPUT'!$L$3:$L$8999),0)} -> 0
A3: Randwick | B3: {=SUMPRODUCT((TRIM('DATA INPUT'!$H$3:$H$8999)=$A3)*'DATA INPUT'!$L$3:$L$8999)} -> 35.5 | C3: =B3+D3 -> 49.9772 | D3: {=SUMPRODUCT((TRIM('DATA INPUT'!$H$3:$H$8999)=$A3)*'DATA INPUT'!$U$3:$U$8999)} -> 14.4772 | E3: =IFERROR(D3/B3,0) -> 0.40780845 | G3: {=SUMPRODUCT((TRIM('DATA INPUT'!$H$3:$H$8999)=$A3)*('DATA INPUT'!$M$3:$M$8999>=1)*('DATA INPUT'!$M$3:$M$8999<2)*'DATA INPUT'!$U$3:$U$8999)} -> 0 | H3: {=SUMPRODUCT((TRIM('DATA INPUT'!$H$3:$H$8999)=$A3)*('DATA INPUT'!$M$3:$M$8999>=2)*('DATA INPUT'!$M$3:$M$8999<3)*'DATA INPUT'!$U$3:$U$8999)} -> 0 | I3: {=SUMPRODUCT((TRIM('DATA INPUT'!$H$3:$H$8999)=$A3)*('DATA INPUT'!$M$3:$M$8999>=3)*('DATA INPUT'!$M$3:$M$8999<4)*'DATA INPUT'!$U$3:$U$8999)} -> 0 | J3: {=SUMPRODUCT((TRIM('DATA INPUT'!$H$3:$H$8999)=$A3)*('DATA INPUT'!$M$3:$M$8999>=4)*('DATA INPUT'!$M$3:$M$8999<5)*'DATA INPUT'!$U$3:$U$8999)} -> 0 | K3: {=SUMPRODUCT((TRIM('DATA INPUT'!$H$3:$H$8999)=$A3)*('DATA INPUT'!$M$3:$M$8999>=5)*('DATA INPUT'!$M$3:$M$8999<6)*'DATA INPUT'!$U$3:$U$8999)} -> 0 | L3: {=SUMPRODUCT((TRIM('DATA INPUT'!$H$3:$H$8999)=$A3)*('DATA INPUT'!$M$3:$M$8999>=6)*('DATA INPUT'!$M$3:$M$8999<7)*'DATA INPUT'!$U$3:$U$8999)} -> 2.4412 | M3: {=SUMPRODUCT((TRIM('DATA INPUT'!$H$3:$H$8999)=$A3)*('DATA INPUT'!$M$3:$M$8999>=7)*('DATA INPUT'!$M$3:$M$8999<8)*'DATA INPUT'!$U$3:$U$8999)} -> 2.828 | N3: {=SUMPRODUCT((TRIM('DATA INPUT'!$H$3:$H$8999)=$A3)*('DATA INPUT'!$M$3:$M$8999>=8)*('DATA INPUT'!$M$3:$M$8999<9)*'DATA INPUT'!$U$3:$U$8999)} -> -2 | O3: {=SUMPRODUCT((TRIM('DATA INPUT'!$H$3:$H$8999)=$A3)*('DATA INPUT'!$M$3:$M$8999>=9)*('DATA INPUT'!$M$3:$M$8999<10)*'DATA INPUT'!$U$3:$U$8999)} -> -1 | P3: {=SUMPRODUCT((TRIM('DATA INPUT'!$H$3:$H$8999)=$A3)*('DATA INPUT'!$M$3:$M$8999>=10)*('DATA INPUT'!$M$3:$M$8999<20)*'DATA INPUT'!$U$3:$U$8999)} -> 26.208 | Q3: {=SUMPRODUCT((TRIM('DATA INPUT'!$H$3:$H$8999)=$A3)*('DATA INPUT'!$M$3:$M$8999>=20)*('DATA INPUT'!$M$3:$M$8999<30)*'DATA INPUT'!$U$3:$U$8999)} -> -11.5 | R3: {=SUMPRODUCT((TRIM('DATA INPUT'!$H$3:$H$8999)=$A3)*('DATA INPUT'!$M$3:$M$8999>=30)*('DATA INPUT'!$M$3:$M$8999<40)*'DATA INPUT'!$U$3:$U$8999)} -> -2.5 | S3: {=SUMPRODUCT((TRIM('DATA INPUT'!$H$3:$H$8999)=$A3)*('DATA INPUT'!$M$3:$M$8999>=40)*('DATA INPUT'!$M$3:$M$8999<50)*'DATA INPUT'!$U$3:$U$8999)} -> 0 | T3: {=SUMPRODUCT((TRIM('DATA INPUT'!$H$3:$H$8999)=$A3)*('DATA INPUT'!$M$3:$M$8999>=50)*'DATA INPUT'!$U$3:$U$8999)} -> 0 | V3: {=IFERROR(SUMPRODUCT((TRIM('DATA INPUT'!$H$3:$H$8999)=$A3)*('DATA INPUT'!$M$3:$M$8999>=1)*('DATA INPUT'!$M$3:$M$8999<2)*'DATA INPUT'!$U$3:$U$8999)/SUMPRODUCT((TRIM('DATA INPUT'!$H$3:$H$8999)=$A3)*('DATA INPUT'!$M$3:$M$8999>=1)*('DATA INPUT'!$M$3:$M$8999<2)*'DATA INPUT'!$L$3:$L$8999),0)} -> 0 | W3: {=IFERROR(SUMPRODUCT((TRIM('DATA INPUT'!$H$3:$H$8999)=$A3)*('DATA INPUT'!$M$3:$M$8999>=2)*('DATA INPUT'!$M$3:$M$8999<3)*'DATA INPUT'!$U$3:$U$8999)/SUMPRODUCT((TRIM('DATA INPUT'!$H$3:$H$8999)=$A3)*('DATA INPUT'!$M$3:$M$8999>=2)*('DATA INPUT'!$M$3:$M$8999<3)*'DATA INPUT'!$L$3:$L$8999),0)} -> 0 | X3: {=IFERROR(SUMPRODUCT((TRIM('DATA INPUT'!$H$3:$H$8999)=$A3)*('DATA INPUT'!$M$3:$M$8999>=3)*('DATA INPUT'!$M$3:$M$8999<4)*'DATA INPUT'!$U$3:$U$8999)/SUMPRODUCT((TRIM('DATA INPUT'!$H$3:$H$8999)=$A3)*('DATA INPUT'!$M$3:$M$8999>=3)*('DATA INPUT'!$M$3:$M$8999<4)*'DATA INPUT'!$L$3:$L$8999),0)} -> 0 | Y3: {=IFERROR(SUMPRODUCT((TRIM('DATA INPUT'!$H$3:$H$8999)=$A3)*('DATA INPUT'!$M$3:$M$8999>=4)*('DATA INPUT'!$M$3:$M$8999<5)*'DATA INPUT'!$U$3:$U$8999)/SUMPRODUCT((TRIM('DATA INPUT'!$H$3:$H$8999)=$A3)*('DATA INPUT'!$M$3:$M$8999>=4)*('DATA INPUT'!$M$3:$M$8999<5)*'DATA INPUT'!$L$3:$L$8999),0)} -> 0 | Z3: {=IFERROR(SUMPRODUCT((TRIM('DATA INPUT'!$H$3:$H$8999)=$A3)*('DATA INPUT'!$M$3:$M$8999>=5)*('DATA INPUT'!$M$3:$M$8999<6)*'DATA INPUT'!$U$3:$U$8999)/SUMPRODUCT((TRIM('DATA INPUT'!$H$3:$H$8999)=$A3)*('DATA INPUT'!$M$3:$M$8999>=5)*('DATA INPUT'!$M$3:$M$8999<6)*'DATA INPUT'!$L$3:$L$8999),0)} -> 0 | AA3: {=IFERROR(SUMPRODUCT((TRIM('DATA INPUT'!$H$3:$H$8999)=$A3)*('DATA INPUT'!$M$3:$M$8999>=6)*('DATA INPUT'!$M$3:$M$8999<7)*'DATA INPUT'!$U$3:$U$8999)/SUMPRODUCT((TRIM('DATA INPUT'!$H$3:$H$8999)=$A3)*('DATA INPUT'!$M$3:$M$8999>=6)*('DATA INPUT'!$M$3:$M$8999<7)*'DATA INPUT'!$L$3:$L$8999),0)} -> 2.4412 | AB3: {=IFERROR(SUMPRODUCT((TRIM('DATA INPUT'!$H$3:$H$8999)=$A3)*('DATA INPUT'!$M$3:$M$8999>=7)*('DATA INPUT'!$M$3:$M$8999<8)*'DATA INPUT'!$U$3:$U$8999)/SUMPRODUCT((TRIM('DATA INPUT'!$H$3:$H$8999)=$A3)*('DATA INPUT'!$M$3:$M$8999>=7)*('DATA INPUT'!$M$3:$M$8999<8)*'DATA INPUT'!$L$3:$L$8999),0)} -> 2.828 | AC3: {=IFERROR(SUMPRODUCT((TRIM('DATA INPUT'!$H$3:$H$8999)=$A3)*('DATA INPUT'!$M$3:$M$8999>=8)*('DATA INPUT'!$M$3:$M$8999<9)*'DATA INPUT'!$U$3:$U$8999)/SUMPRODUCT((TRIM('DATA INPUT'!$H$3:$H$8999)=$A3)*('DATA INPUT'!$M$3:$M$8999>=8)*('DATA INPUT'!$M$3:$M$8999<9)*'DATA INPUT'!$L$3:$L$8999),0)} -> -1 | AD3: {=IFERROR(SUMPRODUCT((TRIM('DATA INPUT'!$H$3:$H$8999)=$A3)*('DATA INPUT'!$M$3:$M$8999>=9)*('DATA INPUT'!$M$3:$M$8999<10)*'DATA INPUT'!$U$3:$U$8999)/SUMPRODUCT((TRIM('DATA INPUT'!$H$3:$H$8999)=$A3)*('DATA INPUT'!$M$3:$M$8999>=9)*('DATA INPUT'!$M$3:$M$8999<10)*'DATA INPUT'!$L$3:$L$8999),0)} -> -1 | AE3: {=IFERROR(SUMPRODUCT((TRIM('DATA INPUT'!$H$3:$H$8999)=$A3)*('DATA INPUT'!$M$3:$M$8999>=10)*('DATA INPUT'!$M$3:$M$8999<20)*'DATA INPUT'!$U$3:$U$8999)/SUMPRODUCT((TRIM('DATA INPUT'!$H$3:$H$8999)=$A3)*('DATA INPUT'!$M$3:$M$8999>=10)*('DATA INPUT'!$M$3:$M$8999<20)*'DATA INPUT'!$L$3:$L$8999),0)} -> 1.5883636 | AF3: {=IFERROR(SUMPRODUCT((TRIM('DATA INPUT'!$H$3:$H$8999)=$A3)*('DATA INPUT'!$M$3:$M$8999>=20)*('DATA INPUT'!$M$3:$M$8999<30)*'DATA INPUT'!$U$3:$U$8999)/SUMPRODUCT((TRIM('DATA INPUT'!$H$3:$H$8999)=$A3)*('DATA INPUT'!$M$3:$M$8999>=20)*('DATA INPUT'!$M$3:$M$8999<30)*'DATA INPUT'!$L$3:$L$8999),0)} -> -1 | AG3: {=IFERROR(SUMPRODUCT((TRIM('DATA INPUT'!$H$3:$H$8999)=$A3)*('DATA INPUT'!$M$3:$M$8999>=30)*('DATA INPUT'!$M$3:$M$8999<40)*'DATA INPUT'!$U$3:$U$8999)/SUMPRODUCT((TRIM('DATA INPUT'!$H$3:$H$8999)=$A3)*('DATA INPUT'!$M$3:$M$8999>=30)*('DATA INPUT'!$M$3:$M$8999<40)*'DATA INPUT'!$L$3:$L$8999),0)} -> -1 | AH3: {=IFERROR(SUMPRODUCT((TRIM('DATA INPUT'!$H$3:$H$8999)=$A3)*('DATA INPUT'!$M$3:$M$8999>=40)*('DATA INPUT'!$M$3:$M$8999<50)*'DATA INPUT'!$U$3:$U$8999)/SUMPRODUCT((TRIM('DATA INPUT'!$H$3:$H$8999)=$A3)*('DATA INPUT'!$M$3:$M$8999>=40)*('DATA INPUT'!$M$3:$M$8999<50)*'DATA INPUT'!$L$3:$L$8999),0)} -> 0 | AI3: {=IFERROR(SUMPRODUCT((TRIM('DATA INPUT'!$H$3:$H$8999)=$A3)*('DATA INPUT'!$M$3:$M$8999>=50)*'DATA INPUT'!$U$3:$U$8999)/SUMPRODUCT((TRIM('DATA INPUT'!$H$3:$H$8999)=$A3)*('DATA INPUT'!$M$3:$M$8999>=50)*'DATA INPUT'!$L$3:$L$8999),0)} -> 0
A4: Rosehill | B4: {=SUMPRODUCT((TRIM('DATA INPUT'!$H$3:$H$8999)=$A4)*'DATA INPUT'!$L$3:$L$8999)} -> 25 | C4: =B4+D4 -> 44.0324 | D4: {=SUMPRODUCT((TRIM('DATA INPUT'!$H$3:$H$8999)=$A4)*'DATA INPUT'!$U$3:$U$8999)} -> 19.0324 | E4: =IFERROR(D4/B4,0) -> 0.761296 | G4: {=SUMPRODUCT((TRIM('DATA INPUT'!$H$3:$H$8999)=$A4)*('DATA INPUT'!$M$3:$M$8999>=1)*('DATA INPUT'!$M$3:$M$8999<2)*'DATA INPUT'!$U$3:$U$8999)} -> 0 | H4: {=SUMPRODUCT((TRIM('DATA INPUT'!$H$3:$H$8999)=$A4)*('DATA INPUT'!$M$3:$M$8999>=2)*('DATA INPUT'!$M$3:$M$8999<3)*'DATA INPUT'!$U$3:$U$8999)} -> 0 | I4: {=SUMPRODUCT((TRIM('DATA INPUT'!$H$3:$H$8999)=$A4)*('DATA INPUT'!$M$3:$M$8999>=3)*('DATA INPUT'!$M$3:$M$8999<4)*'DATA INPUT'!$U$3:$U$8999)} -> 0 | J4: {=SUMPRODUCT((TRIM('DATA INPUT'!$H$3:$H$8999)=$A4)*('DATA INPUT'!$M$3:$M$8999>=4)*('DATA INPUT'!$M$3:$M$8999<5)*'DATA INPUT'!$U$3:$U$8999)} -> 0 | K4: {=SUMPRODUCT((TRIM('DATA INPUT'!$H$3:$H$8999)=$A4)*('DATA INPUT'!$M$3:$M$8999>=5)*('DATA INPUT'!$M$3:$M$8999<6)*'DATA INPUT'!$U$3:$U$8999)} -> 0 | L4: {=SUMPRODUCT((TRIM('DATA INPUT'!$H$3:$H$8999)=$A4)*('DATA INPUT'!$M$3:$M$8999>=6)*('DATA INPUT'!$M$3:$M$8999<7)*'DATA INPUT'!$U$3:$U$8999)} -> -2 | M4: {=SUMPRODUCT((TRIM('DATA INPUT'!$H$3:$H$8999)=$A4)*('DATA INPUT'!$M$3:$M$8999>=7)*('DATA INPUT'!$M$3:$M$8999<8)*'DATA INPUT'!$U$3:$U$8999)} -> -1 | N4: {=SUMPRODUCT((TRIM('DATA INPUT'!$H$3:$H$8999)=$A4)*('DATA INPUT'!$M$3:$M$8999>=8)*('DATA INPUT'!$M$3:$M$8999<9)*'DATA INPUT'!$U$3:$U$8999)} -> -0.5 | O4: {=SUMPRODUCT((TRIM('DATA INPUT'!$H$3:$H$8999)=$A4)*('DATA INPUT'!$M$3:$M$8999>=9)*('DATA INPUT'!$M$3:$M$8999<10)*'DATA INPUT'!$U$3:$U$8999)} -> 0 | P4: {=SUMPRODUCT((TRIM('DATA INPUT'!$H$3:$H$8999)=$A4)*('DATA INPUT'!$M$3:$M$8999>=10)*('DATA INPUT'!$M$3:$M$8999<20)*'DATA INPUT'!$U$3:$U$8999)} -> 14.7884 | Q4: {=SUMPRODUCT((TRIM('DATA INPUT'!$H$3:$H$8999)=$A4)*('DATA INPUT'!$M$3:$M$8999>=20)*('DATA INPUT'!$M$3:$M$8999<30)*'DATA INPUT'!$U$3:$U$8999)} -> 9.744 | R4: {=SUMPRODUCT((TRIM('DATA INPUT'!$H$3:$H$8999)=$A4)*('DATA INPUT'!$M$3:$M$8999>=30)*('DATA INPUT'!$M$3:$M$8999<40)*'DATA INPUT'!$U$3:$U$8999)} -> -2 | S4: {=SUMPRODUCT((TRIM('DATA INPUT'!$H$3:$H$8999)=$A4)*('DATA INPUT'!$M$3:$M$8999>=40)*('DATA INPUT'!$M$3:$M$8999<50)*'DATA INPUT'!$U$3:$U$8999)} -> 0 | T4: {=SUMPRODUCT((TRIM('DATA INPUT'!$H$3:$H$8999)=$A4)*('DATA INPUT'!$M$3:$M$8999>=50)*'DATA INPUT'!$U$3:$U$8999)} -> 0 | V4: {=IFERROR(SUMPRODUCT((TRIM('DATA INPUT'!$H$3:$H$8999)=$A4)*('DATA INPUT'!$M$3:$M$8999>=1)*('DATA INPUT'!$M$3:$M$8999<2)*'DATA INPUT'!$U$3:$U$8999)/SUMPRODUCT((TRIM('DATA INPUT'!$H$3:$H$8999)=$A4)*('DATA INPUT'!$M$3:$M$8999>=1)*('DATA INPUT'!$M$3:$M$8999<2)*'DATA INPUT'!$L$3:$L$8999),0)} -> 0 | W4: {=IFERROR(SUMPRODUCT((TRIM('DATA INPUT'!$H$3:$H$8999)=$A4)*('DATA INPUT'!$M$3:$M$8999>=2)*('DATA INPUT'!$M$3:$M$8999<3)*'DATA INPUT'!$U$3:$U$8999)/SUMPRODUCT((TRIM('DATA INPUT'!$H$3:$H$8999)=$A4)*('DATA INPUT'!$M$3:$M$8999>=2)*('DATA INPUT'!$M$3:$M$8999<3)*'DATA INPUT'!$L$3:$L$8999),0)} -> 0 | X4: {=IFERROR(SUMPRODUCT((TRIM('DATA INPUT'!$H$3:$H$8999)=$A4)*('DATA INPUT'!$M$3:$M$8999>=3)*('DATA INPUT'!$M$3:$M$8999<4)*'DATA INPUT'!$U$3:$U$8999)/SUMPRODUCT((TRIM('DATA INPUT'!$H$3:$H$8999)=$A4)*('DATA INPUT'!$M$3:$M$8999>=3)*('DATA INPUT'!$M$3:$M$8999<4)*'DATA INPUT'!$L$3:$L$8999),0)} -> 0 | Y4: {=IFERROR(SUMPRODUCT((TRIM('DATA INPUT'!$H$3:$H$8999)=$A4)*('DATA INPUT'!$M$3:$M$8999>=4)*('DATA INPUT'!$M$3:$M$8999<5)*'DATA INPUT'!$U$3:$U$8999)/SUMPRODUCT((TRIM('DATA INPUT'!$H$3:$H$8999)=$A4)*('DATA INPUT'!$M$3:$M$8999>=4)*('DATA INPUT'!$M$3:$M$8999<5)*'DATA INPUT'!$L$3:$L$8999),0)} -> 0 | Z4: {=IFERROR(SUMPRODUCT((TRIM('DATA INPUT'!$H$3:$H$8999)=$A4)*('DATA INPUT'!$M$3:$M$8999>=5)*('DATA INPUT'!$M$3:$M$8999<6)*'DATA INPUT'!$U$3:$U$8999)/SUMPRODUCT((TRIM('DATA INPUT'!$H$3:$H$8999)=$A4)*('DATA INPUT'!$M$3:$M$8999>=5)*('DATA INPUT'!$M$3:$M$8999<6)*'DATA INPUT'!$L$3:$L$8999),0)} -> 0 | AA4: {=IFERROR(SUMPRODUCT((TRIM('DATA INPUT'!$H$3:$H$8999)=$A4)*('DATA INPUT'!$M$3:$M$8999>=6)*('DATA INPUT'!$M$3:$M$8999<7)*'DATA INPUT'!$U$3:$U$8999)/SUMPRODUCT((TRIM('DATA INPUT'!$H$3:$H$8999)=$A4)*('DATA INPUT'!$M$3:$M$8999>=6)*('DATA INPUT'!$M$3:$M$8999<7)*'DATA INPUT'!$L$3:$L$8999),0)} -> -1 | AB4: {=IFERROR(SUMPRODUCT((TRIM('DATA INPUT'!$H$3:$H$8999)=$A4)*('DATA INPUT'!$M$3:$M$8999>=7)*('DATA INPUT'!$M$3:$M$8999<8)*'DATA INPUT'!$U$3:$U$8999)/SUMPRODUCT((TRIM('DATA INPUT'!$H$3:$H$8999)=$A4)*('DATA INPUT'!$M$3:$M$8999>=7)*('DATA INPUT'!$M$3:$M$8999<8)*'DATA INPUT'!$L$3:$L$8999),0)} -> -1 | AC4: {=IFERROR(SUMPRODUCT((TRIM('DATA INPUT'!$H$3:$H$8999)=$A4)*('DATA INPUT'!$M$3:$M$8999>=8)*('DATA INPUT'!$M$3:$M$8999<9)*'DATA INPUT'!$U$3:$U$8999)/SUMPRODUCT((TRIM('DATA INPUT'!$H$3:$H$8999)=$A4)*('DATA INPUT'!$M$3:$M$8999>=8)*('DATA INPUT'!$M$3:$M$8999<9)*'DATA INPUT'!$L$3:$L$8999),0)} -> -1 | AD4: {=IFERROR(SUMPRODUCT((TRIM('DATA INPUT'!$H$3:$H$8999)=$A4)*('DATA INPUT'!$M$3:$M$8999>=9)*('DATA INPUT'!$M$3:$M$8999<10)*'DATA INPUT'!$U$3:$U$8999)/SUMPRODUCT((TRIM('DATA INPUT'!$H$3:$H$8999)=$A4)*('DATA INPUT'!$M$3:$M$8999>=9)*('DATA INPUT'!$M$3:$M$8999<10)*'DATA INPUT'!$L$3:$L$8999),0)} -> 0 | AE4: {=IFERROR(SUMPRODUCT((TRIM('DATA INPUT'!$H$3:$H$8999)=$A4)*('DATA INPUT'!$M$3:$M$8999>=10)*('DATA INPUT'!$M$3:$M$8999<20)*'DATA INPUT'!$U$3:$U$8999)/SUMPRODUCT((TRIM('DATA INPUT'!$H$3:$H$8999)=$A4)*('DATA INPUT'!$M$3:$M$8999>=10)*('DATA INPUT'!$M$3:$M$8999<20)*'DATA INPUT'!$L$3:$L$8999),0)} -> 1.2323667 | AF4: {=IFERROR(SUMPRODUCT((TRIM('DATA INPUT'!$H$3:$H$8999)=$A4)*('DATA INPUT'!$M$3:$M$8999>=20)*('DATA INPUT'!$M$3:$M$8999<30)*'DATA INPUT'!$U$3:$U$8999)/SUMPRODUCT((TRIM('DATA INPUT'!$H$3:$H$8999)=$A4)*('DATA INPUT'!$M$3:$M$8999>=20)*('DATA INPUT'!$M$3:$M$8999<30)*'DATA INPUT'!$L$3:$L$8999),0)} -> 1.2992 | AG4: {=IFERROR(SUMPRODUCT((TRIM('DATA INPUT'!$H$3:$H$8999)=$A4)*('DATA INPUT'!$M$3:$M$8999>=30)*('DATA INPUT'!$M$3:$M$8999<40)*'DATA INPUT'!$U$3:$U$8999)/SUMPRODUCT((TRIM('DATA INPUT'!$H$3:$H$8999)=$A4)*('DATA INPUT'!$M$3:$M$8999>=30)*('DATA INPUT'!$M$3:$M$8999<40)*'DATA INPUT'!$L$3:$L$8999),0)} -> -1 | AH4: {=IFERROR(SUMPRODUCT((TRIM('DATA INPUT'!$H$3:$H$8999)=$A4)*('DATA INPUT'!$M$3:$M$8999>=40)*('DATA INPUT'!$M$3:$M$8999<50)*'DATA INPUT'!$U$3:$U$8999)/SUMPRODUCT((TRIM('DATA INPUT'!$H$3:$H$8999)=$A4)*('DATA INPUT'!$M$3:$M$8999>=40)*('DATA INPUT'!$M$3:$M$8999<50)*'DATA INPUT'!$L$3:$L$8999),0)} -> 0 | AI4: {=IFERROR(SUMPRODUCT((TRIM('DATA INPUT'!$H$3:$H$8999)=$A4)*('DATA INPUT'!$M$3:$M$8999>=50)*'DATA INPUT'!$U$3:$U$8999)/SUMPRODUCT((TRIM('DATA INPUT'!$H$3:$H$8999)=$A4)*('DATA INPUT'!$M$3:$M$8999>=50)*'DATA INPUT'!$L$3:$L$8999),0)} -> 0
A5: Warwick Farm | B5: {=SUMPRODUCT((TRIM('DATA INPUT'!$H$3:$H$8999)=$A5)*'DATA INPUT'!$L$3:$L$8999)} -> 13.5 | C5: =B5+D5 -> 0 | D5: {=SUMPRODUCT((TRIM('DATA INPUT'!$H$3:$H$8999)=$A5)*'DATA INPUT'!$U$3:$U$8999)} -> -13.5 | E5: =IFERROR(D5/B5,0) -> -1 | G5: {=SUMPRODUCT((TRIM('DATA INPUT'!$H$3:$H$8999)=$A5)*('DATA INPUT'!$M$3:$M$8999>=1)*('DATA INPUT'!$M$3:$M$8999<2)*'DATA INPUT'!$U$3:$U$8999)} -> 0 | H5: {=SUMPRODUCT((TRIM('DATA INPUT'!$H$3:$H$8999)=$A5)*('DATA INPUT'!$M$3:$M$8999>=2)*('DATA INPUT'!$M$3:$M$8999<3)*'DATA INPUT'!$U$3:$U$8999)} -> 0 | I5: {=SUMPRODUCT((TRIM('DATA INPUT'!$H$3:$H$8999)=$A5)*('DATA INPUT'!$M$3:$M$8999>=3)*('DATA INPUT'!$M$3:$M$8999<4)*'DATA INPUT'!$U$3:$U$8999)} -> 0 | J5: {=SUMPRODUCT((TRIM('DATA INPUT'!$H$3:$H$8999)=$A5)*('DATA INPUT'!$M$3:$M$8999>=4)*('DATA INPUT'!$M$3:$M$8999<5)*'DATA INPUT'!$U$3:$U$8999)} -> 0 | K5: {=SUMPRODUCT((TRIM('DATA INPUT'!$H$3:$H$8999)=$A5)*('DATA INPUT'!$M$3:$M$8999>=5)*('DATA INPUT'!$M$3:$M$8999<6)*'DATA INPUT'!$U$3:$U$8999)} -> 0 | L5: {=SUMPRODUCT((TRIM('DATA INPUT'!$H$3:$H$8999)=$A5)*('DATA INPUT'!$M$3:$M$8999>=6)*('DATA INPUT'!$M$3:$M$8999<7)*'DATA INPUT'!$U$3:$U$8999)} -> -0.5 | M5: {=SUMPRODUCT((TRIM('DATA INPUT'!$H$3:$H$8999)=$A5)*('DATA INPUT'!$M$3:$M$8999>=7)*('DATA INPUT'!$M$3:$M$8999<8)*'DATA INPUT'!$U$3:$U$8999)} -> 0 | N5: {=SUMPRODUCT((TRIM('DATA INPUT'!$H$3:$H$8999)=$A5)*('DATA INPUT'!$M$3:$M$8999>=8)*('DATA INPUT'!$M$3:$M$8999<9)*'DATA INPUT'!$U$3:$U$8999)} -> 0 | O5: {=SUMPRODUCT((TRIM('DATA INPUT'!$H$3:$H$8999)=$A5)*('DATA INPUT'!$M$3:$M$8999>=9)*('DATA INPUT'!$M$3:$M$8999<10)*'DATA INPUT'!$U$3:$U$8999)} -> -2 | P5: {=SUMPRODUCT((TRIM('DATA INPUT'!$H$3:$H$8999)=$A5)*('DATA INPUT'!$M$3:$M$8999>=10)*('DATA INPUT'!$M$3:$M$8999<20)*'DATA INPUT'!$U$3:$U$8999)} -> -7.5 | Q5: {=SUMPRODUCT((TRIM('DATA INPUT'!$H$3:$H$8999)=$A5)*('DATA INPUT'!$M$3:$M$8999>=20)*('DATA INPUT'!$M$3:$M$8999<30)*'DATA INPUT'!$U$3:$U$8999)} -> -2.5 | R5: {=SUMPRODUCT((TRIM('DATA INPUT'!$H$3:$H$8999)=$A5)*('DATA INPUT'!$M$3:$M$8999>=30)*('DATA INPUT'!$M$3:$M$8999<40)*'DATA INPUT'!$U$3:$U$8999)} -> -1 | S5: {=SUMPRODUCT((TRIM('DATA INPUT'!$H$3:$H$8999)=$A5)*('DATA INPUT'!$M$3:$M$8999>=40)*('DATA INPUT'!$M$3:$M$8999<50)*'DATA INPUT'!$U$3:$U$8999)} -> 0 | T5: {=SUMPRODUCT((TRIM('DATA INPUT'!$H$3:$H$8999)=$A5)*('DATA INPUT'!$M$3:$M$8999>=50)*'DATA INPUT'!$U$3:$U$8999)} -> 0 | V5: {=IFERROR(SUMPRODUCT((TRIM('DATA INPUT'!$H$3:$H$8999)=$A5)*('DATA INPUT'!$M$3:$M$8999>=1)*('DATA INPUT'!$M$3:$M$8999<2)*'DATA INPUT'!$U$3:$U$8999)/SUMPRODUCT((TRIM('DATA INPUT'!$H$3:$H$8999)=$A5)*('DATA INPUT'!$M$3:$M$8999>=1)*('DATA INPUT'!$M$3:$M$8999<2)*'DATA INPUT'!$L$3:$L$8999),0)} -> 0 | W5: {=IFERROR(SUMPRODUCT((TRIM('DATA INPUT'!$H$3:$H$8999)=$A5)*('DATA INPUT'!$M$3:$M$8999>=2)*('DATA INPUT'!$M$3:$M$8999<3)*'DATA INPUT'!$U$3:$U$8999)/SUMPRODUCT((TRIM('DATA INPUT'!$H$3:$H$8999)=$A5)*('DATA INPUT'!$M$3:$M$8999>=2)*('DATA INPUT'!$M$3:$M$8999<3)*'DATA INPUT'!$L$3:$L$8999),0)} -> 0 | X5: {=IFERROR(SUMPRODUCT((TRIM('DATA INPUT'!$H$3:$H$8999)=$A5)*('DATA INPUT'!$M$3:$M$8999>=3)*('DATA INPUT'!$M$3:$M$8999<4)*'DATA INPUT'!$U$3:$U$8999)/SUMPRODUCT((TRIM('DATA INPUT'!$H$3:$H$8999)=$A5)*('DATA INPUT'!$M$3:$M$8999>=3)*('DATA INPUT'!$M$3:$M$8999<4)*'DATA INPUT'!$L$3:$L$8999),0)} -> 0 | Y5: {=IFERROR(SUMPRODUCT((TRIM('DATA INPUT'!$H$3:$H$8999)=$A5)*('DATA INPUT'!$M$3:$M$8999>=4)*('DATA INPUT'!$M$3:$M$8999<5)*'DATA INPUT'!$U$3:$U$8999)/SUMPRODUCT((TRIM('DATA INPUT'!$H$3:$H$8999)=$A5)*('DATA INPUT'!$M$3:$M$8999>=4)*('DATA INPUT'!$M$3:$M$8999<5)*'DATA INPUT'!$L$3:$L$8999),0)} -> 0 | Z5: {=IFERROR(SUMPRODUCT((TRIM('DATA INPUT'!$H$3:$H$8999)=$A5)*('DATA INPUT'!$M$3:$M$8999>=5)*('DATA INPUT'!$M$3:$M$8999<6)*'DATA INPUT'!$U$3:$U$8999)/SUMPRODUCT((TRIM('DATA INPUT'!$H$3:$H$8999)=$A5)*('DATA INPUT'!$M$3:$M$8999>=5)*('DATA INPUT'!$M$3:$M$8999<6)*'DATA INPUT'!$L$3:$L$8999),0)} -> 0 | AA5: {=IFERROR(SUMPRODUCT((TRIM('DATA INPUT'!$H$3:$H$8999)=$A5)*('DATA INPUT'!$M$3:$M$8999>=6)*('DATA INPUT'!$M$3:$M$8999<7)*'DATA INPUT'!$U$3:$U$8999)/SUMPRODUCT((TRIM('DATA INPUT'!$H$3:$H$8999)=$A5)*('DATA INPUT'!$M$3:$M$8999>=6)*('DATA INPUT'!$M$3:$M$8999<7)*'DATA INPUT'!$L$3:$L$8999),0)} -> -1 | AB5: {=IFERROR(SUMPRODUCT((TRIM('DATA INPUT'!$H$3:$H$8999)=$A5)*('DATA INPUT'!$M$3:$M$8999>=7)*('DATA INPUT'!$M$3:$M$8999<8)*'DATA INPUT'!$U$3:$U$8999)/SUMPRODUCT((TRIM('DATA INPUT'!$H$3:$H$8999)=$A5)*('DATA INPUT'!$M$3:$M$8999>=7)*('DATA INPUT'!$M$3:$M$8999<8)*'DATA INPUT'!$L$3:$L$8999),0)} -> 0 | AC5: {=IFERROR(SUMPRODUCT((TRIM('DATA INPUT'!$H$3:$H$8999)=$A5)*('DATA INPUT'!$M$3:$M$8999>=8)*('DATA INPUT'!$M$3:$M$8999<9)*'DATA INPUT'!$U$3:$U$8999)/SUMPRODUCT((TRIM('DATA INPUT'!$H$3:$H$8999)=$A5)*('DATA INPUT'!$M$3:$M$8999>=8)*('DATA INPUT'!$M$3:$M$8999<9)*'DATA INPUT'!$L$3:$L$8999),0)} -> 0 | AD5: {=IFERROR(SUMPRODUCT((TRIM('DATA INPUT'!$H$3:$H$8999)=$A5)*('DATA INPUT'!$M$3:$M$8999>=9)*('DATA INPUT'!$M$3:$M$8999<10)*'DATA INPUT'!$U$3:$U$8999)/SUMPRODUCT((TRIM('DATA INPUT'!$H$3:$H$8999)=$A5)*('DATA INPUT'!$M$3:$M$8999>=9)*('DATA INPUT'!$M$3:$M$8999<10)*'DATA INPUT'!$L$3:$L$8999),0)} -> -1 | AE5: {=IFERROR(SUMPRODUCT((TRIM('DATA INPUT'!$H$3:$H$8999)=$A5)*('DATA INPUT'!$M$3:$M$8999>=10)*('DATA INPUT'!$M$3:$M$8999<20)*'DATA INPUT'!$U$3:$U$8999)/SUMPRODUCT((TRIM('DATA INPUT'!$H$3:$H$8999)=$A5)*('DATA INPUT'!$M$3:$M$8999>=10)*('DATA INPUT'!$M$3:$M$8999<20)*'DATA INPUT'!$L$3:$L$8999),0)} -> -1 | AF5: {=IFERROR(SUMPRODUCT((TRIM('DATA INPUT'!$H$3:$H$8999)=$A5)*('DATA INPUT'!$M$3:$M$8999>=20)*('DATA INPUT'!$M$3:$M$8999<30)*'DATA INPUT'!$U$3:$U$8999)/SUMPRODUCT((TRIM('DATA INPUT'!$H$3:$H$8999)=$A5)*('DATA INPUT'!$M$3:$M$8999>=20)*('DATA INPUT'!$M$3:$M$8999<30)*'DATA INPUT'!$L$3:$L$8999),0)} -> -1 | AG5: {=IFERROR(SUMPRODUCT((TRIM('DATA INPUT'!$H$3:$H$8999)=$A5)*('DATA INPUT'!$M$3:$M$8999>=30)*('DATA INPUT'!$M$3:$M$8999<40)*'DATA INPUT'!$U$3:$U$8999)/SUMPRODUCT((TRIM('DATA INPUT'!$H$3:$H$8999)=$A5)*('DATA INPUT'!$M$3:$M$8999>=30)*('DATA INPUT'!$M$3:$M$8999<40)*'DATA INPUT'!$L$3:$L$8999),0)} -> -1 | AH5: {=IFERROR(SUMPRODUCT((TRIM('DATA INPUT'!$H$3:$H$8999)=$A5)*('DATA INPUT'!$M$3:$M$8999>=40)*('DATA INPUT'!$M$3:$M$8999<50)*'DATA INPUT'!$U$3:$U$8999)/SUMPRODUCT((TRIM('DATA INPUT'!$H$3:$H$8999)=$A5)*('DATA INPUT'!$M$3:$M$8999>=40)*('DATA INPUT'!$M$3:$M$8999<50)*'DATA INPUT'!$L$3:$L$8999),0)} -> 0 | AI5: {=IFERROR(SUMPRODUCT((TRIM('DATA INPUT'!$H$3:$H$8999)=$A5)*('DATA INPUT'!$M$3:$M$8999>=50)*'DATA INPUT'!$U$3:$U$8999)/SUMPRODUCT((TRIM('DATA INPUT'!$H$3:$H$8999)=$A5)*('DATA INPUT'!$M$3:$M$8999>=50)*'DATA INPUT'!$L$3:$L$8999),0)} -> 0
A6: Doomben | B6: {=SUMPRODUCT((TRIM('DATA INPUT'!$H$3:$H$8999)=$A6)*'DATA INPUT'!$L$3:$L$8999)} -> 33.7 | C6: =B6+D6 -> 20.3438 | D6: {=SUMPRODUCT((TRIM('DATA INPUT'!$H$3:$H$8999)=$A6)*'DATA INPUT'!$U$3:$U$8999)} -> -13.3562 | E6: =IFERROR(D6/B6,0) -> -0.39632641 | G6: {=SUMPRODUCT((TRIM('DATA INPUT'!$H$3:$H$8999)=$A6)*('DATA INPUT'!$M$3:$M$8999>=1)*('DATA INPUT'!$M$3:$M$8999<2)*'DATA INPUT'!$U$3:$U$8999)} -> 0 | H6: {=SUMPRODUCT((TRIM('DATA INPUT'!$H$3:$H$8999)=$A6)*('DATA INPUT'!$M$3:$M$8999>=2)*('DATA INPUT'!$M$3:$M$8999<3)*'DATA INPUT'!$U$3:$U$8999)} -> 0.56 | I6: {=SUMPRODUCT((TRIM('DATA INPUT'!$H$3:$H$8999)=$A6)*('DATA INPUT'!$M$3:$M$8999>=3)*('DATA INPUT'!$M$3:$M$8999<4)*'DATA INPUT'!$U$3:$U$8999)} -> -0.2 | J6: {=SUMPRODUCT((TRIM('DATA INPUT'!$H$3:$H$8999)=$A6)*('DATA INPUT'!$M$3:$M$8999>=4)*('DATA INPUT'!$M$3:$M$8999<5)*'DATA INPUT'!$U$3:$U$8999)} -> 0 | K6: {=SUMPRODUCT((TRIM('DATA INPUT'!$H$3:$H$8999)=$A6)*('DATA INPUT'!$M$3:$M$8999>=5)*('DATA INPUT'!$M$3:$M$8999<6)*'DATA INPUT'!$U$3:$U$8999)} -> -0.4 | L6: {=SUMPRODUCT((TRIM('DATA INPUT'!$H$3:$H$8999)=$A6)*('DATA INPUT'!$M$3:$M$8999>=6)*('DATA INPUT'!$M$3:$M$8999<7)*'DATA INPUT'!$U$3:$U$8999)} -> 0 | M6: {=SUMPRODUCT((TRIM('DATA INPUT'!$H$3:$H$8999)=$A6)*('DATA INPUT'!$M$3:$M$8999>=7)*('DATA INPUT'!$M$3:$M$8999<8)*'DATA INPUT'!$U$3:$U$8999)} -> 0 | N6: {=SUMPRODUCT((TRIM('DATA INPUT'!$H$3:$H$8999)=$A6)*('DATA INPUT'!$M$3:$M$8999>=8)*('DATA INPUT'!$M$3:$M$8999<9)*'DATA INPUT'!$U$3:$U$8999)} -> -4 | O6: {=SUMPRODUCT((TRIM('DATA INPUT'!$H$3:$H$8999)=$A6)*('DATA INPUT'!$M$3:$M$8999>=9)*('DATA INPUT'!$M$3:$M$8999<10)*'DATA INPUT'!$U$3:$U$8999)} -> -3 | P6: {=SUMPRODUCT((TRIM('DATA INPUT'!$H$3:$H$8999)=$A6)*('DATA INPUT'!$M$3:$M$8999>=10)*('DATA INPUT'!$M$3:$M$8999<20)*'DATA INPUT'!$U$3:$U$8999)} -> -17.5 | Q6: {=SUMPRODUCT((TRIM('DATA INPUT'!$H$3:$H$8999)=$A6)*('DATA INPUT'!$M$3:$M$8999>=20)*('DATA INPUT'!$M$3:$M$8999<30)*'DATA INPUT'!$U$3:$U$8999)} -> 11.6838 | R6: {=SUMPRODUCT((TRIM('DATA INPUT'!$H$3:$H$8999)=$A6)*('DATA INPUT'!$M$3:$M$8999>=30)*('DATA INPUT'!$M$3:$M$8999<40)*'DATA INPUT'!$U$3:$U$8999)} -> -0.5 | S6: {=SUMPRODUCT((TRIM('DATA INPUT'!$H$3:$H$8999)=$A6)*('DATA INPUT'!$M$3:$M$8999>=40)*('DATA INPUT'!$M$3:$M$8999<50)*'DATA INPUT'!$U$3:$U$8999)} -> 0 | T6: {=SUMPRODUCT((TRIM('DATA INPUT'!$H$3:$H$8999)=$A6)*('DATA INPUT'!$M$3:$M$8999>=50)*'DATA INPUT'!$U$3:$U$8999)} -> 0 | V6: {=IFERROR(SUMPRODUCT((TRIM('DATA INPUT'!$H$3:$H$8999)=$A6)*('DATA INPUT'!$M$3:$M$8999>=1)*('DATA INPUT'!$M$3:$M$8999<2)*'DATA INPUT'!$U$3:$U$8999)/SUMPRODUCT((TRIM('DATA INPUT'!$H$3:$H$8999)=$A6)*('DATA INPUT'!$M$3:$M$8999>=1)*('DATA INPUT'!$M$3:$M$8999<2)*'DATA INPUT'!$L$3:$L$8999),0)} -> 0 | W6: {=IFERROR(SUMPRODUCT((TRIM('DATA INPUT'!$H$3:$H$8999)=$A6)*('DATA INPUT'!$M$3:$M$8999>=2)*('DATA INPUT'!$M$3:$M$8999<3)*'DATA INPUT'!$U$3:$U$8999)/SUMPRODUCT((TRIM('DATA INPUT'!$H$3:$H$8999)=$A6)*('DATA INPUT'!$M$3:$M$8999>=2)*('DATA INPUT'!$M$3:$M$8999<3)*'DATA INPUT'!$L$3:$L$8999),0)} -> 0.93333333 | X6: {=IFERROR(SUMPRODUCT((TRIM('DATA INPUT'!$H$3:$H$8999)=$A6)*('DATA INPUT'!$M$3:$M$8999>=3)*('DATA INPUT'!$M$3:$M$8999<4)*'DATA INPUT'!$U$3:$U$8999)/SUMPRODUCT((TRIM('DATA INPUT'!$H$3:$H$8999)=$A6)*('DATA INPUT'!$M$3:$M$8999>=3)*('DATA INPUT'!$M$3:$M$8999<4)*'DATA INPUT'!$L$3:$L$8999),0)} -> -1 | Y6: {=IFERROR(SUMPRODUCT((TRIM('DATA INPUT'!$H$3:$H$8999)=$A6)*('DATA INPUT'!$M$3:$M$8999>=4)*('DATA INPUT'!$M$3:$M$8999<5)*'DATA INPUT'!$U$3:$U$8999)/SUMPRODUCT((TRIM('DATA INPUT'!$H$3:$H$8999)=$A6)*('DATA INPUT'!$M$3:$M$8999>=4)*('DATA INPUT'!$M$3:$M$8999<5)*'DATA INPUT'!$L$3:$L$8999),0)} -> 0 | Z6: {=IFERROR(SUMPRODUCT((TRIM('DATA INPUT'!$H$3:$H$8999)=$A6)*('DATA INPUT'!$M$3:$M$8999>=5)*('DATA INPUT'!$M$3:$M$8999<6)*'DATA INPUT'!$U$3:$U$8999)/SUMPRODUCT((TRIM('DATA INPUT'!$H$3:$H$8999)=$A6)*('DATA INPUT'!$M$3:$M$8999>=5)*('DATA INPUT'!$M$3:$M$8999<6)*'DATA INPUT'!$L$3:$L$8999),0)} -> -1 | AA6: {=IFERROR(SUMPRODUCT((TRIM('DATA INPUT'!$H$3:$H$8999)=$A6)*('DATA INPUT'!$M$3:$M$8999>=6)*('DATA INPUT'!$M$3:$M$8999<7)*'DATA INPUT'!$U$3:$U$8999)/SUMPRODUCT((TRIM('DATA INPUT'!$H$3:$H$8999)=$A6)*('DATA INPUT'!$M$3:$M$8999>=6)*('DATA INPUT'!$M$3:$M$8999<7)*'DATA INPUT'!$L$3:$L$8999),0)} -> 0 | AB6: {=IFERROR(SUMPRODUCT((TRIM('DATA INPUT'!$H$3:$H$8999)=$A6)*('DATA INPUT'!$M$3:$M$8999>=7)*('DATA INPUT'!$M$3:$M$8999<8)*'DATA INPUT'!$U$3:$U$8999)/SUMPRODUCT((TRIM('DATA INPUT'!$H$3:$H$8999)=$A6)*('DATA INPUT'!$M$3:$M$8999>=7)*('DATA INPUT'!$M$3:$M$8999<8)*'DATA INPUT'!$L$3:$L$8999),0)} -> 0 | AC6: {=IFERROR(SUMPRODUCT((TRIM('DATA INPUT'!$H$3:$H$8999)=$A6)*('DATA INPUT'!$M$3:$M$8999>=8)*('DATA INPUT'!$M$3:$M$8999<9)*'DATA INPUT'!$U$3:$U$8999)/SUMPRODUCT((TRIM('DATA INPUT'!$H$3:$H$8999)=$A6)*('DATA INPUT'!$M$3:$M$8999>=8)*('DATA INPUT'!$M$3:$M$8999<9)*'DATA INPUT'!$L$3:$L$8999),0)} -> -1 | AD6: {=IFERROR(SUMPRODUCT((TRIM('DATA INPUT'!$H$3:$H$8999)=$A6)*('DATA INPUT'!$M$3:$M$8999>=9)*('DATA INPUT'!$M$3:$M$8999<10)*'DATA INPUT'!$U$3:$U$8999)/SUMPRODUCT((TRIM('DATA INPUT'!$H$3:$H$8999)=$A6)*('DATA INPUT'!$M$3:$M$8999>=9)*('DATA INPUT'!$M$3:$M$8999<10)*'DATA INPUT'!$L$3:$L$8999),0)} -> -1 | AE6: {=IFERROR(SUMPRODUCT((TRIM('DATA INPUT'!$H$3:$H$8999)=$A6)*('DATA INPUT'!$M$3:$M$8999>=10)*('DATA INPUT'!$M$3:$M$8999<20)*'DATA INPUT'!$U$3:$U$8999)/SUMPRODUCT((TRIM('DATA INPUT'!$H$3:$H$8999)=$A6)*('DATA INPUT'!$M$3:$M$8999>=10)*('DATA INPUT'!$M$3:$M$8999<20)*'DATA INPUT'!$L$3:$L$8999),0)} -> -1 | AF6: {=IFERROR(SUMPRODUCT((TRIM('DATA INPUT'!$H$3:$H$8999)=$A6)*('DATA INPUT'!$M$3:$M$8999>=20)*('DATA INPUT'!$M$3:$M$8999<30)*'DATA INPUT'!$U$3:$U$8999)/SUMPRODUCT((TRIM('DATA INPUT'!$H$3:$H$8999)=$A6)*('DATA INPUT'!$M$3:$M$8999>=20)*('DATA INPUT'!$M$3:$M$8999<30)*'DATA INPUT'!$L$3:$L$8999),0)} -> 1.55784 | AG6: {=IFERROR(SUMPRODUCT((TRIM('DATA INPUT'!$H$3:$H$8999)=$A6)*('DATA INPUT'!$M$3:$M$8999>=30)*('DATA INPUT'!$M$3:$M$8999<40)*'DATA INPUT'!$U$3:$U$8999)/SUMPRODUCT((TRIM('DATA INPUT'!$H$3:$H$8999)=$A6)*('DATA INPUT'!$M$3:$M$8999>=30)*('DATA INPUT'!$M$3:$M$8999<40)*'DATA INPUT'!$L$3:$L$8999),0)} -> -1 | AH6: {=IFERROR(SUMPRODUCT((TRIM('DATA INPUT'!$H$3:$H$8999)=$A6)*('DATA INPUT'!$M$3:$M$8999>=40)*('DATA INPUT'!$M$3:$M$8999<50)*'DATA INPUT'!$U$3:$U$8999)/SUMPRODUCT((TRIM('DATA INPUT'!$H$3:$H$8999)=$A6)*('DATA INPUT'!$M$3:$M$8999>=40)*('DATA INPUT'!$M$3:$M$8999<50)*'DATA INPUT'!$L$3:$L$8999),0)} -> 0 | AI6: {=IFERROR(SUMPRODUCT((TRIM('DATA INPUT'!$H$3:$H$8999)=$A6)*('DATA INPUT'!$M$3:$M$8999>=50)*'DATA INPUT'!$U$3:$U$8999)/SUMPRODUCT((TRIM('DATA INPUT'!$H$3:$H$8999)=$A6)*('DATA INPUT'!$M$3:$M$8999>=50)*'DATA INPUT'!$L$3:$L$8999),0)} -> 0
A7: Eagle Farm | B7: {=SUMPRODUCT((TRIM('DATA INPUT'!$H$3:$H$8999)=$A7)*'DATA INPUT'!$L$3:$L$8999)} -> 40.8 | C7: =B7+D7 -> 39.58328 | D7: {=SUMPRODUCT((TRIM('DATA INPUT'!$H$3:$H$8999)=$A7)*'DATA INPUT'!$U$3:$U$8999)} -> -1.21672 | E7: =IFERROR(D7/B7,0) -> -0.029821569 | G7: {=SUMPRODUCT((TRIM('DATA INPUT'!$H$3:$H$8999)=$A7)*('DATA INPUT'!$M$3:$M$8999>=1)*('DATA INPUT'!$M$3:$M$8999<2)*'DATA INPUT'!$U$3:$U$8999)} -> 0 | H7: {=SUMPRODUCT((TRIM('DATA INPUT'!$H$3:$H$8999)=$A7)*('DATA INPUT'!$M$3:$M$8999>=2)*('DATA INPUT'!$M$3:$M$8999<3)*'DATA INPUT'!$U$3:$U$8999)} -> 0.084 | I7: {=SUMPRODUCT((TRIM('DATA INPUT'!$H$3:$H$8999)=$A7)*('DATA INPUT'!$M$3:$M$8999>=3)*('DATA INPUT'!$M$3:$M$8999<4)*'DATA INPUT'!$U$3:$U$8999)} -> -0.2 | J7: {=SUMPRODUCT((TRIM('DATA INPUT'!$H$3:$H$8999)=$A7)*('DATA INPUT'!$M$3:$M$8999>=4)*('DATA INPUT'!$M$3:$M$8999<5)*'DATA INPUT'!$U$3:$U$8999)} -> 0.66104 | K7: {=SUMPRODUCT((TRIM('DATA INPUT'!$H$3:$H$8999)=$A7)*('DATA INPUT'!$M$3:$M$8999>=5)*('DATA INPUT'!$M$3:$M$8999<6)*'DATA INPUT'!$U$3:$U$8999)} -> 0.924 | L7: {=SUMPRODUCT((TRIM('DATA INPUT'!$H$3:$H$8999)=$A7)*('DATA INPUT'!$M$3:$M$8999>=6)*('DATA INPUT'!$M$3:$M$8999<7)*'DATA INPUT'!$U$3:$U$8999)} -> -0.2 | M7: {=SUMPRODUCT((TRIM('DATA INPUT'!$H$3:$H$8999)=$A7)*('DATA INPUT'!$M$3:$M$8999>=7)*('DATA INPUT'!$M$3:$M$8999<8)*'DATA INPUT'!$U$3:$U$8999)} -> -0.4 | N7: {=SUMPRODUCT((TRIM('DATA INPUT'!$H$3:$H$8999)=$A7)*('DATA INPUT'!$M$3:$M$8999>=8)*('DATA INPUT'!$M$3:$M$8999<9)*'DATA INPUT'!$U$3:$U$8999)} -> 0.22 | O7: {=SUMPRODUCT((TRIM('DATA INPUT'!$H$3:$H$8999)=$A7)*('DATA INPUT'!$M$3:$M$8999>=9)*('DATA INPUT'!$M$3:$M$8999<10)*'DATA INPUT'!$U$3:$U$8999)} -> 0.62064 | P7: {=SUMPRODUCT((TRIM('DATA INPUT'!$H$3:$H$8999)=$A7)*('DATA INPUT'!$M$3:$M$8999>=10)*('DATA INPUT'!$M$3:$M$8999<20)*'DATA INPUT'!$U$3:$U$8999)} -> 7.0736 | Q7: {=SUMPRODUCT((TRIM('DATA INPUT'!$H$3:$H$8999)=$A7)*('DATA INPUT'!$M$3:$M$8999>=20)*('DATA INPUT'!$M$3:$M$8999<30)*'DATA INPUT'!$U$3:$U$8999)} -> -9 | R7: {=SUMPRODUCT((TRIM('DATA INPUT'!$H$3:$H$8999)=$A7)*('DATA INPUT'!$M$3:$M$8999>=30)*('DATA INPUT'!$M$3:$M$8999<40)*'DATA INPUT'!$U$3:$U$8999)} -> -1 | S7: {=SUMPRODUCT((TRIM('DATA INPUT'!$H$3:$H$8999)=$A7)*('DATA INPUT'!$M$3:$M$8999>=40)*('DATA INPUT'!$M$3:$M$8999<50)*'DATA INPUT'!$U$3:$U$8999)} -> 0 | T7: {=SUMPRODUCT((TRIM('DATA INPUT'!$H$3:$H$8999)=$A7)*('DATA INPUT'!$M$3:$M$8999>=50)*'DATA INPUT'!$U$3:$U$8999)} -> 0 | V7: {=IFERROR(SUMPRODUCT((TRIM('DATA INPUT'!$H$3:$H$8999)=$A7)*('DATA INPUT'!$M$3:$M$8999>=1)*('DATA INPUT'!$M$3:$M$8999<2)*'DATA INPUT'!$U$3:$U$8999)/SUMPRODUCT((TRIM('DATA INPUT'!$H$3:$H$8999)=$A7)*('DATA INPUT'!$M$3:$M$8999>=1)*('DATA INPUT'!$M$3:$M$8999<2)*'DATA INPUT'!$L$3:$L$8999),0)} -> 0 | W7: {=IFERROR(SUMPRODUCT((TRIM('DATA INPUT'!$H$3:$H$8999)=$A7)*('DATA INPUT'!$M$3:$M$8999>=2)*('DATA INPUT'!$M$3:$M$8999<3)*'DATA INPUT'!$U$3:$U$8999)/SUMPRODUCT((TRIM('DATA INPUT'!$H$3:$H$8999)=$A7)*('DATA INPUT'!$M$3:$M$8999>=2)*('DATA INPUT'!$M$3:$M$8999<3)*'DATA INPUT'!$L$3:$L$8999),0)} -> 0.21 | X7: {=IFERROR(SUMPRODUCT((TRIM('DATA INPUT'!$H$3:$H$8999)=$A7)*('DATA INPUT'!$M$3:$M$8999>=3)*('DATA INPUT'!$M$3:$M$8999<4)*'DATA INPUT'!$U$3:$U$8999)/SUMPRODUCT((TRIM('DATA INPUT'!$H$3:$H$8999)=$A7)*('DATA INPUT'!$M$3:$M$8999>=3)*('DATA INPUT'!$M$3:$M$8999<4)*'DATA INPUT'!$L$3:$L$8999),0)} -> -1 | Y7: {=IFERROR(SUMPRODUCT((TRIM('DATA INPUT'!$H$3:$H$8999)=$A7)*('DATA INPUT'!$M$3:$M$8999>=4)*('DATA INPUT'!$M$3:$M$8999<5)*'DATA INPUT'!$U$3:$U$8999)/SUMPRODUCT((TRIM('DATA INPUT'!$H$3:$H$8999)=$A7)*('DATA INPUT'!$M$3:$M$8999>=4)*('DATA INPUT'!$M$3:$M$8999<5)*'DATA INPUT'!$L$3:$L$8999),0)} -> 0.47217143 | Z7: {=IFERROR(SUMPRODUCT((TRIM('DATA INPUT'!$H$3:$H$8999)=$A7)*('DATA INPUT'!$M$3:$M$8999>=5)*('DATA INPUT'!$M$3:$M$8999<6)*'DATA INPUT'!$U$3:$U$8999)/SUMPRODUCT((TRIM('DATA INPUT'!$H$3:$H$8999)=$A7)*('DATA INPUT'!$M$3:$M$8999>=5)*('DATA INPUT'!$M$3:$M$8999<6)*'DATA INPUT'!$L$3:$L$8999),0)} -> 4.62 | AA7: {=IFERROR(SUMPRODUCT((TRIM('DATA INPUT'!$H$3:$H$8999)=$A7)*('DATA INPUT'!$M$3:$M$8999>=6)*('DATA INPUT'!$M$3:$M$8999<7)*'DATA INPUT'!$U$3:$U$8999)/SUMPRODUCT((TRIM('DATA INPUT'!$H$3:$H$8999)=$A7)*('DATA INPUT'!$M$3:$M$8999>=6)*('DATA INPUT'!$M$3:$M$8999<7)*'DATA INPUT'!$L$3:$L$8999),0)} -> -1 | AB7: {=IFERROR(SUMPRODUCT((TRIM('DATA INPUT'!$H$3:$H$8999)=$A7)*('DATA INPUT'!$M$3:$M$8999>=7)*('DATA INPUT'!$M$3:$M$8999<8)*'DATA INPUT'!$U$3:$U$8999)/SUMPRODUCT((TRIM('DATA INPUT'!$H$3:$H$8999)=$A7)*('DATA INPUT'!$M$3:$M$8999>=7)*('DATA INPUT'!$M$3:$M$8999<8)*'DATA INPUT'!$L$3:$L$8999),0)} -> -1 | AC7: {=IFERROR(SUMPRODUCT((TRIM('DATA INPUT'!$H$3:$H$8999)=$A7)*('DATA INPUT'!$M$3:$M$8999>=8)*('DATA INPUT'!$M$3:$M$8999<9)*'DATA INPUT'!$U$3:$U$8999)/SUMPRODUCT((TRIM('DATA INPUT'!$H$3:$H$8999)=$A7)*('DATA INPUT'!$M$3:$M$8999>=8)*('DATA INPUT'!$M$3:$M$8999<9)*'DATA INPUT'!$L$3:$L$8999),0)} -> 0.048888889 | AD7: {=IFERROR(SUMPRODUCT((TRIM('DATA INPUT'!$H$3:$H$8999)=$A7)*('DATA INPUT'!$M$3:$M$8999>=9)*('DATA INPUT'!$M$3:$M$8999<10)*'DATA INPUT'!$U$3:$U$8999)/SUMPRODUCT((TRIM('DATA INPUT'!$H$3:$H$8999)=$A7)*('DATA INPUT'!$M$3:$M$8999>=9)*('DATA INPUT'!$M$3:$M$8999<10)*'DATA INPUT'!$L$3:$L$8999),0)} -> 0.15516 | AE7: {=IFERROR(SUMPRODUCT((TRIM('DATA INPUT'!$H$3:$H$8999)=$A7)*('DATA INPUT'!$M$3:$M$8999>=10)*('DATA INPUT'!$M$3:$M$8999<20)*'DATA INPUT'!$U$3:$U$8999)/SUMPRODUCT((TRIM('DATA INPUT'!$H$3:$H$8999)=$A7)*('DATA INPUT'!$M$3:$M$8999>=10)*('DATA INPUT'!$M$3:$M$8999<20)*'DATA INPUT'!$L$3:$L$8999),0)} -> 0.36274872 | AF7: {=IFERROR(SUMPRODUCT((TRIM('DATA INPUT'!$H$3:$H$8999)=$A7)*('DATA INPUT'!$M$3:$M$8999>=20)*('DATA INPUT'!$M$3:$M$8999<30)*'DATA INPUT'!$U$3:$U$8999)/SUMPRODUCT((TRIM('DATA INPUT'!$H$3:$H$8999)=$A7)*('DATA INPUT'!$M$3:$M$8999>=20)*('DATA INPUT'!$M$3:$M$8999<30)*'DATA INPUT'!$L$3:$L$8999),0)} -> -1 | AG7: {=IFERROR(SUMPRODUCT((TRIM('DATA INPUT'!$H$3:$H$8999)=$A7)*('DATA INPUT'!$M$3:$M$8999>=30)*('DATA INPUT'!$M$3:$M$8999<40)*'DATA INPUT'!$U$3:$U$8999)/SUMPRODUCT((TRIM('DATA INPUT'!$H$3:$H$8999)=$A7)*('DATA INPUT'!$M$3:$M$8999>=30)*('DATA INPUT'!$M$3:$M$8999<40)*'DATA INPUT'!$L$3:$L$8999),0)} -> -1 | AH7: {=IFERROR(SUMPRODUCT((TRIM('DATA INPUT'!$H$3:$H$8999)=$A7)*('DATA INPUT'!$M$3:$M$8999>=40)*('DATA INPUT'!$M$3:$M$8999<50)*'DATA INPUT'!$U$3:$U$8999)/SUMPRODUCT((TRIM('DATA INPUT'!$H$3:$H$8999)=$A7)*('DATA INPUT'!$M$3:$M$8999>=40)*('DATA INPUT'!$M$3:$M$8999<50)*'DATA INPUT'!$L$3:$L$8999),0)} -> 0 | AI7: {=IFERROR(SUMPRODUCT((TRIM('DATA INPUT'!$H$3:$H$8999)=$A7)*('DATA INPUT'!$M$3:$M$8999>=50)*'DATA INPUT'!$U$3:$U$8999)/SUMPRODUCT((TRIM('DATA INPUT'!$H$3:$H$8999)=$A7)*('DATA INPUT'!$M$3:$M$8999>=50)*'DATA INPUT'!$L$3:$L$8999),0)} -> 0
A9: Grand Total | B9: =SUM(B2:B7) -> 151 | C9: =SUM(C2:C7) -> 153.93668 | D9: =SUM(D2:D7) -> 2.93668 | E9: =IFERROR(D9/B9,0) -> 0.019448212 | G9: =SUM(G2:G7) -> 0 | H9: =SUM(H2:H7) -> 0.644 | I9: =SUM(I2:I7) -> -0.4 | J9: =SUM(J2:J7) -> 0.66104 | K9: =SUM(K2:K7) -> 0.524 | L9: =SUM(L2:L7) -> -0.2588 | M9: =SUM(M2:M7) -> 1.428 | N9: =SUM(N2:N7) -> -6.28 | ... T9: =SUM(T2:T7) -> 0 | V9: {=IFERROR(SUMPRODUCT(('DATA INPUT'!$M$3:$M$8999>=1)*('DATA INPUT'!$M$3:$M$8999<2)*'DATA INPUT'!$U$3:$U$8999)/SUMPRODUCT(('DATA INPUT'!$M$3:$M$8999>=1)*('DATA INPUT'!$M$3:$M$8999<2)*'DATA INPUT'!$L$3:$L$8999),0)} -> 0 | W9: {=IFERROR(SUMPRODUCT(('DATA INPUT'!$M$3:$M$8999>=2)*('DATA INPUT'!$M$3:$M$8999<3)*'DATA INPUT'!$U$3:$U$8999)/SUMPRODUCT(('DATA INPUT'!$M$3:$M$8999>=2)*('DATA INPUT'!$M$3:$M$8999<3)*'DATA INPUT'!$L$3:$L$8999),0)} -> 0.644 | X9: {=IFERROR(SUMPRODUCT(('DATA INPUT'!$M$3:$M$8999>=3)*('DATA INPUT'!$M$3:$M$8999<4)*'DATA INPUT'!$U$3:$U$8999)/SUMPRODUCT(('DATA INPUT'!$M$3:$M$8999>=3)*('DATA INPUT'!$M$3:$M$8999<4)*'DATA INPUT'!$L$3:$L$8999),0)} -> -1 | Y9: {=IFERROR(SUMPRODUCT(('DATA INPUT'!$M$3:$M$8999>=4)*('DATA INPUT'!$M$3:$M$8999<5)*'DATA INPUT'!$U$3:$U$8999)/SUMPRODUCT(('DATA INPUT'!$M$3:$M$8999>=4)*('DATA INPUT'!$M$3:$M$8999<5)*'DATA INPUT'!$L$3:$L$8999),0)} -> 0.47217143 | Z9: {=IFERROR(SUMPRODUCT(('DATA INPUT'!$M$3:$M$8999>=5)*('DATA INPUT'!$M$3:$M$8999<6)*'DATA INPUT'!$U$3:$U$8999)/SUMPRODUCT(('DATA INPUT'!$M$3:$M$8999>=5)*('DATA INPUT'!$M$3:$M$8999<6)*'DATA INPUT'!$L$3:$L$8999),0)} -> 0.87333333 | AA9: {=IFERROR(SUMPRODUCT(('DATA INPUT'!$M$3:$M$8999>=6)*('DATA INPUT'!$M$3:$M$8999<7)*'DATA INPUT'!$U$3:$U$8999)/SUMPRODUCT(('DATA INPUT'!$M$3:$M$8999>=6)*('DATA INPUT'!$M$3:$M$8999<7)*'DATA INPUT'!$L$3:$L$8999),0)} -> -0.069945946 | AB9: {=IFERROR(SUMPRODUCT(('DATA INPUT'!$M$3:$M$8999>=7)*('DATA INPUT'!$M$3:$M$8999<8)*'DATA INPUT'!$U$3:$U$8999)/SUMPRODUCT(('DATA INPUT'!$M$3:$M$8999>=7)*('DATA INPUT'!$M$3:$M$8999<8)*'DATA INPUT'!$L$3:$L$8999),0)} -> 0.595 | AC9: {=IFERROR(SUMPRODUCT(('DATA INPUT'!$M$3:$M$8999>=8)*('DATA INPUT'!$M$3:$M$8999<9)*'DATA INPUT'!$U$3:$U$8999)/SUMPRODUCT(('DATA INPUT'!$M$3:$M$8999>=8)*('DATA INPUT'!$M$3:$M$8999<9)*'DATA INPUT'!$L$3:$L$8999),0)} -> -0.57090909 | AD9: {=IFERROR(SUMPRODUCT(('DATA INPUT'!$M$3:$M$8999>=9)*('DATA INPUT'!$M$3:$M$8999<10)*'DATA INPUT'!$U$3:$U$8999)/SUMPRODUCT(('DATA INPUT'!$M$3:$M$8999>=9)*('DATA INPUT'!$M$3:$M$8999<10)*'DATA INPUT'!$L$3:$L$8999),0)} -> -0.55993905 | AE9: {=IFERROR(SUMPRODUCT(('DATA INPUT'!$M$3:$M$8999>=10)*('DATA INPUT'!$M$3:$M$8999<20)*'DATA INPUT'!$U$3:$U$8999)/SUMPRODUCT(('DATA INPUT'!$M$3:$M$8999>=10)*('DATA INPUT'!$M$3:$M$8999<20)*'DATA INPUT'!$L$3:$L$8999),0)} -> 0.2895302 | AF9: {=IFERROR(SUMPRODUCT(('DATA INPUT'!$M$3:$M$8999>=20)*('DATA INPUT'!$M$3:$M$8999<30)*'DATA INPUT'!$U$3:$U$8999)/SUMPRODUCT(('DATA INPUT'!$M$3:$M$8999>=20)*('DATA INPUT'!$M$3:$M$8999<30)*'DATA INPUT'!$L$3:$L$8999),0)} -> -0.053823377 | AG9: {=IFERROR(SUMPRODUCT(('DATA INPUT'!$M$3:$M$8999>=30)*('DATA INPUT'!$M$3:$M$8999<40)*'DATA INPUT'!$U$3:$U$8999)/SUMPRODUCT(('DATA INPUT'!$M$3:$M$8999>=30)*('DATA INPUT'!$M$3:$M$8999<40)*'DATA INPUT'!$L$3:$L$8999),0)} -> -1 | AH9: {=IFERROR(SUMPRODUCT(('DATA INPUT'!$M$3:$M$8999>=40)*('DATA INPUT'!$M$3:$M$8999<50)*'DATA INPUT'!$U$3:$U$8999)/SUMPRODUCT(('DATA INPUT'!$M$3:$M$8999>=40)*('DATA INPUT'!$M$3:$M$8999<50)*'DATA INPUT'!$L$3:$L$8999),0)} -> 0 | AI9: {=IFERROR(SUMPRODUCT(('DATA INPUT'!$M$3:$M$8999>=50)*'DATA INPUT'!$U$3:$U$8999)/SUMPRODUCT(('DATA INPUT'!$M$3:$M$8999>=50)*'DATA INPUT'!$L$3:$L$8999),0)} -> 0
A11: Units | B11: Units Invested | C11: Units Collected (Net) | D11: Profit (Net) | E11: POT% | F11: Rated Price | G11: 1-1.99 | H11: 2-2.99 | I11: 3-3.99 | J11: 4-4.99 | K11: 5-5.99 | L11: 6-6.99 | M11: 7-7.99 | N11: 8-8.99 | O11: 9-9.99 | P11: 10-19.99 | Q11: 20-29.99 | R11: 30-39.99 | S11: 40-49.99 | T11: 50+ | U11: Rated Price POT% | V11: 1-1.99 | W11: 2-2.99 | X11: 3-3.99 | Y11: 4-4.99 | Z11: 5-5.99 | AA11: 6-6.99 | AB11: 7-7.99 | AC11: 8-8.99 | AD11: 9-9.99 | AE11: 10-19.99 | AF11: 20-29.99 | AG11: 30-39.99 | AH11: 40-49.99 | AI11: 50+
A13: 0.5 | B13: {=SUMPRODUCT(('DATA INPUT'!$L$3:$L$8999=$A13)*'DATA INPUT'!$L$3:$L$8999)} -> 147 | C13: =B13+D13 -> 149.10764 | D13: {=SUMPRODUCT(('DATA INPUT'!$L$3:$L$8999=$A13)*'DATA INPUT'!$U$3:$U$8999)} -> 2.10764 | E13: =IFERROR(D13/B13,0) -> 0.014337687 | G13: {=SUMPRODUCT(('DATA INPUT'!$L$3:$L$8999=$A13)*('DATA INPUT'!$M$3:$M$8999>=1)*('DATA INPUT'!$M$3:$M$8999<2)*'DATA INPUT'!$U$3:$U$8999)} -> 0 | H13: {=SUMPRODUCT(('DATA INPUT'!$L$3:$L$8999=$A13)*('DATA INPUT'!$M$3:$M$8999>=2)*('DATA INPUT'!$M$3:$M$8999<3)*'DATA INPUT'!$U$3:$U$8999)} -> 0 | I13: {=SUMPRODUCT(('DATA INPUT'!$L$3:$L$8999=$A13)*('DATA INPUT'!$M$3:$M$8999>=3)*('DATA INPUT'!$M$3:$M$8999<4)*'DATA INPUT'!$U$3:$U$8999)} -> 0 | J13: {=SUMPRODUCT(('DATA INPUT'!$L$3:$L$8999=$A13)*('DATA INPUT'!$M$3:$M$8999>=4)*('DATA INPUT'!$M$3:$M$8999<5)*'DATA INPUT'!$U$3:$U$8999)} -> 0 | K13: {=SUMPRODUCT(('DATA INPUT'!$L$3:$L$8999=$A13)*('DATA INPUT'!$M$3:$M$8999>=5)*('DATA INPUT'!$M$3:$M$8999<6)*'DATA INPUT'!$U$3:$U$8999)} -> 0 | L13: {=SUMPRODUCT(('DATA INPUT'!$L$3:$L$8999=$A13)*('DATA INPUT'!$M$3:$M$8999>=6)*('DATA INPUT'!$M$3:$M$8999<7)*'DATA INPUT'!$U$3:$U$8999)} -> -0.0588 | M13: {=SUMPRODUCT(('DATA INPUT'!$L$3:$L$8999=$A13)*('DATA INPUT'!$M$3:$M$8999>=7)*('DATA INPUT'!$M$3:$M$8999<8)*'DATA INPUT'!$U$3:$U$8999)} -> 1.828 | N13: {=SUMPRODUCT(('DATA INPUT'!$L$3:$L$8999=$A13)*('DATA INPUT'!$M$3:$M$8999>=8)*('DATA INPUT'!$M$3:$M$8999<9)*'DATA INPUT'!$U$3:$U$8999)} -> -6.28 | O13: {=SUMPRODUCT(('DATA INPUT'!$L$3:$L$8999=$A13)*('DATA INPUT'!$M$3:$M$8999>=9)*('DATA INPUT'!$M$3:$M$8999<10)*'DATA INPUT'!$U$3:$U$8999)} -> -5.87936 | P13: {=SUMPRODUCT(('DATA INPUT'!$L$3:$L$8999=$A13)*('DATA INPUT'!$M$3:$M$8999>=10)*('DATA INPUT'!$M$3:$M$8999<20)*'DATA INPUT'!$U$3:$U$8999)} -> 21.57 | Q13: {=SUMPRODUCT(('DATA INPUT'!$L$3:$L$8999=$A13)*('DATA INPUT'!$M$3:$M$8999>=20)*('DATA INPUT'!$M$3:$M$8999<30)*'DATA INPUT'!$U$3:$U$8999)} -> -2.0722 | R13: {=SUMPRODUCT(('DATA INPUT'!$L$3:$L$8999=$A13)*('DATA INPUT'!$M$3:$M$8999>=30)*('DATA INPUT'!$M$3:$M$8999<40)*'DATA INPUT'!$U$3:$U$8999)} -> -7 | S13: {=SUMPRODUCT(('DATA INPUT'!$L$3:$L$8999=$A13)*('DATA INPUT'!$M$3:$M$8999>=40)*('DATA INPUT'!$M$3:$M$8999<50)*'DATA INPUT'!$U$3:$U$8999)} -> 0 | T13: {=SUMPRODUCT(('DATA INPUT'!$L$3:$L$8999=$A13)*('DATA INPUT'!$M$3:$M$8999>=50)*'DATA INPUT'!$U$3:$U$8999)} -> 0 | V13: {=IFERROR(SUMPRODUCT(('DATA INPUT'!$L$3:$L$8999=$A13)*('DATA INPUT'!$M$3:$M$8999>=1)*('DATA INPUT'!$M$3:$M$8999<2)*'DATA INPUT'!$U$3:$U$8999)/SUMPRODUCT(('DATA INPUT'!$L$3:$L$8999=$A13)*('DATA INPUT'!$M$3:$M$8999>=1)*('DATA INPUT'!$M$3:$M$8999<2)*'DATA INPUT'!$L$3:$L$8999),0)} -> 0 | W13: {=IFERROR(SUMPRODUCT(('DATA INPUT'!$L$3:$L$8999=$A13)*('DATA INPUT'!$M$3:$M$8999>=2)*('DATA INPUT'!$M$3:$M$8999<3)*'DATA INPUT'!$U$3:$U$8999)/SUMPRODUCT(('DATA INPUT'!$L$3:$L$8999=$A13)*('DATA INPUT'!$M$3:$M$8999>=2)*('DATA INPUT'!$M$3:$M$8999<3)*'DATA INPUT'!$L$3:$L$8999),0)} -> 0 | X13: {=IFERROR(SUMPRODUCT(('DATA INPUT'!$L$3:$L$8999=$A13)*('DATA INPUT'!$M$3:$M$8999>=3)*('DATA INPUT'!$M$3:$M$8999<4)*'DATA INPUT'!$U$3:$U$8999)/SUMPRODUCT(('DATA INPUT'!$L$3:$L$8999=$A13)*('DATA INPUT'!$M$3:$M$8999>=3)*('DATA INPUT'!$M$3:$M$8999<4)*'DATA INPUT'!$L$3:$L$8999),0)} -> 0 | Y13: {=IFERROR(SUMPRODUCT(('DATA INPUT'!$L$3:$L$8999=$A13)*('DATA INPUT'!$M$3:$M$8999>=4)*('DATA INPUT'!$M$3:$M$8999<5)*'DATA INPUT'!$U$3:$U$8999)/SUMPRODUCT(('DATA INPUT'!$L$3:$L$8999=$A13)*('DATA INPUT'!$M$3:$M$8999>=4)*('DATA INPUT'!$M$3:$M$8999<5)*'DATA INPUT'!$L$3:$L$8999),0)} -> 0 | Z13: {=IFERROR(SUMPRODUCT(('DATA INPUT'!$L$3:$L$8999=$A13)*('DATA INPUT'!$M$3:$M$8999>=5)*('DATA INPUT'!$M$3:$M$8999<6)*'DATA INPUT'!$U$3:$U$8999)/SUMPRODUCT(('DATA INPUT'!$L$3:$L$8999=$A13)*('DATA INPUT'!$M$3:$M$8999>=5)*('DATA INPUT'!$M$3:$M$8999<6)*'DATA INPUT'!$L$3:$L$8999),0)} -> 0 | AA13: {=IFERROR(SUMPRODUCT(('DATA INPUT'!$L$3:$L$8999=$A13)*('DATA INPUT'!$M$3:$M$8999>=6)*('DATA INPUT'!$M$3:$M$8999<7)*'DATA INPUT'!$U$3:$U$8999)/SUMPRODUCT(('DATA INPUT'!$L$3:$L$8999=$A13)*('DATA INPUT'!$M$3:$M$8999>=6)*('DATA INPUT'!$M$3:$M$8999<7)*'DATA INPUT'!$L$3:$L$8999),0)} -> -0.0168 | AB13: {=IFERROR(SUMPRODUCT(('DATA INPUT'!$L$3:$L$8999=$A13)*('DATA INPUT'!$M$3:$M$8999>=7)*('DATA INPUT'!$M$3:$M$8999<8)*'DATA INPUT'!$U$3:$U$8999)/SUMPRODUCT(('DATA INPUT'!$L$3:$L$8999=$A13)*('DATA INPUT'!$M$3:$M$8999>=7)*('DATA INPUT'!$M$3:$M$8999<8)*'DATA INPUT'!$L$3:$L$8999),0)} -> 0.914 | AC13: {=IFERROR(SUMPRODUCT(('DATA INPUT'!$L$3:$L$8999=$A13)*('DATA INPUT'!$M$3:$M$8999>=8)*('DATA INPUT'!$M$3:$M$8999<9)*'DATA INPUT'!$U$3:$U$8999)/SUMPRODUCT(('DATA INPUT'!$L$3:$L$8999=$A13)*('DATA INPUT'!$M$3:$M$8999>=8)*('DATA INPUT'!$M$3:$M$8999<9)*'DATA INPUT'!$L$3:$L$8999),0)} -> -0.57090909 | AD13: {=IFERROR(SUMPRODUCT(('DATA INPUT'!$L$3:$L$8999=$A13)*('DATA INPUT'!$M$3:$M$8999>=9)*('DATA INPUT'!$M$3:$M$8999<10)*'DATA INPUT'!$U$3:$U$8999)/SUMPRODUCT(('DATA INPUT'!$L$3:$L$8999=$A13)*('DATA INPUT'!$M$3:$M$8999>=9)*('DATA INPUT'!$M$3:$M$8999<10)*'DATA INPUT'!$L$3:$L$8999),0)} -> -0.55993905 | AE13: {=IFERROR(SUMPRODUCT(('DATA INPUT'!$L$3:$L$8999=$A13)*('DATA INPUT'!$M$3:$M$8999>=10)*('DATA INPUT'!$M$3:$M$8999<20)*'DATA INPUT'!$U$3:$U$8999)/SUMPRODUCT(('DATA INPUT'!$L$3:$L$8999=$A13)*('DATA INPUT'!$M$3:$M$8999>=10)*('DATA INPUT'!$M$3:$M$8999<20)*'DATA INPUT'!$L$3:$L$8999),0)} -> 0.2895302 | AF13: {=IFERROR(SUMPRODUCT(('DATA INPUT'!$L$3:$L$8999=$A13)*('DATA INPUT'!$M$3:$M$8999>=20)*('DATA INPUT'!$M$3:$M$8999<30)*'DATA INPUT'!$U$3:$U$8999)/SUMPRODUCT(('DATA INPUT'!$L$3:$L$8999=$A13)*('DATA INPUT'!$M$3:$M$8999>=20)*('DATA INPUT'!$M$3:$M$8999<30)*'DATA INPUT'!$L$3:$L$8999),0)} -> -0.053823377 | AG13: {=IFERROR(SUMPRODUCT(('DATA INPUT'!$L$3:$L$8999=$A13)*('DATA INPUT'!$M$3:$M$8999>=30)*('DATA INPUT'!$M$3:$M$8999<40)*'DATA INPUT'!$U$3:$U$8999)/SUMPRODUCT(('DATA INPUT'!$L$3:$L$8999=$A13)*('DATA INPUT'!$M$3:$M$8999>=30)*('DATA INPUT'!$M$3:$M$8999<40)*'DATA INPUT'!$L$3:$L$8999),0)} -> -1 | AH13: {=IFERROR(SUMPRODUCT(('DATA INPUT'!$L$3:$L$8999=$A13)*('DATA INPUT'!$M$3:$M$8999>=40)*('DATA INPUT'!$M$3:$M$8999<50)*'DATA INPUT'!$U$3:$U$8999)/SUMPRODUCT(('DATA INPUT'!$L$3:$L$8999=$A13)*('DATA INPUT'!$M$3:$M$8999>=40)*('DATA INPUT'!$M$3:$M$8999<50)*'DATA INPUT'!$L$3:$L$8999),0)} -> 0 | AI13: {=IFERROR(SUMPRODUCT(('DATA INPUT'!$L$3:$L$8999=$A13)*('DATA INPUT'!$M$3:$M$8999>=50)*'DATA INPUT'!$U$3:$U$8999)/SUMPRODUCT(('DATA INPUT'!$L$3:$L$8999=$A13)*('DATA INPUT'!$M$3:$M$8999>=50)*'DATA INPUT'!$L$3:$L$8999),0)} -> 0
A14: 1 | B14: {=SUMPRODUCT(('DATA INPUT'!$L$3:$L$8999=$A14)*'DATA INPUT'!$L$3:$L$8999)} -> 0 | C14: =B14+D14 -> 0 | D14: {=SUMPRODUCT(('DATA INPUT'!$L$3:$L$8999=$A14)*'DATA INPUT'!$U$3:$U$8999)} -> 0 | E14: =IFERROR(D14/B14,0) -> 0 | G14: {=SUMPRODUCT(('DATA INPUT'!$L$3:$L$8999=$A14)*('DATA INPUT'!$M$3:$M$8999>=1)*('DATA INPUT'!$M$3:$M$8999<2)*'DATA INPUT'!$U$3:$U$8999)} -> 0 | H14: {=SUMPRODUCT(('DATA INPUT'!$L$3:$L$8999=$A14)*('DATA INPUT'!$M$3:$M$8999>=2)*('DATA INPUT'!$M$3:$M$8999<3)*'DATA INPUT'!$U$3:$U$8999)} -> 0 | I14: {=SUMPRODUCT(('DATA INPUT'!$L$3:$L$8999=$A14)*('DATA INPUT'!$M$3:$M$8999>=3)*('DATA INPUT'!$M$3:$M$8999<4)*'DATA INPUT'!$U$3:$U$8999)} -> 0 | J14: {=SUMPRODUCT(('DATA INPUT'!$L$3:$L$8999=$A14)*('DATA INPUT'!$M$3:$M$8999>=4)*('DATA INPUT'!$M$3:$M$8999<5)*'DATA INPUT'!$U$3:$U$8999)} -> 0 | K14: {=SUMPRODUCT(('DATA INPUT'!$L$3:$L$8999=$A14)*('DATA INPUT'!$M$3:$M$8999>=5)*('DATA INPUT'!$M$3:$M$8999<6)*'DATA INPUT'!$U$3:$U$8999)} -> 0 | L14: {=SUMPRODUCT(('DATA INPUT'!$L$3:$L$8999=$A14)*('DATA INPUT'!$M$3:$M$8999>=6)*('DATA INPUT'!$M$3:$M$8999<7)*'DATA INPUT'!$U$3:$U$8999)} -> 0 | M14: {=SUMPRODUCT(('DATA INPUT'!$L$3:$L$8999=$A14)*('DATA INPUT'!$M$3:$M$8999>=7)*('DATA INPUT'!$M$3:$M$8999<8)*'DATA INPUT'!$U$3:$U$8999)} -> 0 | N14: {=SUMPRODUCT(('DATA INPUT'!$L$3:$L$8999=$A14)*('DATA INPUT'!$M$3:$M$8999>=8)*('DATA INPUT'!$M$3:$M$8999<9)*'DATA INPUT'!$U$3:$U$8999)} -> 0 | O14: {=SUMPRODUCT(('DATA INPUT'!$L$3:$L$8999=$A14)*('DATA INPUT'!$M$3:$M$8999>=9)*('DATA INPUT'!$M$3:$M$8999<10)*'DATA INPUT'!$U$3:$U$8999)} -> 0 | P14: {=SUMPRODUCT(('DATA INPUT'!$L$3:$L$8999=$A14)*('DATA INPUT'!$M$3:$M$8999>=10)*('DATA INPUT'!$M$3:$M$8999<20)*'DATA INPUT'!$U$3:$U$8999)} -> 0 | Q14: {=SUMPRODUCT(('DATA INPUT'!$L$3:$L$8999=$A14)*('DATA INPUT'!$M$3:$M$8999>=20)*('DATA INPUT'!$M$3:$M$8999<30)*'DATA INPUT'!$U$3:$U$8999)} -> 0 | R14: {=SUMPRODUCT(('DATA INPUT'!$L$3:$L$8999=$A14)*('DATA INPUT'!$M$3:$M$8999>=30)*('DATA INPUT'!$M$3:$M$8999<40)*'DATA INPUT'!$U$3:$U$8999)} -> 0 | S14: {=SUMPRODUCT(('DATA INPUT'!$L$3:$L$8999=$A14)*('DATA INPUT'!$M$3:$M$8999>=40)*('DATA INPUT'!$M$3:$M$8999<50)*'DATA INPUT'!$U$3:$U$8999)} -> 0 | T14: {=SUMPRODUCT(('DATA INPUT'!$L$3:$L$8999=$A14)*('DATA INPUT'!$M$3:$M$8999>=50)*'DATA INPUT'!$U$3:$U$8999)} -> 0 | V14: {=IFERROR(SUMPRODUCT(('DATA INPUT'!$L$3:$L$8999=$A14)*('DATA INPUT'!$M$3:$M$8999>=1)*('DATA INPUT'!$M$3:$M$8999<2)*'DATA INPUT'!$U$3:$U$8999)/SUMPRODUCT(('DATA INPUT'!$L$3:$L$8999=$A14)*('DATA INPUT'!$M$3:$M$8999>=1)*('DATA INPUT'!$M$3:$M$8999<2)*'DATA INPUT'!$L$3:$L$8999),0)} -> 0 | W14: {=IFERROR(SUMPRODUCT(('DATA INPUT'!$L$3:$L$8999=$A14)*('DATA INPUT'!$M$3:$M$8999>=2)*('DATA INPUT'!$M$3:$M$8999<3)*'DATA INPUT'!$U$3:$U$8999)/SUMPRODUCT(('DATA INPUT'!$L$3:$L$8999=$A14)*('DATA INPUT'!$M$3:$M$8999>=2)*('DATA INPUT'!$M$3:$M$8999<3)*'DATA INPUT'!$L$3:$L$8999),0)} -> 0 | X14: {=IFERROR(SUMPRODUCT(('DATA INPUT'!$L$3:$L$8999=$A14)*('DATA INPUT'!$M$3:$M$8999>=3)*('DATA INPUT'!$M$3:$M$8999<4)*'DATA INPUT'!$U$3:$U$8999)/SUMPRODUCT(('DATA INPUT'!$L$3:$L$8999=$A14)*('DATA INPUT'!$M$3:$M$8999>=3)*('DATA INPUT'!$M$3:$M$8999<4)*'DATA INPUT'!$L$3:$L$8999),0)} -> 0 | Y14: {=IFERROR(SUMPRODUCT(('DATA INPUT'!$L$3:$L$8999=$A14)*('DATA INPUT'!$M$3:$M$8999>=4)*('DATA INPUT'!$M$3:$M$8999<5)*'DATA INPUT'!$U$3:$U$8999)/SUMPRODUCT(('DATA INPUT'!$L$3:$L$8999=$A14)*('DATA INPUT'!$M$3:$M$8999>=4)*('DATA INPUT'!$M$3:$M$8999<5)*'DATA INPUT'!$L$3:$L$8999),0)} -> 0 | Z14: {=IFERROR(SUMPRODUCT(('DATA INPUT'!$L$3:$L$8999=$A14)*('DATA INPUT'!$M$3:$M$8999>=5)*('DATA INPUT'!$M$3:$M$8999<6)*'DATA INPUT'!$U$3:$U$8999)/SUMPRODUCT(('DATA INPUT'!$L$3:$L$8999=$A14)*('DATA INPUT'!$M$3:$M$8999>=5)*('DATA INPUT'!$M$3:$M$8999<6)*'DATA INPUT'!$L$3:$L$8999),0)} -> 0 | AA14: {=IFERROR(SUMPRODUCT(('DATA INPUT'!$L$3:$L$8999=$A14)*('DATA INPUT'!$M$3:$M$8999>=6)*('DATA INPUT'!$M$3:$M$8999<7)*'DATA INPUT'!$U$3:$U$8999)/SUMPRODUCT(('DATA INPUT'!$L$3:$L$8999=$A14)*('DATA INPUT'!$M$3:$M$8999>=6)*('DATA INPUT'!$M$3:$M$8999<7)*'DATA INPUT'!$L$3:$L$8999),0)} -> 0 | AB14: {=IFERROR(SUMPRODUCT(('DATA INPUT'!$L$3:$L$8999=$A14)*('DATA INPUT'!$M$3:$M$8999>=7)*('DATA INPUT'!$M$3:$M$8999<8)*'DATA INPUT'!$U$3:$U$8999)/SUMPRODUCT(('DATA INPUT'!$L$3:$L$8999=$A14)*('DATA INPUT'!$M$3:$M$8999>=7)*('DATA INPUT'!$M$3:$M$8999<8)*'DATA INPUT'!$L$3:$L$8999),0)} -> 0 | AC14: {=IFERROR(SUMPRODUCT(('DATA INPUT'!$L$3:$L$8999=$A14)*('DATA INPUT'!$M$3:$M$8999>=8)*('DATA INPUT'!$M$3:$M$8999<9)*'DATA INPUT'!$U$3:$U$8999)/SUMPRODUCT(('DATA INPUT'!$L$3:$L$8999=$A14)*('DATA INPUT'!$M$3:$M$8999>=8)*('DATA INPUT'!$M$3:$M$8999<9)*'DATA INPUT'!$L$3:$L$8999),0)} -> 0 | AD14: {=IFERROR(SUMPRODUCT(('DATA INPUT'!$L$3:$L$8999=$A14)*('DATA INPUT'!$M$3:$M$8999>=9)*('DATA INPUT'!$M$3:$M$8999<10)*'DATA INPUT'!$U$3:$U$8999)/SUMPRODUCT(('DATA INPUT'!$L$3:$L$8999=$A14)*('DATA INPUT'!$M$3:$M$8999>=9)*('DATA INPUT'!$M$3:$M$8999<10)*'DATA INPUT'!$L$3:$L$8999),0)} -> 0 | AE14: {=IFERROR(SUMPRODUCT(('DATA INPUT'!$L$3:$L$8999=$A14)*('DATA INPUT'!$M$3:$M$8999>=10)*('DATA INPUT'!$M$3:$M$8999<20)*'DATA INPUT'!$U$3:$U$8999)/SUMPRODUCT(('DATA INPUT'!$L$3:$L$8999=$A14)*('DATA INPUT'!$M$3:$M$8999>=10)*('DATA INPUT'!$M$3:$M$8999<20)*'DATA INPUT'!$L$3:$L$8999),0)} -> 0 | AF14: {=IFERROR(SUMPRODUCT(('DATA INPUT'!$L$3:$L$8999=$A14)*('DATA INPUT'!$M$3:$M$8999>=20)*('DATA INPUT'!$M$3:$M$8999<30)*'DATA INPUT'!$U$3:$U$8999)/SUMPRODUCT(('DATA INPUT'!$L$3:$L$8999=$A14)*('DATA INPUT'!$M$3:$M$8999>=20)*('DATA INPUT'!$M$3:$M$8999<30)*'DATA INPUT'!$L$3:$L$8999),0)} -> 0 | AG14: {=IFERROR(SUMPRODUCT(('DATA INPUT'!$L$3:$L$8999=$A14)*('DATA INPUT'!$M$3:$M$8999>=30)*('DATA INPUT'!$M$3:$M$8999<40)*'DATA INPUT'!$U$3:$U$8999)/SUMPRODUCT(('DATA INPUT'!$L$3:$L$8999=$A14)*('DATA INPUT'!$M$3:$M$8999>=30)*('DATA INPUT'!$M$3:$M$8999<40)*'DATA INPUT'!$L$3:$L$8999),0)} -> 0 | AH14: {=IFERROR(SUMPRODUCT(('DATA INPUT'!$L$3:$L$8999=$A14)*('DATA INPUT'!$M$3:$M$8999>=40)*('DATA INPUT'!$M$3:$M$8999<50)*'DATA INPUT'!$U$3:$U$8999)/SUMPRODUCT(('DATA INPUT'!$L$3:$L$8999=$A14)*('DATA INPUT'!$M$3:$M$8999>=40)*('DATA INPUT'!$M$3:$M$8999<50)*'DATA INPUT'!$L$3:$L$8999),0)} -> 0 | AI14: {=IFERROR(SUMPRODUCT(('DATA INPUT'!$L$3:$L$8999=$A14)*('DATA INPUT'!$M$3:$M$8999>=50)*'DATA INPUT'!$U$3:$U$8999)/SUMPRODUCT(('DATA INPUT'!$L$3:$L$8999=$A14)*('DATA INPUT'!$M$3:$M$8999>=50)*'DATA INPUT'!$L$3:$L$8999),0)} -> 0
A16: Grand Total | B16: =SUM(B13:B14) -> 147 | C16: =SUM(C13:C14) -> 149.10764 | D16: =SUM(D13:D14) -> 2.10764 | E16: =IFERROR(D16/B16,0) -> 0.014337687 | G16: =SUM(G13:G14) -> 0 | H16: =SUM(H13:H14) -> 0 | I16: =SUM(I13:I14) -> 0 | J16: =SUM(J13:J14) -> 0 | K16: =SUM(K13:K14) -> 0 | L16: =SUM(L13:L14) -> -0.0588 | M16: =SUM(M13:M14) -> 1.828 | N16: =SUM(N13:N14) -> -6.28 | ... T16: =SUM(T13:T14) -> 0 | V16: {=IFERROR(SUMPRODUCT(('DATA INPUT'!$M$3:$M$8999>=1)*('DATA INPUT'!$M$3:$M$8999<2)*'DATA INPUT'!$U$3:$U$8999)/SUMPRODUCT(('DATA INPUT'!$M$3:$M$8999>=1)*('DATA INPUT'!$M$3:$M$8999<2)*'DATA INPUT'!$L$3:$L$8999),0)} -> 0 | W16: {=IFERROR(SUMPRODUCT(('DATA INPUT'!$M$3:$M$8999>=2)*('DATA INPUT'!$M$3:$M$8999<3)*'DATA INPUT'!$U$3:$U$8999)/SUMPRODUCT(('DATA INPUT'!$M$3:$M$8999>=2)*('DATA INPUT'!$M$3:$M$8999<3)*'DATA INPUT'!$L$3:$L$8999),0)} -> 0.644 | X16: {=IFERROR(SUMPRODUCT(('DATA INPUT'!$M$3:$M$8999>=3)*('DATA INPUT'!$M$3:$M$8999<4)*'DATA INPUT'!$U$3:$U$8999)/SUMPRODUCT(('DATA INPUT'!$M$3:$M$8999>=3)*('DATA INPUT'!$M$3:$M$8999<4)*'DATA INPUT'!$L$3:$L$8999),0)} -> -1 | Y16: {=IFERROR(SUMPRODUCT(('DATA INPUT'!$M$3:$M$8999>=4)*('DATA INPUT'!$M$3:$M$8999<5)*'DATA INPUT'!$U$3:$U$8999)/SUMPRODUCT(('DATA INPUT'!$M$3:$M$8999>=4)*('DATA INPUT'!$M$3:$M$8999<5)*'DATA INPUT'!$L$3:$L$8999),0)} -> 0.47217143 | Z16: {=IFERROR(SUMPRODUCT(('DATA INPUT'!$M$3:$M$8999>=5)*('DATA INPUT'!$M$3:$M$8999<6)*'DATA INPUT'!$U$3:$U$8999)/SUMPRODUCT(('DATA INPUT'!$M$3:$M$8999>=5)*('DATA INPUT'!$M$3:$M$8999<6)*'DATA INPUT'!$L$3:$L$8999),0)} -> 0.87333333 | AA16: {=IFERROR(SUMPRODUCT(('DATA INPUT'!$M$3:$M$8999>=6)*('DATA INPUT'!$M$3:$M$8999<7)*'DATA INPUT'!$U$3:$U$8999)/SUMPRODUCT(('DATA INPUT'!$M$3:$M$8999>=6)*('DATA INPUT'!$M$3:$M$8999<7)*'DATA INPUT'!$L$3:$L$8999),0)} -> -0.069945946 | AB16: {=IFERROR(SUMPRODUCT(('DATA INPUT'!$M$3:$M$8999>=7)*('DATA INPUT'!$M$3:$M$8999<8)*'DATA INPUT'!$U$3:$U$8999)/SUMPRODUCT(('DATA INPUT'!$M$3:$M$8999>=7)*('DATA INPUT'!$M$3:$M$8999<8)*'DATA INPUT'!$L$3:$L$8999),0)} -> 0.595 | AC16: {=IFERROR(SUMPRODUCT(('DATA INPUT'!$M$3:$M$8999>=8)*('DATA INPUT'!$M$3:$M$8999<9)*'DATA INPUT'!$U$3:$U$8999)/SUMPRODUCT(('DATA INPUT'!$M$3:$M$8999>=8)*('DATA INPUT'!$M$3:$M$8999<9)*'DATA INPUT'!$L$3:$L$8999),0)} -> -0.57090909 | AD16: {=IFERROR(SUMPRODUCT(('DATA INPUT'!$M$3:$M$8999>=9)*('DATA INPUT'!$M$3:$M$8999<10)*'DATA INPUT'!$U$3:$U$8999)/SUMPRODUCT(('DATA INPUT'!$M$3:$M$8999>=9)*('DATA INPUT'!$M$3:$M$8999<10)*'DATA INPUT'!$L$3:$L$8999),0)} -> -0.55993905 | AE16: {=IFERROR(SUMPRODUCT(('DATA INPUT'!$M$3:$M$8999>=10)*('DATA INPUT'!$M$3:$M$8999<20)*'DATA INPUT'!$U$3:$U$8999)/SUMPRODUCT(('DATA INPUT'!$M$3:$M$8999>=10)*('DATA INPUT'!$M$3:$M$8999<20)*'DATA INPUT'!$L$3:$L$8999),0)} -> 0.2895302 | AF16: {=IFERROR(SUMPRODUCT(('DATA INPUT'!$M$3:$M$8999>=20)*('DATA INPUT'!$M$3:$M$8999<30)*'DATA INPUT'!$U$3:$U$8999)/SUMPRODUCT(('DATA INPUT'!$M$3:$M$8999>=20)*('DATA INPUT'!$M$3:$M$8999<30)*'DATA INPUT'!$L$3:$L$8999),0)} -> -0.053823377 | AG16: {=IFERROR(SUMPRODUCT(('DATA INPUT'!$M$3:$M$8999>=30)*('DATA INPUT'!$M$3:$M$8999<40)*'DATA INPUT'!$U$3:$U$8999)/SUMPRODUCT(('DATA INPUT'!$M$3:$M$8999>=30)*('DATA INPUT'!$M$3:$M$8999<40)*'DATA INPUT'!$L$3:$L$8999),0)} -> -1 | AH16: {=IFERROR(SUMPRODUCT(('DATA INPUT'!$M$3:$M$8999>=40)*('DATA INPUT'!$M$3:$M$8999<50)*'DATA INPUT'!$U$3:$U$8999)/SUMPRODUCT(('DATA INPUT'!$M$3:$M$8999>=40)*('DATA INPUT'!$M$3:$M$8999<50)*'DATA INPUT'!$L$3:$L$8999),0)} -> 0 | AI16: {=IFERROR(SUMPRODUCT(('DATA INPUT'!$M$3:$M$8999>=50)*'DATA INPUT'!$U$3:$U$8999)/SUMPRODUCT(('DATA INPUT'!$M$3:$M$8999>=50)*'DATA INPUT'!$L$3:$L$8999),0)} -> 0
A18: Units | B18: Units Invested | C18: Units Collected (Net) | D18: Profit (Net) | E18: POT% | F18: BFSP | G18: 1-1.99 | H18: 2-2.99 | I18: 3-3.99 | J18: 4-4.99 | K18: 5-5.99 | L18: 6-6.99 | M18: 7-7.99 | N18: 8-8.99 | O18: 9-9.99 | P18: 10-19.99 | Q18: 20-29.99 | R18: 30-39.99 | S18: 40-49.99 | T18: 50+ | U18: BFSP POT% | V18: 1-1.99 | W18: 2-2.99 | X18: 3-3.99 | Y18: 4-4.99 | Z18: 5-5.99 | AA18: 6-6.99 | AB18: 7-7.99 | AC18: 8-8.99 | AD18: 9-9.99 | AE18: 10-19.99 | AF18: 20-29.99 | AG18: 30-39.99 | AH18: 40-49.99 | AI18: 50+
A20: 0.5 | B20: {=SUMPRODUCT(('DATA INPUT'!$L$3:$L$8999=$A20)*'DATA INPUT'!$L$3:$L$8999)} -> 147 | C20: =B20+D20 -> 149.10764 | D20: {=SUMPRODUCT(('DATA INPUT'!$L$3:$L$8999=$A20)*'DATA INPUT'!$U$3:$U$8999)} -> 2.10764 | E20: =IFERROR(D20/B20,0) -> 0.014337687 | G20: {=SUMPRODUCT(('DATA INPUT'!$L$3:$L$8999=$A20)*('DATA INPUT'!$N$3:$N$8999>=1)*('DATA INPUT'!$N$3:$N$8999<2)*'DATA INPUT'!$U$3:$U$8999)} -> 0 | H20: {=SUMPRODUCT(('DATA INPUT'!$L$3:$L$8999=$A20)*('DATA INPUT'!$N$3:$N$8999>=2)*('DATA INPUT'!$N$3:$N$8999<3)*'DATA INPUT'!$U$3:$U$8999)} -> 0 | I20: {=SUMPRODUCT(('DATA INPUT'!$L$3:$L$8999=$A20)*('DATA INPUT'!$N$3:$N$8999>=3)*('DATA INPUT'!$N$3:$N$8999<4)*'DATA INPUT'!$U$3:$U$8999)} -> 0 | J20: {=SUMPRODUCT(('DATA INPUT'!$L$3:$L$8999=$A20)*('DATA INPUT'!$N$3:$N$8999>=4)*('DATA INPUT'!$N$3:$N$8999<5)*'DATA INPUT'!$U$3:$U$8999)} -> 0 | K20: {=SUMPRODUCT(('DATA INPUT'!$L$3:$L$8999=$A20)*('DATA INPUT'!$N$3:$N$8999>=5)*('DATA INPUT'!$N$3:$N$8999<6)*'DATA INPUT'!$U$3:$U$8999)} -> 0 | L20: {=SUMPRODUCT(('DATA INPUT'!$L$3:$L$8999=$A20)*('DATA INPUT'!$N$3:$N$8999>=6)*('DATA INPUT'!$N$3:$N$8999<7)*'DATA INPUT'!$U$3:$U$8999)} -> -1.5 | M20: {=SUMPRODUCT(('DATA INPUT'!$L$3:$L$8999=$A20)*('DATA INPUT'!$N$3:$N$8999>=7)*('DATA INPUT'!$N$3:$N$8999<8)*'DATA INPUT'!$U$3:$U$8999)} -> 5.7692 | N20: {=SUMPRODUCT(('DATA INPUT'!$L$3:$L$8999=$A20)*('DATA INPUT'!$N$3:$N$8999>=8)*('DATA INPUT'!$N$3:$N$8999<9)*'DATA INPUT'!$U$3:$U$8999)} -> -4 | O20: {=SUMPRODUCT(('DATA INPUT'!$L$3:$L$8999=$A20)*('DATA INPUT'!$N$3:$N$8999>=9)*('DATA INPUT'!$N$3:$N$8999<10)*'DATA INPUT'!$U$3:$U$8999)} -> -1.37936 | P20: {=SUMPRODUCT(('DATA INPUT'!$L$3:$L$8999=$A20)*('DATA INPUT'!$N$3:$N$8999>=10)*('DATA INPUT'!$N$3:$N$8999<20)*'DATA INPUT'!$U$3:$U$8999)} -> -12.2076 | Q20: {=SUMPRODUCT(('DATA INPUT'!$L$3:$L$8999=$A20)*('DATA INPUT'!$N$3:$N$8999>=20)*('DATA INPUT'!$N$3:$N$8999<30)*'DATA INPUT'!$U$3:$U$8999)} -> -2.134 | R20: {=SUMPRODUCT(('DATA INPUT'!$L$3:$L$8999=$A20)*('DATA INPUT'!$N$3:$N$8999>=30)*('DATA INPUT'!$N$3:$N$8999<40)*'DATA INPUT'!$U$3:$U$8999)} -> 11.8756 | S20: {=SUMPRODUCT(('DATA INPUT'!$L$3:$L$8999=$A20)*('DATA INPUT'!$N$3:$N$8999>=40)*('DATA INPUT'!$N$3:$N$8999<50)*'DATA INPUT'!$U$3:$U$8999)} -> 9.6838 | T20: {=SUMPRODUCT(('DATA INPUT'!$L$3:$L$8999=$A20)*('DATA INPUT'!$N$3:$N$8999>=50)*'DATA INPUT'!$U$3:$U$8999)} -> -4 | V20: {=IFERROR(SUMPRODUCT(('DATA INPUT'!$L$3:$L$8999=$A20)*('DATA INPUT'!$N$3:$N$8999>=1)*('DATA INPUT'!$N$3:$N$8999<2)*'DATA INPUT'!$U$3:$U$8999)/SUMPRODUCT(('DATA INPUT'!$L$3:$L$8999=$A20)*('DATA INPUT'!$N$3:$N$8999>=1)*('DATA INPUT'!$N$3:$N$8999<2)*'DATA INPUT'!$L$3:$L$8999),0)} -> 0 | W20: {=IFERROR(SUMPRODUCT(('DATA INPUT'!$L$3:$L$8999=$A20)*('DATA INPUT'!$N$3:$N$8999>=2)*('DATA INPUT'!$N$3:$N$8999<3)*'DATA INPUT'!$U$3:$U$8999)/SUMPRODUCT(('DATA INPUT'!$L$3:$L$8999=$A20)*('DATA INPUT'!$N$3:$N$8999>=2)*('DATA INPUT'!$N$3:$N$8999<3)*'DATA INPUT'!$L$3:$L$8999),0)} -> 0 | X20: {=IFERROR(SUMPRODUCT(('DATA INPUT'!$L$3:$L$8999=$A20)*('DATA INPUT'!$N$3:$N$8999>=3)*('DATA INPUT'!$N$3:$N$8999<4)*'DATA INPUT'!$U$3:$U$8999)/SUMPRODUCT(('DATA INPUT'!$L$3:$L$8999=$A20)*('DATA INPUT'!$N$3:$N$8999>=3)*('DATA INPUT'!$N$3:$N$8999<4)*'DATA INPUT'!$L$3:$L$8999),0)} -> 0 | Y20: {=IFERROR(SUMPRODUCT(('DATA INPUT'!$L$3:$L$8999=$A20)*('DATA INPUT'!$N$3:$N$8999>=4)*('DATA INPUT'!$N$3:$N$8999<5)*'DATA INPUT'!$U$3:$U$8999)/SUMPRODUCT(('DATA INPUT'!$L$3:$L$8999=$A20)*('DATA INPUT'!$N$3:$N$8999>=4)*('DATA INPUT'!$N$3:$N$8999<5)*'DATA INPUT'!$L$3:$L$8999),0)} -> 0 | Z20: {=IFERROR(SUMPRODUCT(('DATA INPUT'!$L$3:$L$8999=$A20)*('DATA INPUT'!$N$3:$N$8999>=5)*('DATA INPUT'!$N$3:$N$8999<6)*'DATA INPUT'!$U$3:$U$8999)/SUMPRODUCT(('DATA INPUT'!$L$3:$L$8999=$A20)*('DATA INPUT'!$N$3:$N$8999>=5)*('DATA INPUT'!$N$3:$N$8999<6)*'DATA INPUT'!$L$3:$L$8999),0)} -> 0 | AA20: {=IFERROR(SUMPRODUCT(('DATA INPUT'!$L$3:$L$8999=$A20)*('DATA INPUT'!$N$3:$N$8999>=6)*('DATA INPUT'!$N$3:$N$8999<7)*'DATA INPUT'!$U$3:$U$8999)/SUMPRODUCT(('DATA INPUT'!$L$3:$L$8999=$A20)*('DATA INPUT'!$N$3:$N$8999>=6)*('DATA INPUT'!$N$3:$N$8999<7)*'DATA INPUT'!$L$3:$L$8999),0)} -> -1 | AB20: {=IFERROR(SUMPRODUCT(('DATA INPUT'!$L$3:$L$8999=$A20)*('DATA INPUT'!$N$3:$N$8999>=7)*('DATA INPUT'!$N$3:$N$8999<8)*'DATA INPUT'!$U$3:$U$8999)/SUMPRODUCT(('DATA INPUT'!$L$3:$L$8999=$A20)*('DATA INPUT'!$N$3:$N$8999>=7)*('DATA INPUT'!$N$3:$N$8999<8)*'DATA INPUT'!$L$3:$L$8999),0)} -> 3.8461333 | AC20: {=IFERROR(SUMPRODUCT(('DATA INPUT'!$L$3:$L$8999=$A20)*('DATA INPUT'!$N$3:$N$8999>=8)*('DATA INPUT'!$N$3:$N$8999<9)*'DATA INPUT'!$U$3:$U$8999)/SUMPRODUCT(('DATA INPUT'!$L$3:$L$8999=$A20)*('DATA INPUT'!$N$3:$N$8999>=8)*('DATA INPUT'!$N$3:$N$8999<9)*'DATA INPUT'!$L$3:$L$8999),0)} -> -1 | AD20: {=IFERROR(SUMPRODUCT(('DATA INPUT'!$L$3:$L$8999=$A20)*('DATA INPUT'!$N$3:$N$8999>=9)*('DATA INPUT'!$N$3:$N$8999<10)*'DATA INPUT'!$U$3:$U$8999)/SUMPRODUCT(('DATA INPUT'!$L$3:$L$8999=$A20)*('DATA INPUT'!$N$3:$N$8999>=9)*('DATA INPUT'!$N$3:$N$8999<10)*'DATA INPUT'!$L$3:$L$8999),0)} -> -0.22989333 | AE20: {=IFERROR(SUMPRODUCT(('DATA INPUT'!$L$3:$L$8999=$A20)*('DATA INPUT'!$N$3:$N$8999>=10)*('DATA INPUT'!$N$3:$N$8999<20)*'DATA INPUT'!$U$3:$U$8999)/SUMPRODUCT(('DATA INPUT'!$L$3:$L$8999=$A20)*('DATA INPUT'!$N$3:$N$8999>=10)*('DATA INPUT'!$N$3:$N$8999<20)*'DATA INPUT'!$L$3:$L$8999),0)} -> -0.1953216 | AF20: {=IFERROR(SUMPRODUCT(('DATA INPUT'!$L$3:$L$8999=$A20)*('DATA INPUT'!$N$3:$N$8999>=20)*('DATA INPUT'!$N$3:$N$8999<30)*'DATA INPUT'!$U$3:$U$8999)/SUMPRODUCT(('DATA INPUT'!$L$3:$L$8999=$A20)*('DATA INPUT'!$N$3:$N$8999>=20)*('DATA INPUT'!$N$3:$N$8999<30)*'DATA INPUT'!$L$3:$L$8999),0)} -> -0.056906667 | AG20: {=IFERROR(SUMPRODUCT(('DATA INPUT'!$L$3:$L$8999=$A20)*('DATA INPUT'!$N$3:$N$8999>=30)*('DATA INPUT'!$N$3:$N$8999<40)*'DATA INPUT'!$U$3:$U$8999)/SUMPRODUCT(('DATA INPUT'!$L$3:$L$8999=$A20)*('DATA INPUT'!$N$3:$N$8999>=30)*('DATA INPUT'!$N$3:$N$8999<40)*'DATA INPUT'!$L$3:$L$8999),0)} -> 0.57929756 | AH20: {=IFERROR(SUMPRODUCT(('DATA INPUT'!$L$3:$L$8999=$A20)*('DATA INPUT'!$N$3:$N$8999>=40)*('DATA INPUT'!$N$3:$N$8999<50)*'DATA INPUT'!$U$3:$U$8999)/SUMPRODUCT(('DATA INPUT'!$L$3:$L$8999=$A20)*('DATA INPUT'!$N$3:$N$8999>=40)*('DATA INPUT'!$N$3:$N$8999<50)*'DATA INPUT'!$L$3:$L$8999),0)} -> 1.0193474 | AI20: {=IFERROR(SUMPRODUCT(('DATA INPUT'!$L$3:$L$8999=$A20)*('DATA INPUT'!$N$3:$N$8999>=50)*'DATA INPUT'!$U$3:$U$8999)/SUMPRODUCT(('DATA INPUT'!$L$3:$L$8999=$A20)*('DATA INPUT'!$N$3:$N$8999>=50)*'DATA INPUT'!$L$3:$L$8999),0)} -> -1
A21: 1 | B21: {=SUMPRODUCT(('DATA INPUT'!$L$3:$L$8999=$A21)*'DATA INPUT'!$L$3:$L$8999)} -> 0 | C21: =B21+D21 -> 0 | D21: {=SUMPRODUCT(('DATA INPUT'!$L$3:$L$8999=$A21)*'DATA INPUT'!$U$3:$U$8999)} -> 0 | E21: =IFERROR(D21/B21,0) -> 0 | G21: {=SUMPRODUCT(('DATA INPUT'!$L$3:$L$8999=$A21)*('DATA INPUT'!$N$3:$N$8999>=1)*('DATA INPUT'!$N$3:$N$8999<2)*'DATA INPUT'!$U$3:$U$8999)} -> 0 | H21: {=SUMPRODUCT(('DATA INPUT'!$L$3:$L$8999=$A21)*('DATA INPUT'!$N$3:$N$8999>=2)*('DATA INPUT'!$N$3:$N$8999<3)*'DATA INPUT'!$U$3:$U$8999)} -> 0 | I21: {=SUMPRODUCT(('DATA INPUT'!$L$3:$L$8999=$A21)*('DATA INPUT'!$N$3:$N$8999>=3)*('DATA INPUT'!$N$3:$N$8999<4)*'DATA INPUT'!$U$3:$U$8999)} -> 0 | J21: {=SUMPRODUCT(('DATA INPUT'!$L$3:$L$8999=$A21)*('DATA INPUT'!$N$3:$N$8999>=4)*('DATA INPUT'!$N$3:$N$8999<5)*'DATA INPUT'!$U$3:$U$8999)} -> 0 | K21: {=SUMPRODUCT(('DATA INPUT'!$L$3:$L$8999=$A21)*('DATA INPUT'!$N$3:$N$8999>=5)*('DATA INPUT'!$N$3:$N$8999<6)*'DATA INPUT'!$U$3:$U$8999)} -> 0 | L21: {=SUMPRODUCT(('DATA INPUT'!$L$3:$L$8999=$A21)*('DATA INPUT'!$N$3:$N$8999>=6)*('DATA INPUT'!$N$3:$N$8999<7)*'DATA INPUT'!$U$3:$U$8999)} -> 0 | M21: {=SUMPRODUCT(('DATA INPUT'!$L$3:$L$8999=$A21)*('DATA INPUT'!$N$3:$N$8999>=7)*('DATA INPUT'!$N$3:$N$8999<8)*'DATA INPUT'!$U$3:$U$8999)} -> 0 | N21: {=SUMPRODUCT(('DATA INPUT'!$L$3:$L$8999=$A21)*('DATA INPUT'!$N$3:$N$8999>=8)*('DATA INPUT'!$N$3:$N$8999<9)*'DATA INPUT'!$U$3:$U$8999)} -> 0 | O21: {=SUMPRODUCT(('DATA INPUT'!$L$3:$L$8999=$A21)*('DATA INPUT'!$N$3:$N$8999>=9)*('DATA INPUT'!$N$3:$N$8999<10)*'DATA INPUT'!$U$3:$U$8999)} -> 0 | P21: {=SUMPRODUCT(('DATA INPUT'!$L$3:$L$8999=$A21)*('DATA INPUT'!$N$3:$N$8999>=10)*('DATA INPUT'!$N$3:$N$8999<20)*'DATA INPUT'!$U$3:$U$8999)} -> 0 | Q21: {=SUMPRODUCT(('DATA INPUT'!$L$3:$L$8999=$A21)*('DATA INPUT'!$N$3:$N$8999>=20)*('DATA INPUT'!$N$3:$N$8999<30)*'DATA INPUT'!$U$3:$U$8999)} -> 0 | R21: {=SUMPRODUCT(('DATA INPUT'!$L$3:$L$8999=$A21)*('DATA INPUT'!$N$3:$N$8999>=30)*('DATA INPUT'!$N$3:$N$8999<40)*'DATA INPUT'!$U$3:$U$8999)} -> 0 | S21: {=SUMPRODUCT(('DATA INPUT'!$L$3:$L$8999=$A21)*('DATA INPUT'!$N$3:$N$8999>=40)*('DATA INPUT'!$N$3:$N$8999<50)*'DATA INPUT'!$U$3:$U$8999)} -> 0 | T21: {=SUMPRODUCT(('DATA INPUT'!$L$3:$L$8999=$A21)*('DATA INPUT'!$N$3:$N$8999>=50)*'DATA INPUT'!$U$3:$U$8999)} -> 0 | V21: {=IFERROR(SUMPRODUCT(('DATA INPUT'!$L$3:$L$8999=$A21)*('DATA INPUT'!$N$3:$N$8999>=1)*('DATA INPUT'!$N$3:$N$8999<2)*'DATA INPUT'!$U$3:$U$8999)/SUMPRODUCT(('DATA INPUT'!$L$3:$L$8999=$A21)*('DATA INPUT'!$N$3:$N$8999>=1)*('DATA INPUT'!$N$3:$N$8999<2)*'DATA INPUT'!$L$3:$L$8999),0)} -> 0 | W21: {=IFERROR(SUMPRODUCT(('DATA INPUT'!$L$3:$L$8999=$A21)*('DATA INPUT'!$N$3:$N$8999>=2)*('DATA INPUT'!$N$3:$N$8999<3)*'DATA INPUT'!$U$3:$U$8999)/SUMPRODUCT(('DATA INPUT'!$L$3:$L$8999=$A21)*('DATA INPUT'!$N$3:$N$8999>=2)*('DATA INPUT'!$N$3:$N$8999<3)*'DATA INPUT'!$L$3:$L$8999),0)} -> 0 | X21: {=IFERROR(SUMPRODUCT(('DATA INPUT'!$L$3:$L$8999=$A21)*('DATA INPUT'!$N$3:$N$8999>=3)*('DATA INPUT'!$N$3:$N$8999<4)*'DATA INPUT'!$U$3:$U$8999)/SUMPRODUCT(('DATA INPUT'!$L$3:$L$8999=$A21)*('DATA INPUT'!$N$3:$N$8999>=3)*('DATA INPUT'!$N$3:$N$8999<4)*'DATA INPUT'!$L$3:$L$8999),0)} -> 0 | Y21: {=IFERROR(SUMPRODUCT(('DATA INPUT'!$L$3:$L$8999=$A21)*('DATA INPUT'!$N$3:$N$8999>=4)*('DATA INPUT'!$N$3:$N$8999<5)*'DATA INPUT'!$U$3:$U$8999)/SUMPRODUCT(('DATA INPUT'!$L$3:$L$8999=$A21)*('DATA INPUT'!$N$3:$N$8999>=4)*('DATA INPUT'!$N$3:$N$8999<5)*'DATA INPUT'!$L$3:$L$8999),0)} -> 0 | Z21: {=IFERROR(SUMPRODUCT(('DATA INPUT'!$L$3:$L$8999=$A21)*('DATA INPUT'!$N$3:$N$8999>=5)*('DATA INPUT'!$N$3:$N$8999<6)*'DATA INPUT'!$U$3:$U$8999)/SUMPRODUCT(('DATA INPUT'!$L$3:$L$8999=$A21)*('DATA INPUT'!$N$3:$N$8999>=5)*('DATA INPUT'!$N$3:$N$8999<6)*'DATA INPUT'!$L$3:$L$8999),0)} -> 0 | AA21: {=IFERROR(SUMPRODUCT(('DATA INPUT'!$L$3:$L$8999=$A21)*('DATA INPUT'!$N$3:$N$8999>=6)*('DATA INPUT'!$N$3:$N$8999<7)*'DATA INPUT'!$U$3:$U$8999)/SUMPRODUCT(('DATA INPUT'!$L$3:$L$8999=$A21)*('DATA INPUT'!$N$3:$N$8999>=6)*('DATA INPUT'!$N$3:$N$8999<7)*'DATA INPUT'!$L$3:$L$8999),0)} -> 0 | AB21: {=IFERROR(SUMPRODUCT(('DATA INPUT'!$L$3:$L$8999=$A21)*('DATA INPUT'!$N$3:$N$8999>=7)*('DATA INPUT'!$N$3:$N$8999<8)*'DATA INPUT'!$U$3:$U$8999)/SUMPRODUCT(('DATA INPUT'!$L$3:$L$8999=$A21)*('DATA INPUT'!$N$3:$N$8999>=7)*('DATA INPUT'!$N$3:$N$8999<8)*'DATA INPUT'!$L$3:$L$8999),0)} -> 0 | AC21: {=IFERROR(SUMPRODUCT(('DATA INPUT'!$L$3:$L$8999=$A21)*('DATA INPUT'!$N$3:$N$8999>=8)*('DATA INPUT'!$N$3:$N$8999<9)*'DATA INPUT'!$U$3:$U$8999)/SUMPRODUCT(('DATA INPUT'!$L$3:$L$8999=$A21)*('DATA INPUT'!$N$3:$N$8999>=8)*('DATA INPUT'!$N$3:$N$8999<9)*'DATA INPUT'!$L$3:$L$8999),0)} -> 0 | AD21: {=IFERROR(SUMPRODUCT(('DATA INPUT'!$L$3:$L$8999=$A21)*('DATA INPUT'!$N$3:$N$8999>=9)*('DATA INPUT'!$N$3:$N$8999<10)*'DATA INPUT'!$U$3:$U$8999)/SUMPRODUCT(('DATA INPUT'!$L$3:$L$8999=$A21)*('DATA INPUT'!$N$3:$N$8999>=9)*('DATA INPUT'!$N$3:$N$8999<10)*'DATA INPUT'!$L$3:$L$8999),0)} -> 0 | AE21: {=IFERROR(SUMPRODUCT(('DATA INPUT'!$L$3:$L$8999=$A21)*('DATA INPUT'!$N$3:$N$8999>=10)*('DATA INPUT'!$N$3:$N$8999<20)*'DATA INPUT'!$U$3:$U$8999)/SUMPRODUCT(('DATA INPUT'!$L$3:$L$8999=$A21)*('DATA INPUT'!$N$3:$N$8999>=10)*('DATA INPUT'!$N$3:$N$8999<20)*'DATA INPUT'!$L$3:$L$8999),0)} -> 0 | AF21: {=IFERROR(SUMPRODUCT(('DATA INPUT'!$L$3:$L$8999=$A21)*('DATA INPUT'!$N$3:$N$8999>=20)*('DATA INPUT'!$N$3:$N$8999<30)*'DATA INPUT'!$U$3:$U$8999)/SUMPRODUCT(('DATA INPUT'!$L$3:$L$8999=$A21)*('DATA INPUT'!$N$3:$N$8999>=20)*('DATA INPUT'!$N$3:$N$8999<30)*'DATA INPUT'!$L$3:$L$8999),0)} -> 0 | AG21: {=IFERROR(SUMPRODUCT(('DATA INPUT'!$L$3:$L$8999=$A21)*('DATA INPUT'!$N$3:$N$8999>=30)*('DATA INPUT'!$N$3:$N$8999<40)*'DATA INPUT'!$U$3:$U$8999)/SUMPRODUCT(('DATA INPUT'!$L$3:$L$8999=$A21)*('DATA INPUT'!$N$3:$N$8999>=30)*('DATA INPUT'!$N$3:$N$8999<40)*'DATA INPUT'!$L$3:$L$8999),0)} -> 0 | AH21: {=IFERROR(SUMPRODUCT(('DATA INPUT'!$L$3:$L$8999=$A21)*('DATA INPUT'!$N$3:$N$8999>=40)*('DATA INPUT'!$N$3:$N$8999<50)*'DATA INPUT'!$U$3:$U$8999)/SUMPRODUCT(('DATA INPUT'!$L$3:$L$8999=$A21)*('DATA INPUT'!$N$3:$N$8999>=40)*('DATA INPUT'!$N$3:$N$8999<50)*'DATA INPUT'!$L$3:$L$8999),0)} -> 0 | AI21: {=IFERROR(SUMPRODUCT(('DATA INPUT'!$L$3:$L$8999=$A21)*('DATA INPUT'!$N$3:$N$8999>=50)*'DATA INPUT'!$U$3:$U$8999)/SUMPRODUCT(('DATA INPUT'!$L$3:$L$8999=$A21)*('DATA INPUT'!$N$3:$N$8999>=50)*'DATA INPUT'!$L$3:$L$8999),0)} -> 0
A23: Grand Total | B23: =SUM(B20:B21) -> 147 | C23: =SUM(C20:C21) -> 149.10764 | D23: =SUM(D20:D21) -> 2.10764 | E23: =IFERROR(D23/B23,0) -> 0.014337687 | G23: =SUM(G20:G21) -> 0 | H23: =SUM(H20:H21) -> 0 | I23: =SUM(I20:I21) -> 0 | J23: =SUM(J20:J21) -> 0 | K23: =SUM(K20:K21) -> 0 | L23: =SUM(L20:L21) -> -1.5 | M23: =SUM(M20:M21) -> 5.7692 | N23: =SUM(N20:N21) -> -4 | ... T23: =SUM(T20:T21) -> -4 | V23: {=IFERROR(SUMPRODUCT(('DATA INPUT'!$N$3:$N$8999>=1)*('DATA INPUT'!$N$3:$N$8999<2)*'DATA INPUT'!$U$3:$U$8999)/SUMPRODUCT(('DATA INPUT'!$N$3:$N$8999>=1)*('DATA INPUT'!$N$3:$N$8999<2)*'DATA INPUT'!$L$3:$L$8999),0)} -> 0 | W23: {=IFERROR(SUMPRODUCT(('DATA INPUT'!$N$3:$N$8999>=2)*('DATA INPUT'!$N$3:$N$8999<3)*'DATA INPUT'!$U$3:$U$8999)/SUMPRODUCT(('DATA INPUT'!$N$3:$N$8999>=2)*('DATA INPUT'!$N$3:$N$8999<3)*'DATA INPUT'!$L$3:$L$8999),0)} -> 1.74 | X23: {=IFERROR(SUMPRODUCT(('DATA INPUT'!$N$3:$N$8999>=3)*('DATA INPUT'!$N$3:$N$8999<4)*'DATA INPUT'!$U$3:$U$8999)/SUMPRODUCT(('DATA INPUT'!$N$3:$N$8999>=3)*('DATA INPUT'!$N$3:$N$8999<4)*'DATA INPUT'!$L$3:$L$8999),0)} -> -1 | Y23: {=IFERROR(SUMPRODUCT(('DATA INPUT'!$N$3:$N$8999>=4)*('DATA INPUT'!$N$3:$N$8999<5)*'DATA INPUT'!$U$3:$U$8999)/SUMPRODUCT(('DATA INPUT'!$N$3:$N$8999>=4)*('DATA INPUT'!$N$3:$N$8999<5)*'DATA INPUT'!$L$3:$L$8999),0)} -> -0.28736 | Z23: {=IFERROR(SUMPRODUCT(('DATA INPUT'!$N$3:$N$8999>=5)*('DATA INPUT'!$N$3:$N$8999<6)*'DATA INPUT'!$U$3:$U$8999)/SUMPRODUCT(('DATA INPUT'!$N$3:$N$8999>=5)*('DATA INPUT'!$N$3:$N$8999<6)*'DATA INPUT'!$L$3:$L$8999),0)} -> 0.405 | AA23: {=IFERROR(SUMPRODUCT(('DATA INPUT'!$N$3:$N$8999>=6)*('DATA INPUT'!$N$3:$N$8999<7)*'DATA INPUT'!$U$3:$U$8999)/SUMPRODUCT(('DATA INPUT'!$N$3:$N$8999>=6)*('DATA INPUT'!$N$3:$N$8999<7)*'DATA INPUT'!$L$3:$L$8999),0)} -> -1.052 | AB23: {=IFERROR(SUMPRODUCT(('DATA INPUT'!$N$3:$N$8999>=7)*('DATA INPUT'!$N$3:$N$8999<8)*'DATA INPUT'!$U$3:$U$8999)/SUMPRODUCT(('DATA INPUT'!$N$3:$N$8999>=7)*('DATA INPUT'!$N$3:$N$8999<8)*'DATA INPUT'!$L$3:$L$8999),0)} -> 3.1457143 | AC23: {=IFERROR(SUMPRODUCT(('DATA INPUT'!$N$3:$N$8999>=8)*('DATA INPUT'!$N$3:$N$8999<9)*'DATA INPUT'!$U$3:$U$8999)/SUMPRODUCT(('DATA INPUT'!$N$3:$N$8999>=8)*('DATA INPUT'!$N$3:$N$8999<9)*'DATA INPUT'!$L$3:$L$8999),0)} -> -1 | AD23: {=IFERROR(SUMPRODUCT(('DATA INPUT'!$N$3:$N$8999>=9)*('DATA INPUT'!$N$3:$N$8999<10)*'DATA INPUT'!$U$3:$U$8999)/SUMPRODUCT(('DATA INPUT'!$N$3:$N$8999>=9)*('DATA INPUT'!$N$3:$N$8999<10)*'DATA INPUT'!$L$3:$L$8999),0)} -> -0.22989333 | AE23: {=IFERROR(SUMPRODUCT(('DATA INPUT'!$N$3:$N$8999>=10)*('DATA INPUT'!$N$3:$N$8999<20)*'DATA INPUT'!$U$3:$U$8999)/SUMPRODUCT(('DATA INPUT'!$N$3:$N$8999>=10)*('DATA INPUT'!$N$3:$N$8999<20)*'DATA INPUT'!$L$3:$L$8999),0)} -> -0.19788836 | AF23: {=IFERROR(SUMPRODUCT(('DATA INPUT'!$N$3:$N$8999>=20)*('DATA INPUT'!$N$3:$N$8999<30)*'DATA INPUT'!$U$3:$U$8999)/SUMPRODUCT(('DATA INPUT'!$N$3:$N$8999>=20)*('DATA INPUT'!$N$3:$N$8999<30)*'DATA INPUT'!$L$3:$L$8999),0)} -> -0.056906667 | AG23: {=IFERROR(SUMPRODUCT(('DATA INPUT'!$N$3:$N$8999>=30)*('DATA INPUT'!$N$3:$N$8999<40)*'DATA INPUT'!$U$3:$U$8999)/SUMPRODUCT(('DATA INPUT'!$N$3:$N$8999>=30)*('DATA INPUT'!$N$3:$N$8999<40)*'DATA INPUT'!$L$3:$L$8999),0)} -> 0.57929756 | AH23: {=IFERROR(SUMPRODUCT(('DATA INPUT'!$N$3:$N$8999>=40)*('DATA INPUT'!$N$3:$N$8999<50)*'DATA INPUT'!$U$3:$U$8999)/SUMPRODUCT(('DATA INPUT'!$N$3:$N$8999>=40)*('DATA INPUT'!$N$3:$N$8999<50)*'DATA INPUT'!$L$3:$L$8999),0)} -> 1.0193474 | AI23: {=IFERROR(SUMPRODUCT(('DATA INPUT'!$N$3:$N$8999>=50)*'DATA INPUT'!$U$3:$U$8999)/SUMPRODUCT(('DATA INPUT'!$N$3:$N$8999>=50)*'DATA INPUT'!$L$3:$L$8999),0)} -> -1
A25: Bet Type | B25: Units Invested | C25: Units Collected (Net) | D25: Profit (Net) | E25: POT% | F25: Rated Price | G25: 1-1.99 | H25: 2-2.99 | I25: 3-3.99 | J25: 4-4.99 | K25: 5-5.99 | L25: 6-6.99 | M25: 7-7.99 | N25: 8-8.99 | O25: 9-9.99 | P25: 10-19.99 | Q25: 20-29.99 | R25: 30-39.99 | S25: 40-49.99 | T25: 50+ | U25: Rated Price POT% | V25: 1-1.99 | W25: 2-2.99 | X25: 3-3.99 | Y25: 4-4.99 | Z25: 5-5.99 | AA25: 6-6.99 | AB25: 7-7.99 | AC25: 8-8.99 | AD25: 9-9.99 | AE25: 10-19.99 | AF25: 20-29.99 | AG25: 30-39.99 | AH25: 40-49.99 | AI25: 50+
A27: Win | B27: {=SUMPRODUCT((TRIM('DATA INPUT'!$Q$3:$Q$8999)=$A27)*'DATA INPUT'!$L$3:$L$8999)} -> 147 | C27: =B27+D27 -> 149.10764 | D27: {=SUMPRODUCT((TRIM('DATA INPUT'!$Q$3:$Q$8999)=$A27)*'DATA INPUT'!$U$3:$U$8999)} -> 2.10764 | E27: =IFERROR(D27/B27,0) -> 0.014337687 | G27: {=SUMPRODUCT((TRIM('DATA INPUT'!$Q$3:$Q$8999)=$A27)*('DATA INPUT'!$M$3:$M$8999>=1)*('DATA INPUT'!$M$3:$M$8999<2)*'DATA INPUT'!$U$3:$U$8999)} -> 0 | H27: {=SUMPRODUCT((TRIM('DATA INPUT'!$Q$3:$Q$8999)=$A27)*('DATA INPUT'!$M$3:$M$8999>=2)*('DATA INPUT'!$M$3:$M$8999<3)*'DATA INPUT'!$U$3:$U$8999)} -> 0 | I27: {=SUMPRODUCT((TRIM('DATA INPUT'!$Q$3:$Q$8999)=$A27)*('DATA INPUT'!$M$3:$M$8999>=3)*('DATA INPUT'!$M$3:$M$8999<4)*'DATA INPUT'!$U$3:$U$8999)} -> 0 | J27: {=SUMPRODUCT((TRIM('DATA INPUT'!$Q$3:$Q$8999)=$A27)*('DATA INPUT'!$M$3:$M$8999>=4)*('DATA INPUT'!$M$3:$M$8999<5)*'DATA INPUT'!$U$3:$U$8999)} -> 0 | K27: {=SUMPRODUCT((TRIM('DATA INPUT'!$Q$3:$Q$8999)=$A27)*('DATA INPUT'!$M$3:$M$8999>=5)*('DATA INPUT'!$M$3:$M$8999<6)*'DATA INPUT'!$U$3:$U$8999)} -> 0 | L27: {=SUMPRODUCT((TRIM('DATA INPUT'!$Q$3:$Q$8999)=$A27)*('DATA INPUT'!$M$3:$M$8999>=6)*('DATA INPUT'!$M$3:$M$8999<7)*'DATA INPUT'!$U$3:$U$8999)} -> -0.0588 | M27: {=SUMPRODUCT((TRIM('DATA INPUT'!$Q$3:$Q$8999)=$A27)*('DATA INPUT'!$M$3:$M$8999>=7)*('DATA INPUT'!$M$3:$M$8999<8)*'DATA INPUT'!$U$3:$U$8999)} -> 1.828 | N27: {=SUMPRODUCT((TRIM('DATA INPUT'!$Q$3:$Q$8999)=$A27)*('DATA INPUT'!$M$3:$M$8999>=8)*('DATA INPUT'!$M$3:$M$8999<9)*'DATA INPUT'!$U$3:$U$8999)} -> -6.28 | O27: {=SUMPRODUCT((TRIM('DATA INPUT'!$Q$3:$Q$8999)=$A27)*('DATA INPUT'!$M$3:$M$8999>=9)*('DATA INPUT'!$M$3:$M$8999<10)*'DATA INPUT'!$U$3:$U$8999)} -> -5.87936 | P27: {=SUMPRODUCT((TRIM('DATA INPUT'!$Q$3:$Q$8999)=$A27)*('DATA INPUT'!$M$3:$M$8999>=10)*('DATA INPUT'!$M$3:$M$8999<20)*'DATA INPUT'!$U$3:$U$8999)} -> 21.57 | Q27: {=SUMPRODUCT((TRIM('DATA INPUT'!$Q$3:$Q$8999)=$A27)*('DATA INPUT'!$M$3:$M$8999>=20)*('DATA INPUT'!$M$3:$M$8999<30)*'DATA INPUT'!$U$3:$U$8999)} -> -2.0722 | R27: {=SUMPRODUCT((TRIM('DATA INPUT'!$Q$3:$Q$8999)=$A27)*('DATA INPUT'!$M$3:$M$8999>=30)*('DATA INPUT'!$M$3:$M$8999<40)*'DATA INPUT'!$U$3:$U$8999)} -> -7 | S27: {=SUMPRODUCT((TRIM('DATA INPUT'!$Q$3:$Q$8999)=$A27)*('DATA INPUT'!$M$3:$M$8999>=40)*('DATA INPUT'!$M$3:$M$8999<50)*'DATA INPUT'!$U$3:$U$8999)} -> 0 | T27: {=SUMPRODUCT((TRIM('DATA INPUT'!$Q$3:$Q$8999)=$A27)*('DATA INPUT'!$M$3:$M$8999>=50)*'DATA INPUT'!$U$3:$U$8999)} -> 0 | V27: {=IFERROR(SUMPRODUCT((TRIM('DATA INPUT'!$Q$3:$Q$8999)=$A27)*('DATA INPUT'!$M$3:$M$8999>=1)*('DATA INPUT'!$M$3:$M$8999<2)*'DATA INPUT'!$U$3:$U$8999)/SUMPRODUCT((TRIM('DATA INPUT'!$Q$3:$Q$8999)=$A27)*('DATA INPUT'!$M$3:$M$8999>=1)*('DATA INPUT'!$M$3:$M$8999<2)*'DATA INPUT'!$L$3:$L$8999),0)} -> 0 | W27: {=IFERROR(SUMPRODUCT((TRIM('DATA INPUT'!$Q$3:$Q$8999)=$A27)*('DATA INPUT'!$M$3:$M$8999>=2)*('DATA INPUT'!$M$3:$M$8999<3)*'DATA INPUT'!$U$3:$U$8999)/SUMPRODUCT((TRIM('DATA INPUT'!$Q$3:$Q$8999)=$A27)*('DATA INPUT'!$M$3:$M$8999>=2)*('DATA INPUT'!$M$3:$M$8999<3)*'DATA INPUT'!$L$3:$L$8999),0)} -> 0 | X27: {=IFERROR(SUMPRODUCT((TRIM('DATA INPUT'!$Q$3:$Q$8999)=$A27)*('DATA INPUT'!$M$3:$M$8999>=3)*('DATA INPUT'!$M$3:$M$8999<4)*'DATA INPUT'!$U$3:$U$8999)/SUMPRODUCT((TRIM('DATA INPUT'!$Q$3:$Q$8999)=$A27)*('DATA INPUT'!$M$3:$M$8999>=3)*('DATA INPUT'!$M$3:$M$8999<4)*'DATA INPUT'!$L$3:$L$8999),0)} -> 0 | Y27: {=IFERROR(SUMPRODUCT((TRIM('DATA INPUT'!$Q$3:$Q$8999)=$A27)*('DATA INPUT'!$M$3:$M$8999>=4)*('DATA INPUT'!$M$3:$M$8999<5)*'DATA INPUT'!$U$3:$U$8999)/SUMPRODUCT((TRIM('DATA INPUT'!$Q$3:$Q$8999)=$A27)*('DATA INPUT'!$M$3:$M$8999>=4)*('DATA INPUT'!$M$3:$M$8999<5)*'DATA INPUT'!$L$3:$L$8999),0)} -> 0 | Z27: {=IFERROR(SUMPRODUCT((TRIM('DATA INPUT'!$Q$3:$Q$8999)=$A27)*('DATA INPUT'!$M$3:$M$8999>=5)*('DATA INPUT'!$M$3:$M$8999<6)*'DATA INPUT'!$U$3:$U$8999)/SUMPRODUCT((TRIM('DATA INPUT'!$Q$3:$Q$8999)=$A27)*('DATA INPUT'!$M$3:$M$8999>=5)*('DATA INPUT'!$M$3:$M$8999<6)*'DATA INPUT'!$L$3:$L$8999),0)} -> 0 | AA27: {=IFERROR(SUMPRODUCT((TRIM('DATA INPUT'!$Q$3:$Q$8999)=$A27)*('DATA INPUT'!$M$3:$M$8999>=6)*('DATA INPUT'!$M$3:$M$8999<7)*'DATA INPUT'!$U$3:$U$8999)/SUMPRODUCT((TRIM('DATA INPUT'!$Q$3:$Q$8999)=$A27)*('DATA INPUT'!$M$3:$M$8999>=6)*('DATA INPUT'!$M$3:$M$8999<7)*'DATA INPUT'!$L$3:$L$8999),0)} -> -0.0168 | AB27: {=IFERROR(SUMPRODUCT((TRIM('DATA INPUT'!$Q$3:$Q$8999)=$A27)*('DATA INPUT'!$M$3:$M$8999>=7)*('DATA INPUT'!$M$3:$M$8999<8)*'DATA INPUT'!$U$3:$U$8999)/SUMPRODUCT((TRIM('DATA INPUT'!$Q$3:$Q$8999)=$A27)*('DATA INPUT'!$M$3:$M$8999>=7)*('DATA INPUT'!$M$3:$M$8999<8)*'DATA INPUT'!$L$3:$L$8999),0)} -> 0.914 | AC27: {=IFERROR(SUMPRODUCT((TRIM('DATA INPUT'!$Q$3:$Q$8999)=$A27)*('DATA INPUT'!$M$3:$M$8999>=8)*('DATA INPUT'!$M$3:$M$8999<9)*'DATA INPUT'!$U$3:$U$8999)/SUMPRODUCT((TRIM('DATA INPUT'!$Q$3:$Q$8999)=$A27)*('DATA INPUT'!$M$3:$M$8999>=8)*('DATA INPUT'!$M$3:$M$8999<9)*'DATA INPUT'!$L$3:$L$8999),0)} -> -0.57090909 | AD27: {=IFERROR(SUMPRODUCT((TRIM('DATA INPUT'!$Q$3:$Q$8999)=$A27)*('DATA INPUT'!$M$3:$M$8999>=9)*('DATA INPUT'!$M$3:$M$8999<10)*'DATA INPUT'!$U$3:$U$8999)/SUMPRODUCT((TRIM('DATA INPUT'!$Q$3:$Q$8999)=$A27)*('DATA INPUT'!$M$3:$M$8999>=9)*('DATA INPUT'!$M$3:$M$8999<10)*'DATA INPUT'!$L$3:$L$8999),0)} -> -0.55993905 | AE27: {=IFERROR(SUMPRODUCT((TRIM('DATA INPUT'!$Q$3:$Q$8999)=$A27)*('DATA INPUT'!$M$3:$M$8999>=10)*('DATA INPUT'!$M$3:$M$8999<20)*'DATA INPUT'!$U$3:$U$8999)/SUMPRODUCT((TRIM('DATA INPUT'!$Q$3:$Q$8999)=$A27)*('DATA INPUT'!$M$3:$M$8999>=10)*('DATA INPUT'!$M$3:$M$8999<20)*'DATA INPUT'!$L$3:$L$8999),0)} -> 0.2895302 | AF27: {=IFERROR(SUMPRODUCT((TRIM('DATA INPUT'!$Q$3:$Q$8999)=$A27)*('DATA INPUT'!$M$3:$M$8999>=20)*('DATA INPUT'!$M$3:$M$8999<30)*'DATA INPUT'!$U$3:$U$8999)/SUMPRODUCT((TRIM('DATA INPUT'!$Q$3:$Q$8999)=$A27)*('DATA INPUT'!$M$3:$M$8999>=20)*('DATA INPUT'!$M$3:$M$8999<30)*'DATA INPUT'!$L$3:$L$8999),0)} -> -0.053823377 | AG27: {=IFERROR(SUMPRODUCT((TRIM('DATA INPUT'!$Q$3:$Q$8999)=$A27)*('DATA INPUT'!$M$3:$M$8999>=30)*('DATA INPUT'!$M$3:$M$8999<40)*'DATA INPUT'!$U$3:$U$8999)/SUMPRODUCT((TRIM('DATA INPUT'!$Q$3:$Q$8999)=$A27)*('DATA INPUT'!$M$3:$M$8999>=30)*('DATA INPUT'!$M$3:$M$8999<40)*'DATA INPUT'!$L$3:$L$8999),0)} -> -1 | AH27: {=IFERROR(SUMPRODUCT((TRIM('DATA INPUT'!$Q$3:$Q$8999)=$A27)*('DATA INPUT'!$M$3:$M$8999>=40)*('DATA INPUT'!$M$3:$M$8999<50)*'DATA INPUT'!$U$3:$U$8999)/SUMPRODUCT((TRIM('DATA INPUT'!$Q$3:$Q$8999)=$A27)*('DATA INPUT'!$M$3:$M$8999>=40)*('DATA INPUT'!$M$3:$M$8999<50)*'DATA INPUT'!$L$3:$L$8999),0)} -> 0 | AI27: {=IFERROR(SUMPRODUCT((TRIM('DATA INPUT'!$Q$3:$Q$8999)=$A27)*('DATA INPUT'!$M$3:$M$8999>=50)*'DATA INPUT'!$U$3:$U$8999)/SUMPRODUCT((TRIM('DATA INPUT'!$Q$3:$Q$8999)=$A27)*('DATA INPUT'!$M$3:$M$8999>=50)*'DATA INPUT'!$L$3:$L$8999),0)} -> 0
A28: Place | B28: {=SUMPRODUCT((TRIM('DATA INPUT'!$Q$3:$Q$8999)=$A28)*'DATA INPUT'!$L$3:$L$8999)} -> 4 | C28: =B28+D28 -> 4.82904 | D28: {=SUMPRODUCT((TRIM('DATA INPUT'!$Q$3:$Q$8999)=$A28)*'DATA INPUT'!$U$3:$U$8999)} -> 0.82904 | E28: =IFERROR(D28/B28,0) -> 0.20726 | G28: {=SUMPRODUCT((TRIM('DATA INPUT'!$Q$3:$Q$8999)=$A28)*('DATA INPUT'!$M$3:$M$8999>=1)*('DATA INPUT'!$M$3:$M$8999<2)*'DATA INPUT'!$U$3:$U$8999)} -> 0 | H28: {=SUMPRODUCT((TRIM('DATA INPUT'!$Q$3:$Q$8999)=$A28)*('DATA INPUT'!$M$3:$M$8999>=2)*('DATA INPUT'!$M$3:$M$8999<3)*'DATA INPUT'!$U$3:$U$8999)} -> 0.644 | I28: {=SUMPRODUCT((TRIM('DATA INPUT'!$Q$3:$Q$8999)=$A28)*('DATA INPUT'!$M$3:$M$8999>=3)*('DATA INPUT'!$M$3:$M$8999<4)*'DATA INPUT'!$U$3:$U$8999)} -> -0.4 | J28: {=SUMPRODUCT((TRIM('DATA INPUT'!$Q$3:$Q$8999)=$A28)*('DATA INPUT'!$M$3:$M$8999>=4)*('DATA INPUT'!$M$3:$M$8999<5)*'DATA INPUT'!$U$3:$U$8999)} -> 0.66104 | K28: {=SUMPRODUCT((TRIM('DATA INPUT'!$Q$3:$Q$8999)=$A28)*('DATA INPUT'!$M$3:$M$8999>=5)*('DATA INPUT'!$M$3:$M$8999<6)*'DATA INPUT'!$U$3:$U$8999)} -> 0.524 | L28: {=SUMPRODUCT((TRIM('DATA INPUT'!$Q$3:$Q$8999)=$A28)*('DATA INPUT'!$M$3:$M$8999>=6)*('DATA INPUT'!$M$3:$M$8999<7)*'DATA INPUT'!$U$3:$U$8999)} -> -0.2 | M28: {=SUMPRODUCT((TRIM('DATA INPUT'!$Q$3:$Q$8999)=$A28)*('DATA INPUT'!$M$3:$M$8999>=7)*('DATA INPUT'!$M$3:$M$8999<8)*'DATA INPUT'!$U$3:$U$8999)} -> -0.4 | N28: {=SUMPRODUCT((TRIM('DATA INPUT'!$Q$3:$Q$8999)=$A28)*('DATA INPUT'!$M$3:$M$8999>=8)*('DATA INPUT'!$M$3:$M$8999<9)*'DATA INPUT'!$U$3:$U$8999)} -> 0 | O28: {=SUMPRODUCT((TRIM('DATA INPUT'!$Q$3:$Q$8999)=$A28)*('DATA INPUT'!$M$3:$M$8999>=9)*('DATA INPUT'!$M$3:$M$8999<10)*'DATA INPUT'!$U$3:$U$8999)} -> 0 | P28: {=SUMPRODUCT((TRIM('DATA INPUT'!$Q$3:$Q$8999)=$A28)*('DATA INPUT'!$M$3:$M$8999>=10)*('DATA INPUT'!$M$3:$M$8999<20)*'DATA INPUT'!$U$3:$U$8999)} -> 0 | Q28: {=SUMPRODUCT((TRIM('DATA INPUT'!$Q$3:$Q$8999)=$A28)*('DATA INPUT'!$M$3:$M$8999>=20)*('DATA INPUT'!$M$3:$M$8999<30)*'DATA INPUT'!$U$3:$U$8999)} -> 0 | R28: {=SUMPRODUCT((TRIM('DATA INPUT'!$Q$3:$Q$8999)=$A28)*('DATA INPUT'!$M$3:$M$8999>=30)*('DATA INPUT'!$M$3:$M$8999<40)*'DATA INPUT'!$U$3:$U$8999)} -> 0 | S28: {=SUMPRODUCT((TRIM('DATA INPUT'!$Q$3:$Q$8999)=$A28)*('DATA INPUT'!$M$3:$M$8999>=40)*('DATA INPUT'!$M$3:$M$8999<50)*'DATA INPUT'!$U$3:$U$8999)} -> 0 | T28: {=SUMPRODUCT((TRIM('DATA INPUT'!$Q$3:$Q$8999)=$A28)*('DATA INPUT'!$M$3:$M$8999>=50)*'DATA INPUT'!$U$3:$U$8999)} -> 0 | V28: {=IFERROR(SUMPRODUCT((TRIM('DATA INPUT'!$Q$3:$Q$8999)=$A28)*('DATA INPUT'!$M$3:$M$8999>=1)*('DATA INPUT'!$M$3:$M$8999<2)*'DATA INPUT'!$U$3:$U$8999)/SUMPRODUCT((TRIM('DATA INPUT'!$Q$3:$Q$8999)=$A28)*('DATA INPUT'!$M$3:$M$8999>=1)*('DATA INPUT'!$M$3:$M$8999<2)*'DATA INPUT'!$L$3:$L$8999),0)} -> 0 | W28: {=IFERROR(SUMPRODUCT((TRIM('DATA INPUT'!$Q$3:$Q$8999)=$A28)*('DATA INPUT'!$M$3:$M$8999>=2)*('DATA INPUT'!$M$3:$M$8999<3)*'DATA INPUT'!$U$3:$U$8999)/SUMPRODUCT((TRIM('DATA INPUT'!$Q$3:$Q$8999)=$A28)*('DATA INPUT'!$M$3:$M$8999>=2)*('DATA INPUT'!$M$3:$M$8999<3)*'DATA INPUT'!$L$3:$L$8999),0)} -> 0.644 | X28: {=IFERROR(SUMPRODUCT((TRIM('DATA INPUT'!$Q$3:$Q$8999)=$A28)*('DATA INPUT'!$M$3:$M$8999>=3)*('DATA INPUT'!$M$3:$M$8999<4)*'DATA INPUT'!$U$3:$U$8999)/SUMPRODUCT((TRIM('DATA INPUT'!$Q$3:$Q$8999)=$A28)*('DATA INPUT'!$M$3:$M$8999>=3)*('DATA INPUT'!$M$3:$M$8999<4)*'DATA INPUT'!$L$3:$L$8999),0)} -> -1 | Y28: {=IFERROR(SUMPRODUCT((TRIM('DATA INPUT'!$Q$3:$Q$8999)=$A28)*('DATA INPUT'!$M$3:$M$8999>=4)*('DATA INPUT'!$M$3:$M$8999<5)*'DATA INPUT'!$U$3:$U$8999)/SUMPRODUCT((TRIM('DATA INPUT'!$Q$3:$Q$8999)=$A28)*('DATA INPUT'!$M$3:$M$8999>=4)*('DATA INPUT'!$M$3:$M$8999<5)*'DATA INPUT'!$L$3:$L$8999),0)} -> 0.47217143 | Z28: {=IFERROR(SUMPRODUCT((TRIM('DATA INPUT'!$Q$3:$Q$8999)=$A28)*('DATA INPUT'!$M$3:$M$8999>=5)*('DATA INPUT'!$M$3:$M$8999<6)*'DATA INPUT'!$U$3:$U$8999)/SUMPRODUCT((TRIM('DATA INPUT'!$Q$3:$Q$8999)=$A28)*('DATA INPUT'!$M$3:$M$8999>=5)*('DATA INPUT'!$M$3:$M$8999<6)*'DATA INPUT'!$L$3:$L$8999),0)} -> 0.87333333 | AA28: {=IFERROR(SUMPRODUCT((TRIM('DATA INPUT'!$Q$3:$Q$8999)=$A28)*('DATA INPUT'!$M$3:$M$8999>=6)*('DATA INPUT'!$M$3:$M$8999<7)*'DATA INPUT'!$U$3:$U$8999)/SUMPRODUCT((TRIM('DATA INPUT'!$Q$3:$Q$8999)=$A28)*('DATA INPUT'!$M$3:$M$8999>=6)*('DATA INPUT'!$M$3:$M$8999<7)*'DATA INPUT'!$L$3:$L$8999),0)} -> -1 | AB28: {=IFERROR(SUMPRODUCT((TRIM('DATA INPUT'!$Q$3:$Q$8999)=$A28)*('DATA INPUT'!$M$3:$M$8999>=7)*('DATA INPUT'!$M$3:$M$8999<8)*'DATA INPUT'!$U$3:$U$8999)/SUMPRODUCT((TRIM('DATA INPUT'!$Q$3:$Q$8999)=$A28)*('DATA INPUT'!$M$3:$M$8999>=7)*('DATA INPUT'!$M$3:$M$8999<8)*'DATA INPUT'!$L$3:$L$8999),0)} -> -1 | AC28: {=IFERROR(SUMPRODUCT((TRIM('DATA INPUT'!$Q$3:$Q$8999)=$A28)*('DATA INPUT'!$M$3:$M$8999>=8)*('DATA INPUT'!$M$3:$M$8999<9)*'DATA INPUT'!$U$3:$U$8999)/SUMPRODUCT((TRIM('DATA INPUT'!$Q$3:$Q$8999)=$A28)*('DATA INPUT'!$M$3:$M$8999>=8)*('DATA INPUT'!$M$3:$M$8999<9)*'DATA INPUT'!$L$3:$L$8999),0)} -> 0 | AD28: {=IFERROR(SUMPRODUCT((TRIM('DATA INPUT'!$Q$3:$Q$8999)=$A28)*('DATA INPUT'!$M$3:$M$8999>=9)*('DATA INPUT'!$M$3:$M$8999<10)*'DATA INPUT'!$U$3:$U$8999)/SUMPRODUCT((TRIM('DATA INPUT'!$Q$3:$Q$8999)=$A28)*('DATA INPUT'!$M$3:$M$8999>=9)*('DATA INPUT'!$M$3:$M$8999<10)*'DATA INPUT'!$L$3:$L$8999),0)} -> 0 | AE28: {=IFERROR(SUMPRODUCT((TRIM('DATA INPUT'!$Q$3:$Q$8999)=$A28)*('DATA INPUT'!$M$3:$M$8999>=10)*('DATA INPUT'!$M$3:$M$8999<20)*'DATA INPUT'!$U$3:$U$8999)/SUMPRODUCT((TRIM('DATA INPUT'!$Q$3:$Q$8999)=$A28)*('DATA INPUT'!$M$3:$M$8999>=10)*('DATA INPUT'!$M$3:$M$8999<20)*'DATA INPUT'!$L$3:$L$8999),0)} -> 0 | AF28: {=IFERROR(SUMPRODUCT((TRIM('DATA INPUT'!$Q$3:$Q$8999)=$A28)*('DATA INPUT'!$M$3:$M$8999>=20)*('DATA INPUT'!$M$3:$M$8999<30)*'DATA INPUT'!$U$3:$U$8999)/SUMPRODUCT((TRIM('DATA INPUT'!$Q$3:$Q$8999)=$A28)*('DATA INPUT'!$M$3:$M$8999>=20)*('DATA INPUT'!$M$3:$M$8999<30)*'DATA INPUT'!$L$3:$L$8999),0)} -> 0 | AG28: {=IFERROR(SUMPRODUCT((TRIM('DATA INPUT'!$Q$3:$Q$8999)=$A28)*('DATA INPUT'!$M$3:$M$8999>=30)*('DATA INPUT'!$M$3:$M$8999<40)*'DATA INPUT'!$U$3:$U$8999)/SUMPRODUCT((TRIM('DATA INPUT'!$Q$3:$Q$8999)=$A28)*('DATA INPUT'!$M$3:$M$8999>=30)*('DATA INPUT'!$M$3:$M$8999<40)*'DATA INPUT'!$L$3:$L$8999),0)} -> 0 | AH28: {=IFERROR(SUMPRODUCT((TRIM('DATA INPUT'!$Q$3:$Q$8999)=$A28)*('DATA INPUT'!$M$3:$M$8999>=40)*('DATA INPUT'!$M$3:$M$8999<50)*'DATA INPUT'!$U$3:$U$8999)/SUMPRODUCT((TRIM('DATA INPUT'!$Q$3:$Q$8999)=$A28)*('DATA INPUT'!$M$3:$M$8999>=40)*('DATA INPUT'!$M$3:$M$8999<50)*'DATA INPUT'!$L$3:$L$8999),0)} -> 0 | AI28: {=IFERROR(SUMPRODUCT((TRIM('DATA INPUT'!$Q$3:$Q$8999)=$A28)*('DATA INPUT'!$M$3:$M$8999>=50)*'DATA INPUT'!$U$3:$U$8999)/SUMPRODUCT((TRIM('DATA INPUT'!$Q$3:$Q$8999)=$A28)*('DATA INPUT'!$M$3:$M$8999>=50)*'DATA INPUT'!$L$3:$L$8999),0)} -> 0
A30: Grand Total | B30: =SUM(B27:B28) -> 151 | C30: =SUM(C27:C28) -> 153.93668 | D30: =SUM(D27:D28) -> 2.93668 | E30: =IFERROR(D30/B30,0) -> 0.019448212 | G30: =SUM(G27:G28) -> 0 | H30: =SUM(H27:H28) -> 0.644 | I30: =SUM(I27:I28) -> -0.4 | J30: =SUM(J27:J28) -> 0.66104 | K30: =SUM(K27:K28) -> 0.524 | L30: =SUM(L27:L28) -> -0.2588 | M30: =SUM(M27:M28) -> 1.428 | N30: =SUM(N27:N28) -> -6.28 | ... T30: =SUM(T27:T28) -> 0 | V30: {=IFERROR(SUMPRODUCT(((TRIM('DATA INPUT'!$Q$3:$Q$8999)="Win")+(TRIM('DATA INPUT'!$Q$3:$Q$8999)="Place"))*('DATA INPUT'!$M$3:$M$8999>=1)*('DATA INPUT'!$M$3:$M$8999<2)*'DATA INPUT'!$U$3:$U$8999)/SUMPRODUCT(((TRIM('DATA INPUT'!$Q$3:$Q$8999)="Win")+(TRIM('DATA INPUT'!$Q$3:$Q$8999)="Place"))*('DATA INPUT'!$M$3:$M$8999>=1)*('DATA INPUT'!$M$3:$M$8999<2)*'DATA INPUT'!$L$3:$L$8999),0)} -> 0 | W30: {=IFERROR(SUMPRODUCT(((TRIM('DATA INPUT'!$Q$3:$Q$8999)="Win")+(TRIM('DATA INPUT'!$Q$3:$Q$8999)="Place"))*('DATA INPUT'!$M$3:$M$8999>=2)*('DATA INPUT'!$M$3:$M$8999<3)*'DATA INPUT'!$U$3:$U$8999)/SUMPRODUCT(((TRIM('DATA INPUT'!$Q$3:$Q$8999)="Win")+(TRIM('DATA INPUT'!$Q$3:$Q$8999)="Place"))*('DATA INPUT'!$M$3:$M$8999>=2)*('DATA INPUT'!$M$3:$M$8999<3)*'DATA INPUT'!$L$3:$L$8999),0)} -> 0.644 | X30: {=IFERROR(SUMPRODUCT(((TRIM('DATA INPUT'!$Q$3:$Q$8999)="Win")+(TRIM('DATA INPUT'!$Q$3:$Q$8999)="Place"))*('DATA INPUT'!$M$3:$M$8999>=3)*('DATA INPUT'!$M$3:$M$8999<4)*'DATA INPUT'!$U$3:$U$8999)/SUMPRODUCT(((TRIM('DATA INPUT'!$Q$3:$Q$8999)="Win")+(TRIM('DATA INPUT'!$Q$3:$Q$8999)="Place"))*('DATA INPUT'!$M$3:$M$8999>=3)*('DATA INPUT'!$M$3:$M$8999<4)*'DATA INPUT'!$L$3:$L$8999),0)} -> -1 | Y30: {=IFERROR(SUMPRODUCT(((TRIM('DATA INPUT'!$Q$3:$Q$8999)="Win")+(TRIM('DATA INPUT'!$Q$3:$Q$8999)="Place"))*('DATA INPUT'!$M$3:$M$8999>=4)*('DATA INPUT'!$M$3:$M$8999<5)*'DATA INPUT'!$U$3:$U$8999)/SUMPRODUCT(((TRIM('DATA INPUT'!$Q$3:$Q$8999)="Win")+(TRIM('DATA INPUT'!$Q$3:$Q$8999)="Place"))*('DATA INPUT'!$M$3:$M$8999>=4)*('DATA INPUT'!$M$3:$M$8999<5)*'DATA INPUT'!$L$3:$L$8999),0)} -> 0.47217143 | Z30: {=IFERROR(SUMPRODUCT(((TRIM('DATA INPUT'!$Q$3:$Q$8999)="Win")+(TRIM('DATA INPUT'!$Q$3:$Q$8999)="Place"))*('DATA INPUT'!$M$3:$M$8999>=5)*('DATA INPUT'!$M$3:$M$8999<6)*'DATA INPUT'!$U$3:$U$8999)/SUMPRODUCT(((TRIM('DATA INPUT'!$Q$3:$Q$8999)="Win")+(TRIM('DATA INPUT'!$Q$3:$Q$8999)="Place"))*('DATA INPUT'!$M$3:$M$8999>=5)*('DATA INPUT'!$M$3:$M$8999<6)*'DATA INPUT'!$L$3:$L$8999),0)} -> 0.87333333 | AA30: {=IFERROR(SUMPRODUCT(((TRIM('DATA INPUT'!$Q$3:$Q$8999)="Win")+(TRIM('DATA INPUT'!$Q$3:$Q$8999)="Place"))*('DATA INPUT'!$M$3:$M$8999>=6)*('DATA INPUT'!$M$3:$M$8999<7)*'DATA INPUT'!$U$3:$U$8999)/SUMPRODUCT(((TRIM('DATA INPUT'!$Q$3:$Q$8999)="Win")+(TRIM('DATA INPUT'!$Q$3:$Q$8999)="Place"))*('DATA INPUT'!$M$3:$M$8999>=6)*('DATA INPUT'!$M$3:$M$8999<7)*'DATA INPUT'!$L$3:$L$8999),0)} -> -0.069945946 | AB30: {=IFERROR(SUMPRODUCT(((TRIM('DATA INPUT'!$Q$3:$Q$8999)="Win")+(TRIM('DATA INPUT'!$Q$3:$Q$8999)="Place"))*('DATA INPUT'!$M$3:$M$8999>=7)*('DATA INPUT'!$M$3:$M$8999<8)*'DATA INPUT'!$U$3:$U$8999)/SUMPRODUCT(((TRIM('DATA INPUT'!$Q$3:$Q$8999)="Win")+(TRIM('DATA INPUT'!$Q$3:$Q$8999)="Place"))*('DATA INPUT'!$M$3:$M$8999>=7)*('DATA INPUT'!$M$3:$M$8999<8)*'DATA INPUT'!$L$3:$L$8999),0)} -> 0.595 | AC30: {=IFERROR(SUMPRODUCT(((TRIM('DATA INPUT'!$Q$3:$Q$8999)="Win")+(TRIM('DATA INPUT'!$Q$3:$Q$8999)="Place"))*('DATA INPUT'!$M$3:$M$8999>=8)*('DATA INPUT'!$M$3:$M$8999<9)*'DATA INPUT'!$U$3:$U$8999)/SUMPRODUCT(((TRIM('DATA INPUT'!$Q$3:$Q$8999)="Win")+(TRIM('DATA INPUT'!$Q$3:$Q$8999)="Place"))*('DATA INPUT'!$M$3:$M$8999>=8)*('DATA INPUT'!$M$3:$M$8999<9)*'DATA INPUT'!$L$3:$L$8999),0)} -> -0.57090909 | AD30: {=IFERROR(SUMPRODUCT(((TRIM('DATA INPUT'!$Q$3:$Q$8999)="Win")+(TRIM('DATA INPUT'!$Q$3:$Q$8999)="Place"))*('DATA INPUT'!$M$3:$M$8999>=9)*('DATA INPUT'!$M$3:$M$8999<10)*'DATA INPUT'!$U$3:$U$8999)/SUMPRODUCT(((TRIM('DATA INPUT'!$Q$3:$Q$8999)="Win")+(TRIM('DATA INPUT'!$Q$3:$Q$8999)="Place"))*('DATA INPUT'!$M$3:$M$8999>=9)*('DATA INPUT'!$M$3:$M$8999<10)*'DATA INPUT'!$L$3:$L$8999),0)} -> -0.55993905 | AE30: {=IFERROR(SUMPRODUCT(((TRIM('DATA INPUT'!$Q$3:$Q$8999)="Win")+(TRIM('DATA INPUT'!$Q$3:$Q$8999)="Place"))*('DATA INPUT'!$M$3:$M$8999>=10)*('DATA INPUT'!$M$3:$M$8999<20)*'DATA INPUT'!$U$3:$U$8999)/SUMPRODUCT(((TRIM('DATA INPUT'!$Q$3:$Q$8999)="Win")+(TRIM('DATA INPUT'!$Q$3:$Q$8999)="Place"))*('DATA INPUT'!$M$3:$M$8999>=10)*('DATA INPUT'!$M$3:$M$8999<20)*'DATA INPUT'!$L$3:$L$8999),0)} -> 0.2895302 | AF30: {=IFERROR(SUMPRODUCT(((TRIM('DATA INPUT'!$Q$3:$Q$8999)="Win")+(TRIM('DATA INPUT'!$Q$3:$Q$8999)="Place"))*('DATA INPUT'!$M$3:$M$8999>=20)*('DATA INPUT'!$M$3:$M$8999<30)*'DATA INPUT'!$U$3:$U$8999)/SUMPRODUCT(((TRIM('DATA INPUT'!$Q$3:$Q$8999)="Win")+(TRIM('DATA INPUT'!$Q$3:$Q$8999)="Place"))*('DATA INPUT'!$M$3:$M$8999>=20)*('DATA INPUT'!$M$3:$M$8999<30)*'DATA INPUT'!$L$3:$L$8999),0)} -> -0.053823377 | AG30: {=IFERROR(SUMPRODUCT(((TRIM('DATA INPUT'!$Q$3:$Q$8999)="Win")+(TRIM('DATA INPUT'!$Q$3:$Q$8999)="Place"))*('DATA INPUT'!$M$3:$M$8999>=30)*('DATA INPUT'!$M$3:$M$8999<40)*'DATA INPUT'!$U$3:$U$8999)/SUMPRODUCT(((TRIM('DATA INPUT'!$Q$3:$Q$8999)="Win")+(TRIM('DATA INPUT'!$Q$3:$Q$8999)="Place"))*('DATA INPUT'!$M$3:$M$8999>=30)*('DATA INPUT'!$M$3:$M$8999<40)*'DATA INPUT'!$L$3:$L$8999),0)} -> -1 | AH30: {=IFERROR(SUMPRODUCT(((TRIM('DATA INPUT'!$Q$3:$Q$8999)="Win")+(TRIM('DATA INPUT'!$Q$3:$Q$8999)="Place"))*('DATA INPUT'!$M$3:$M$8999>=40)*('DATA INPUT'!$M$3:$M$8999<50)*'DATA INPUT'!$U$3:$U$8999)/SUMPRODUCT(((TRIM('DATA INPUT'!$Q$3:$Q$8999)="Win")+(TRIM('DATA INPUT'!$Q$3:$Q$8999)="Place"))*('DATA INPUT'!$M$3:$M$8999>=40)*('DATA INPUT'!$M$3:$M$8999<50)*'DATA INPUT'!$L$3:$L$8999),0)} -> 0 | AI30: {=IFERROR(SUMPRODUCT(((TRIM('DATA INPUT'!$Q$3:$Q$8999)="Win")+(TRIM('DATA INPUT'!$Q$3:$Q$8999)="Place"))*('DATA INPUT'!$M$3:$M$8999>=50)*'DATA INPUT'!$U$3:$U$8999)/SUMPRODUCT(((TRIM('DATA INPUT'!$Q$3:$Q$8999)="Win")+(TRIM('DATA INPUT'!$Q$3:$Q$8999)="Place"))*('DATA INPUT'!$M$3:$M$8999>=50)*'DATA INPUT'!$L$3:$L$8999),0)} -> 0
A32: I have been wagering full-time for many years and spend my spare time regularly testing market strategies that outperform Betfair SP, which is an extremely efficient market long-term. I use a data analyst and AI to run factor tests over very large data sets with significant sample sizes.
A33: In my database I have over 800,000 runners, with all the form factors you could possibly imagine, and every track is geographically mapped to store the day's wind direction. Another part of my analysis is assessing several ratings providers and running all the form factors through their pricing to see where they are strong and where they are weak, whilst also assessing which price increments are performing the best. Due to the POC taxes, a lot of value has been stripped out of the shorter end of the market. The AI & data analysis clearly shows that the value in the marketplace is backing runners at bigger odds.
A34: I have thoroughly tested level staking against proportional unit betting, and level staking backing runners at bigger odds continually provides the best long-term results. What this means though, is the betting becomes somewhat volatile, as we are staking the most in a price range that doesn't win as often, but it produces the highest overall profit and POT% long term.
A35: The machine learning capabilities of our AI does the form and pricing the same way for all states, and it has identified that track ratings are very important. Heavy tracks are showing up with negative betting outcomes across Metropolitan racing in all states. I prefer to eliminate losing factors and hence will avoid betting on heavy tracks until the data suggests otherwise.
A36: I am pleased with the 2026 so far for VIC Tips with +127.2 units profit at 16.8% POT. However I will be making some amendments to dramatically improve the services going forward.
A37: From 1 September 2026, I intend to offer 2 services:
A38: First the VIC Tips service of which you are currently a member, will expand into VIC & SA TIPS. Not only will you soon receive SA Tips on top of the VIC tips, but the service will now cover all metropolitan racing, not just Saturdays, but also Wednesdays and any other major metropolitan, holiday or carnival meeting, for the same price.
A39: Additionally, there will be a new service available covering NSW & QLD TIPS, again for all Metropolitan races; Saturdays, Wednesdays and any other metropolitan, holiday or carnival meeting.
A40: Our analysis is showing very strong results in VIC, SA & QLD on Good & Soft tracks and in NSW on Good tracks. Hence the tips will reflect this, until my data tells me otherwise.
A41: Below is a summary of the historical performance over the past 19 months of the proposed betting methods.

Sheet Weekly Profit
A1: Weekly Profit | B1: Track | C1: Units Invested | D1: Units Collected (Net) | E1: Profit (Net) | F1: POT%
A2: {=IFERROR(_xlfn.LET(_xlpm.d,_xlfn._xlws.FILTER('DATA INPUT'!$A$3:$A$8999,ISNUMBER('DATA INPUT'!$A$3:$A$8999)),_xlpm.mn,MIN(_xlpm.d),_xlpm.mx,MAX(_xlpm.d),_xlpm.firstSat,_xlpm.mn+MOD(6-WEEKDAY(_xlpm.mn,2),7),_xlpm.latestSat,_xlpm.mx+MOD(6-WEEKDAY(_xlpm.mx,2),7),MAX(_xlpm.firstSat,_xlpm.latestSat-41*7)),"")} -> 46270 | B2: {=IF(COUNTIFS('DATA INPUT'!$A$3:$A$8999,">="&$A2-6,'DATA INPUT'!$A$3:$A$8999,"<="&$A2)=0,"",IFERROR(_xlfn.TEXTJOIN(", ",TRUE,_xlfn.UNIQUE(_xlfn._xlws.FILTER(TRIM('DATA INPUT'!$H$3:$H$8999),('DATA INPUT'!$A$3:$A$8999>=$A2-6)*('DATA INPUT'!$A$3:$A$8999<=$A2)*(TRIM('DATA INPUT'!$H$3:$H$8999)<>""),""))),""))} -> Warwick Farm, Eagle Farm, Randwick | C2: =IF(COUNTIFS('DATA INPUT'!$A$3:$A$8999,">="&$A2-6,'DATA INPUT'!$A$3:$A$8999,"<="&$A2)=0,"",SUMIFS('DATA INPUT'!$L$3:$L$8999,'DATA INPUT'!$A$3:$A$8999,">="&$A2-6,'DATA INPUT'!$A$3:$A$8999,"<="&$A2)) -> 26.5 | D2: =IF(C2="","",C2+E2) -> 3.828 | E2: =IF(COUNTIFS('DATA INPUT'!$A$3:$A$8999,">="&$A2-6,'DATA INPUT'!$A$3:$A$8999,"<="&$A2)=0,"",SUMIFS('DATA INPUT'!$U$3:$U$8999,'DATA INPUT'!$A$3:$A$8999,">="&$A2-6,'DATA INPUT'!$A$3:$A$8999,"<="&$A2)) -> -22.672 | F2: =IF(C2="","",IFERROR(E2/C2,0)) -> -0.85554717
A3: =IF(A2="","",A2+7) -> 46277 | B3: {=IF(COUNTIFS('DATA INPUT'!$A$3:$A$8999,">="&$A3-6,'DATA INPUT'!$A$3:$A$8999,"<="&$A3)=0,"",IFERROR(_xlfn.TEXTJOIN(", ",TRUE,_xlfn.UNIQUE(_xlfn._xlws.FILTER(TRIM('DATA INPUT'!$H$3:$H$8999),('DATA INPUT'!$A$3:$A$8999>=$A3-6)*('DATA INPUT'!$A$3:$A$8999<=$A3)*(TRIM('DATA INPUT'!$H$3:$H$8999)<>""),""))),""))} -> Doomben, Rosehill | C3: =IF(COUNTIFS('DATA INPUT'!$A$3:$A$8999,">="&$A3-6,'DATA INPUT'!$A$3:$A$8999,"<="&$A3)=0,"",SUMIFS('DATA INPUT'!$L$3:$L$8999,'DATA INPUT'!$A$3:$A$8999,">="&$A3-6,'DATA INPUT'!$A$3:$A$8999,"<="&$A3)) -> 21 | D3: =IF(C3="","",C3+E3) -> 40.2724 | E3: =IF(COUNTIFS('DATA INPUT'!$A$3:$A$8999,">="&$A3-6,'DATA INPUT'!$A$3:$A$8999,"<="&$A3)=0,"",SUMIFS('DATA INPUT'!$U$3:$U$8999,'DATA INPUT'!$A$3:$A$8999,">="&$A3-6,'DATA INPUT'!$A$3:$A$8999,"<="&$A3)) -> 19.2724 | F3: =IF(C3="","",IFERROR(E3/C3,0)) -> 0.91773333
A4: =IF(A3="","",A3+7) -> 46284 | B4: {=IF(COUNTIFS('DATA INPUT'!$A$3:$A$8999,">="&$A4-6,'DATA INPUT'!$A$3:$A$8999,"<="&$A4)=0,"",IFERROR(_xlfn.TEXTJOIN(", ",TRUE,_xlfn.UNIQUE(_xlfn._xlws.FILTER(TRIM('DATA INPUT'!$H$3:$H$8999),('DATA INPUT'!$A$3:$A$8999>=$A4-6)*('DATA INPUT'!$A$3:$A$8999<=$A4)*(TRIM('DATA INPUT'!$H$3:$H$8999)<>""),""))),""))} -> Doomben, Canterbury, Randwick, Eagle Farm | C4: =IF(COUNTIFS('DATA INPUT'!$A$3:$A$8999,">="&$A4-6,'DATA INPUT'!$A$3:$A$8999,"<="&$A4)=0,"",SUMIFS('DATA INPUT'!$L$3:$L$8999,'DATA INPUT'!$A$3:$A$8999,">="&$A4-6,'DATA INPUT'!$A$3:$A$8999,"<="&$A4)) -> 19 | D4: =IF(C4="","",C4+E4) -> 16.461 | E4: =IF(COUNTIFS('DATA INPUT'!$A$3:$A$8999,">="&$A4-6,'DATA INPUT'!$A$3:$A$8999,"<="&$A4)=0,"",SUMIFS('DATA INPUT'!$U$3:$U$8999,'DATA INPUT'!$A$3:$A$8999,">="&$A4-6,'DATA INPUT'!$A$3:$A$8999,"<="&$A4)) -> -2.539 | F4: =IF(C4="","",IFERROR(E4/C4,0)) -> -0.13363158
